 Dungeon Crawl Stone Soup version 0.31-a0-956-g43d22bd (webtiles) character file.

Game seed: 10675371223407467519

678719 ritt the Pyromancer (level 27, -6/138 HPs)
             Began as a Deep Elf Conjurer on Oct 21, 2023.
             Was the Champion of Sif Muna.
             Killed by a guardian mummy's death curse (10 damage)
             ... on level 19 of a ziggurat on Oct 22, 2023.
             The game lasted 03:43:37 (56034 turns).

ritt the Pyromancer (Deep Elf Conjurer)            Turns: 56034, Time: 03:43:38

Health: -6/138     AC:  9    Str:  7    XL:     27
Magic:  32/60      EV: 18    Int: 45    God:    Sif Muna [******]
Gold:   3170       SH:  0    Dex: 13    Spells: 5/70 levels left

rFire   + + +        e - staff "Fotiepp" {rElec rC- Str+3 Int+3 Conj}
rCold   x . .        D - orb {mayhem}
rNeg    + . .        h - +0 toga "Victory" {*Victory Clar}
rPois   +            b - +1 helmet of Elitism {Contam Rampage rF++ rC-}
rElec   +            G - scarf {rC+ rF+}
rCorr   +            (no gloves)
SInv    .            d - +4 pair of boots "Lunlez" {rPois rF- Will+}
Will    +++..        k - amulet of regeneration
Stlth   ++           y - ring "Aramash" {+Blink rElec rCorr MP+9 Int+4}
HPRegen 1.23/turn    r - ring "Jytyff" {Wiz rF+ rN+}
MPRegen 0.37/turn

%: mayhem, clarity, rampage, wizardry (x1)
@: on death's door cooldown, studying 5 skills
A: hooves 1, clarity
}: 4/15 runes: decaying, slimy, silver, gossamer
a: Renounce Religion, Evoke Blink, Channel Magic, Forget Spell, Divine Exegesis


You were on level 19 of a ziggurat.
You worshipped Sif Muna.
Sif Muna was exalted by your worship.
You visited 10 branches of the dungeon, and saw 48 of its levels.
You visited 1 bazaar.
You visited 1 ziggurat, and saw 19 of its levels.
You also visited: Ice Cave and Wizlab.

You collected 10139 gold pieces.
You spent 6969 gold pieces at shops.

Inventory:

Hand Weapons
 f - the +6 Majin-Bo {spellvamp, MP+6 Int+6}
   (You took it off a Hellbinder in a wizard's laboratory)

   Int+6:     It affects your intelligence (+6).
   MP+6:      It affects your magic capacity (+6).
 i - a +1 scimitar of distortion
Armour
 b - the +1 helmet of Elitism (worn) {Contam Rampage rF++ rC-}
   (You found it on level 15 of the Dungeon)

   rF++:      It greatly protects you from fire.
   rC-:       It makes you vulnerable to cold.
   Contam:    It causes magical contamination when unequipped.
   Rampage:   It bestows one free step when moving towards enemies.
 d - the +4 pair of boots "Lunlez" (worn) {rPois rF- Will+}
   (You bought it in a shop on level 14 of the Dungeon)

   rF-:       It makes you vulnerable to fire.
   rPois:     It protects you from poison Will+: It increases your willpower.
 h - the +0 toga "Victory" (worn) {*Victory Clar}
   (You found it on level 16 of a ziggurat)

   *Victory:  When the wearer kills a threatening monster, it has a chance to
   gain +1 AC, +1 Slay, and +1 Int, capping at +7.
   When the wearer uses a scroll or a potion with a hostile monster in sight,
   its bonuses reset to +0.
   Unequipping it also resets its bonuses to +0.
   Clar:      It protects you from confusion, rage, mesmerisation and fear.
 n - the +1 robe "Ubua" {*Corrode rF++ Regen+ Int+4}
   (You found it on level 18 of a ziggurat)

   Int+4:     It affects your intelligence (+4).
   rF++:      It greatly protects you from fire.
   Regen+:    It increases your rate of health regeneration.
   *Corrode:  It may corrode you when you take damage.
 D - an orb of mayhem (worn)
 G - a scarf of resistance (worn)
 S - the +0 robe "Kapaoph" {rCorr SInv}
   (You found it on level 13 of the Dungeon)

   SInv:      It lets you see invisible.
   rCorr:     It protects you from acid and corrosion.
Magical Staves
 a - the staff of Dishonesty {rElec rPois rN+ Int+6 Dex-2 Air}
   (You found it on level 6 of a ziggurat)

   [staff of air]

   Base accuracy: +5 Base damage: 5 Base attack delay: 1.2 This weapon's minimum
   attack delay (0.6) is reached at skill level 12.
   Int+6:     It affects your intelligence (+6).
   Dex-2:     It affects your dexterity (-2).
   rElec:     It insulates you from electricity.
   rPois:     It protects you from poison rN+: It protects you from negative
   energy.
   Air:       It increases the power of your Air spells.
   It falls into the 'Staves' category.
   It is a one-handed weapon.
 e - the staff "Fotiepp" (weapon) {rElec rC- Str+3 Int+3 Conj}
   (You found it on level 8 of a ziggurat)

   [staff of conjuration]

   Base accuracy: +5 Base damage: 5 Base attack delay: 1.2 This weapon's minimum
   attack delay (0.6) is reached at skill level 12.
   Str+3:     It affects your strength (+3).
   Int+3:     It affects your intelligence (+3).
   rC-:       It makes you vulnerable to cold.
   rElec:     It insulates you from electricity.
   Conj:      It increases the power of your Conjurations spells.
   It falls into the 'Staves' category.
   It is a one-handed weapon.
 m - the staff of an ice cave {Drain rN+ Str+3 Int+6 Necro}
   (You found it on level 5 of the Pits of Slime)

   [staff of death]

   Base accuracy: +5 Base damage: 5 Base attack delay: 1.2 This weapon's minimum
   attack delay (0.6) is reached at skill level 12.
   Str+3:     It affects your strength (+3).
   Int+6:     It affects your intelligence (+6).
   rN+:       It protects you from negative energy.
   Drain:     It drains your maximum health when unequipped.
   Necro:     It increases the power of your Necromancy spells.
   It falls into the 'Staves' category.
   It is a one-handed weapon.
 s - the staff "Vatyrien" {rElec rPois rC+ Dex+3 Air}
   (You took it off a deep elf archer on level 3 of the Elven Halls)

   [staff of air]

   Base accuracy: +5 Base damage: 5 Base attack delay: 1.2 This weapon's minimum
   attack delay (0.6) is reached at skill level 12.
   Dex+3:     It affects your dexterity (+3).
   rC+:       It protects you from cold.
   rElec:     It insulates you from electricity.
   rPois:     It protects you from poison Air: It increases the power of your
   Air spells.
   It falls into the 'Staves' category.
   It is a one-handed weapon.
Jewellery
 j - the ring "Kuzatud" {rF++ AC+4}
   (You found it on level 13 of a ziggurat)

   [ring of protection]

   AC+4:      It affects your AC (+4).
   rF++:      It greatly protects you from fire.
 k - an amulet of regeneration (around neck)
 l - the ring of Iwnex {rCorr EV+5}
   (You found it on level 16 of a ziggurat)

   [ring of evasion]

   EV+5:      It affects your evasion (+5).
   rCorr:     It protects you from acid and corrosion.
 r - the ring "Jytyff" (right hand) {Wiz rF+ rN+}
   (You bought it in a shop on level 2 of the Elven Halls)

   [ring of wizardry]

   Wiz:       It improves your spell success rate.
   rF+:       It protects you from fire.
   rN+:       It protects you from negative energy.
 y - the ring "Aramash" (left hand) {+Blink rElec rCorr MP+9 Int+4}
   (You took it off a deep elf death mage on level 3 of the Elven Halls)

   [ring of magical power]

   Int+4:     It affects your intelligence (+4).
   rElec:     It insulates you from electricity.
   MP+9:      It affects your magic capacity (+9).
   +Blink:    It lets you blink.
   rCorr:     It protects you from acid and corrosion.
Wands
 o - a wand of light (49)
 v - a wand of digging (22)
 F - a wand of iceblast (30)
Scrolls
 c - 11 scrolls of blinking {!d}
 g - 16 scrolls of identify {!d}
 t - 17 scrolls of teleportation {!d}
 P - 12 scrolls of revelation {!r!d}
 Q - 11 scrolls of fog
 R - 4 scrolls of torment
 T - 15 scrolls of immolation {!d}
 X - 4 scrolls of amnesia
 Z - 11 scrolls of enchant armour
Potions
 p - 10 potions of enlightenment {!q!d!q!d}
 B - 8 potions of ambrosia {!q!d}
 H - 2 potions of invisibility {!q!d}
 I - a potion of experience
 J - 5 potions of magic {!q!d}
 K - 10 potions of brilliance {!q!d}
 L - 6 potions of resistance {!q!d}
 M - 16 potions of heal wounds {!q!d}
 N - 22 potions of curing {!q!d}
 O - 8 potions of haste {!q!d}
 U - 10 potions of mutation {!d}
 V - 5 potions of cancellation {!q!d}


   Skills:
 - Level 5.0 Fighting
 - Level 13.0 Dodging
 - Level 2.4 Stealth
 - Level 22.2 Spellcasting
 - Level 22.7 Conjurations
 - Level 11.4 Hexes
 - Level 22.0 Necromancy
 - Level 7.5 Translocations
 - Level 22.7 Fire Magic
 - Level 21.0 Air Magic
 + Level 20.8 Earth Magic
 - Level 13.5 Invocations
 - Level 9.0 Evocations


You had 5 spell levels left.
You knew the following spells:

 Your Spells              Type           Power      Damage    Failure   Level
a - Passage of Golubria   Tloc           87%        N/A       1%          4
b - Blink                 Tloc           100%       N/A       1%          2
c - Chain Lightning       Conj/Air       76%        3d102     1%          9
e - Shatter               Erth           63%        3d47*     2%          9
f - Fire Storm            Conj/Fire      77%        8d20      1%          9
i - Ignition              Fire           65%        3d17      1%          8
j - Sublimation of Blood  Necr           100%       N/A       0%          2
m - Death's Door          Necr           64%        N/A       1%          9
r - Orb of Destruction    Conj           77%        9d17      1%          7
y - Yara's Violent Unrav  Hex/Tmut       40%        3d16      1%          5
z - Apportation           Tloc           100%       N/A       0%          1

Your spell library contained the following spells:

 Spells                   Type           Power      Damage    Failure   Level
 Foxfire                  Conj/Fire      100%       2x1d9     0%          1
 Kiss of Death            Conj/Necr      100%       2d13      0%          1
 Magic Dart               Conj           100%       1d8       0%          1
 Necrotise                Necr           100%       1d9       0%          1
 Sandblast                Erth           100%       2d20      0%          1
 Shock                    Conj/Air       100%       1d9       0%          1
 Slow                     Hex            100%       N/A       0%          1
 Cigotuvi's Dreadful Rot  Necr/Pois/Air  100%       N/A       0%          2
 Jinxbite                 Hex            100%       N/A       0%          2
 Momentum Strike          Conj/Tloc      100%       3d10      0%          2
 Passwall                 Tmut/Erth      80%        N/A       0%          2
 Poisonous Vapours        Pois/Air       100%       N/A       0%          2
 Scorch                   Fire           100%       2d9       0%          2
 Searing Ray              Conj           100%       2d8       0%          2
 Static Discharge         Conj/Air       100%       3-8/arc   0%          2
 Confusing Touch          Hex            100%       N/A       0%          3
 Dazzling Flash           Conj/Hex       100%       N/A       0%          3
 Hailstorm                Conj/Ice       100%       3d20      0%          3
 Inner Flame              Hex/Fire       100%       N/A       0%          3
 Mephitic Cloud           Conj/Pois/Air  100%       N/A       0%          3
 Sigil of Binding         Hex            100%       N/A       0%          3
 Stone Arrow              Conj/Erth      100%       3d13      0%          3
 Swiftness                Air            100%       N/A       0%          3
 Tukima's Dance           Hex            100%       N/A       0%          3
 Vampiric Draining        Necr           100%       2d13      0%          3
 Volatile Blastmotes      Fire/Tloc      100%       2d18      0%          3
 Airstrike                Air            63%        2d(9-25)  0%          4
 Anguish                  Hex/Necr       58%        N/A       0%          4
 Animate Dead             Necr           100%       N/A       0%          4
 Brom's Barrelling Bould  Conj/Erth      100%       2d11      0%          4
 Dispel Undead            Necr           100%       3d31      0%          4
 Flame Wave               Conj/Fire      100%       2d21      0%          4
 Fulminant Prism          Conj/Hex       70%        3d29      0%          4
 Iskenderun's Mystic Bla  Conj/Tloc      100%       2d19      0%          4
 Leda's Liquefaction      Hex/Erth       57%        N/A       0%          4
 Sticky Flame             Conj/Fire      100%       2d11      0%          4
 Vhi's Electric Charge    Tloc/Air       100%       N/A       0%          4
 Agony                    Necr           100%       N/A       0%          5
 Arcjolt                  Conj/Air       76%        1d86      0%          5
 Borgnjor's Vile Clutch   Necr/Erth      63%        N/A       0%          5
 Fireball                 Conj/Fire      77%        3d29      0%          5
 Iskenderun's Battlesphe  Conj           100%       2d15      0%          5
 Lee's Rapid Deconstruct  Erth           63%        3d29*     0%          5
 Silence                  Hex/Air        57%        N/A       0%          5
 Freeze                   Ice            100%       1d10      1%          1
 Sting                    Tmut/Pois      100%       1d8       1%          1
 Summon Small Mammal      Summ           100%       N/A       1%          1
 Call Imp                 Summ           100%       N/A       1%          2
 Ensorcelled Hibernation  Hex/Ice        100%       N/A       1%          2
 Lesser Beckoning         Tloc           100%       N/A       1%          2
 Wereblood                Tmut           50%        N/A       1%          2
 Call Canine Familiar     Summ           50%        N/A       1%          3
 Frozen Ramparts          Ice            100%       1d16      1%          3
 Gell's Gravitas          Tloc           87%        N/A       1%          3
 Ignite Poison            Fire/Tmut/Pois 87%        N/A       1%          3
 Ozocubu's Armour         Ice            50%        N/A       1%          3
 Summon Guardian Golem    Hex/Summ       80%        N/A       1%          3
 Teleport Other           Tloc           87%        N/A       1%          3
 Animate Armour           Summ/Erth      100%       N/A       1%          4
 Cause Fear               Hex            50%        N/A       1%          4
 Dimensional Bullseye     Hex/Tloc       47%        N/A       1%          4
 Manifold Assault         Tloc           87%        N/A       1%          4
 Olgreb's Toxic Radiance  Pois           50%        N/A       1%          4
 Petrify                  Tmut/Erth      97%        N/A       1%          4
 Summon Ice Beast         Ice/Summ       50%        N/A       1%          4
 Summon Lightning Spire   Summ/Air       98%        N/A       1%          4
 Freezing Cloud           Conj/Ice/Air   67%        6-21      1%          5
 Irradiate                Conj/Tmut      61%        3d32      1%          5
 Metabolic Englaciation   Hex/Ice        40%        N/A       1%          5
 Summon Forest            Summ/Tloc      35%        N/A       1%          5
 Summon Mana Viper        Hex/Summ       80%        N/A       1%          5
 Alistair's Intoxication  Tmut/Pois      33%        N/A       4%          5
 Bombard                  Conj/Erth      76%        9d12      0%          6
 Conjure Ball Lightning   Conj/Air       76%        3x3d28    0%          6
 Death Channel            Necr           64%        N/A       0%          6
 Plasma Beam              Fire/Air       64%        2x1d80    0%          6
 Starburst                Conj/Fire      77%        6d20      0%          6
 Dispersal                Tloc           43%        N/A       1%          6
 Simulacrum               Ice/Necr       49%        N/A       1%          6
 Enfeeble                 Hex            50%        N/A       1%          7
 Haunt                    Necr/Summ      49%        N/A       1%          7
 Spellforged Servitor     Conj/Summ      61%        N/A       1%          7
 Borgnjor's Revivificati  Necr           64%        N/A       1%          8
 Infestation              Necr           64%        N/A       1%          8
 Lehudib's Crystal Spear  Conj/Erth      76%        10d17     1%          8
 Maxwell's Capacitive Co  Air            63%        ∞         1%          8
 Discord                  Hex            50%        N/A       9%          8
 Eringya's Noxious Bog    Tmut/Pois      25%        4d6       22%         6
 Summon Cactus Giant      Summ           25%        N/A       22%         6
 Malign Gateway           Summ/Tloc      35%        N/A       26%         7
 Disjunction              Tloc           43%        N/A       38%         8
 Monstrous Menagerie      Summ           25%        N/A       73%         7
 Ozocubu's Refrigeration  Ice            25%        4d13      73%         7
 Summon Hydra             Summ           25%        N/A       73%         7
 Summon Horrible Things   Summ           25%        N/A       100%        8
 Dragon's Call            Summ           25%        N/A       100%        9
 Polar Vortex             Ice            25%        12d3*     100%        9


Dungeon Overview and Level Annotations

Branches:
Dungeon (15/15) Zot: 25139  Temple (1/1) D:6 Zot: 5969    Lair (5/5) D:11 Zot: 21937
  Swamp (4/4) Lair:2 Zot: 21075  Spider (4/4) Lair:3 Zot: 19989   Slime (5/5) Lair:5 Zot: 25768
    Orc (2/2) D:10 Zot: 9558     Elf (3/3) Orc:2 Zot: 12183  Vaults (5/5) D:13 Zot: 23837
  Crypt (0/3) Vaults:2     Depths (4/4) D:15 Zot: 20075   IceCv (visited)
 WizLab (visited)
    Zot: Depths:4

Altars:
Ashenzari
Cheibriados
Dithmenos
Elyvilon
Fedhas
Gozag
Hepliaklqana
Kikubaaqudgha
Makhleb
Nemelex Xobeh
Okawaru
Qazlal
Ru
Sif Muna
Trog
Uskayaw
Vehumet
Wu Jian
Xom
Yredelemnul
Zin
The Shining One
Jiyva

Shops:
D:1 (   D:3 [   D:9 (   D:14 [   Orc:2 ![!(?   Elf:1 *=   Elf:2 (==[   Elf:3 [
Vaults:1 !??*   Vaults:3 *   Vaults:4 ?[((   Vaults:5 ???(   Depths:2 :==*

Portals:
Hell: Depths:1 Depths:2 Depths:3
Abyss: Depths:1 Depths:3
Pandemonium: Depths:2
Trove: Vaults:1 (give 6 scrolls of fog)


Innate Abilities, Weirdness & Mutations

You have large cloven feet.
You possess an exceptional clarity of mind.


Message History

Count 1......
Unknown command.
Count 1......
Unknown command.
Count 1......
Unknown command.
Count 1......
Unknown command.
Count 1......
Count 2......
Count 3......
Count 4......
Really read with monsters nearby while wearing the +7 toga "Victory"?
Blink to where?
Press: ? - help, Dir - move target A mummy comes into view.
As you read the scroll of blinking {!d}, it crumbles to dust.
The +0 toga "Victory" stops glowing.
Your life is in your own hands again!
Low HP: Be careful! (Y or N to confirm.) Keep playing prudently even on late-game......
Casting: Shatter (dangerous; 2% risk of failure)
Confirm with . or Enter, or press ? or * to list all spells.
You feel a surge of power! Lightning arcs from your hands!
The bolt of lightning hits the titan zombie!!!!
You destroy the titan zombie!
Sif Muna accepts your kill. The bolt of lightning hits you! You resist.
* * * LOW HITPOINT WARNING * * *
The bolt of lightning hits the guardian mummy!!!!
You destroy the guardian mummy!
Sif Muna accepts your kill.
The bolt of lightning hits the golden dragon zombie!!!!
The golden dragon zombie is heavily damaged.
The bolt of lightning hits the mummy!!!!
You destroy the mummy!
Sif Muna accepts your kill.
You feel extremely nervous for a moment...
Pain shoots through your body!
You die...

▓▓▓▓▓▓▓▓▓▓▓▓▓
▓▓...........▓▓
▓▓.............▓▓
▓▓........@......▓▓
▓▓................|▓
▓▓.................|:
▓▓..............Z..)?)
▓▓..................)/:
▓.∩.................[))
▓▓..................$?)
▓▓.................(?)
▓▓...............M.):


You could see a golden dragon zombie.

Vanquished Creatures
  the Royal Jelly (Slime:5)
  3 dread liches
  Mara (Vaults:5)
  2 ancient liches (Vaults:5)
  2 juggernauts (Depths:3)
  Sojobo (Depths:3)
  4 royal mummies
  Boris (Depths:3)
  A shard shrike (Zig:18)
  Frederick (Vaults:3)
  4 caustic shrikes
  6 golden dragons
  A Hellbinder (WizLab)
  An iron giant (Zig:14)
  8 tentacled monstrosities
  A hellephant (Zig:7)
  6 Ice Fiends
  Jorgrun (Orc:1)
  2 walking crystal tomes (Depths:3)
  3 Hell Sentinels
  A walking earthen tome (Depths:3)
  8 liches
  2 deep elf master archers (Elf:3)
  3 titans
  A walking divine tome (Depths:3)
  22 acid blobs
  Mlioglotl (Swamp:1)
  3 deep elf blademasters
  A walking frostbound tome (Depths:2)
  6 sphinxes
  A quicksilver dragon (shapeshifter) (Vaults:5)
  3 quicksilver dragons
  Frances (Spider:1)
  6 ancient champions
  2 thorn hunters (Swamp:4)
  3 storm dragons (Vaults:5)
  22 azure jellies
  8 shadow dragons
  Aizul (Depths:1)
  2 revenants (Zig:15)
  Donald (Orc:2)
  12 tengu reavers
  Kirke (D:12)
  10 fire giants
  14 nagarajas
  8 narguns
  12 rockslimes
  A quicksilver elemental (Zig:6)
  A draconian knight (Zig:17)
  2 iron dragons
  8 frost giants
  25 vault wardens
  A caustic shrike zombie (Depths:1)
  4 deep elf elementalists (Elf:3)
  3 emperor scorpions
  2 balrugs (WizLab)
  Louise (Depths:1)
  8 deep elf sorcerers
  A ghoul (Zig:15)
  3 ghost moths
  3 draconian annihilators (Zig:17)
  2 curse skulls (Zig:15)
  10 orc warlords
  A cacodemon (WizLab)
  21 ironbound preservers
  4 formless jellyfish
  6 broodmothers
  A hydra skeleton (Swamp:4)
  14 very ugly things
  A spriggan defender (Depths:3)
  6 war gargoyles
  3 demonspawn corrupters (Zig:14)
  7 quicksilver oozes
  A caustic shrike skeleton (Zig:19)
  3 ironbound thunderhulks
  21 stone giants
  9 vampire knights
  A demonspawn black sun (WizLab)
  4 eleionomae
  12 deep elf demonologists
  A lorocyproca (WizLab)
  6 wendigos (Zig:18)
  13 spark wasps
  11 deep elf annihilators
  2 bunyips
  14 dire elephants
  4 crystal guardians
  3 blizzard demons
  8 deep elf death magi
  4 eidola
  2 green deaths (WizLab)
  5 mummy priests
  A merfolk javelineer (Depths:2)
  10 ettins
  The ghost of Kave the Grappler, a journeyman TrSh of Sif Muna (D:12)
  12 yaktaur captains
  6 entropy weavers
  Harold (Orc:1)
  6 fire dragons
  4 deep elf high priests
  2 shambling mangroves
  13 hydras
  9 ice dragons
  2 caustic shrike simulacra
  4 spriggan air magi
  2 quicksilver dragon skeletons
  36 vault guards
  10 great orbs of eyes
  A peacekeeper (Vaults:4)
  13 alligators
  5 ogre magi
  2 jorogumos (Spider:4)
  A catoblepas (shapeshifter) (Vaults:5)
  7 rakshasas
  4 salamander tyrants
  7 deep troll shamans
  15 centaur warriors
  11 boulder beetles
  13 ironbound frosthearts
  4 radroaches
  5 anacondas
  A merfolk aquamancer (Zig:17)
  4 death scarabs
  11 two-headed ogres
  11 tengu warriors
  33 dancing weapons
  2 death yaks (Lair:4)
  A sphinx skeleton (Zig:10)
  4 demonic crawlers
  6 deep troll earth magi
  A titan zombie (Zig:19)
  Urug (Orc:1)
  5 vampire magi
  4 orc high priests
  4 spriggan berserkers
  6 naga warriors
  3 soul eaters
  2 shock serpents
  A fire crab (Lair:4)
  7 naga sharpshooters
  Sonja (D:11)
  12 hell knights
  5 occultists
  A titan skeleton (Zig:19)
  4 sun demons
  A crystal echidna (Zig:6)
  4 skysharks
  A storm dragon zombie (Depths:1)
  19 deep elf knights
  2 shadow wraiths
  A skeletal warrior (D:14)
  13 spriggans
  2 salamander mystics
  A goliath frog (Swamp:3)
  10 iron trolls
  A sixfirhy (WizLab)
  3 pharaoh ants
  2 sun moths
  7 bog bodies
  40 deep trolls
  The ghost of ooops the Covert, a novice OpCj of Sif Muna (D:8)
  5 spriggan druids
  A tengu zombie (Depths:1)
  2 naga ritualists (Zig:13)
  4 flayed ghosts
  An obsidian statue (IceCv)
  4 glowing orange brains
  6 swamp dragons
  11 orb spiders
  13 phantasmal warriors
  6 steelbarb worms
  3 orange crystal statues
  2 spectral hydras (Swamp:4)
  12 arcanists
  9 spriggan simulacra
  17 deep elf archers
  12 orc knights
  43 deep elf zephyrmancers
  A golden dragon skeleton (Zig:19)
  An iron dragon zombie (Zig:19)
  A harpy (shapeshifter) (D:13)
  17 ironbound convokers
  8 lindwurms
  41 deep elf pyromancers
  10 necromancers
  5 mana vipers
  A fire giant zombie (Depths:1)
  A cyclops (shapeshifter) (D:14)
  A harpy (Vaults:3)
  3 oklob plants (Swamp:4)
  5 manticores
  46 ugly things
  2 shining eyes
  2 stone giant zombies
  4 salamanders (Depths:1)
  A faun (shapeshifter) (Elf:3)
  18 orc sorcerers
  4 tengu skeletons
  7 cyclopes
  11 elephants
  22 wolf spiders
  A shadow dragon skeleton (Zig:19)
  4 will-o-the-wisps
  2 rust devils (WizLab)
  6 moths of wrath
  20 black mambas
  2 titan simulacra
  2 smoke demons (WizLab)
  2 frost giant skeletons
  A moth of wrath (shapeshifter) (Vaults:1)
  3 orange demons (WizLab)
  8 guardian serpents
  4 ice statues
  5 eyes of devastation
  10 naga magi
  14 vault sentinels
  3 gargoyles (Zig:14)
  Joseph (D:7)
  16 cane toads
  4 hellions
  9 komodo dragons
  13 torpor snails
  3 rime drakes
  37 yaktaurs
  An anaconda simulacrum (IceCv)
  A hydra zombie (Swamp:4)
  A tormentor (WizLab)
  6 ice devils
  4 tengu conjurers
  17 freezing wraiths
  12 guardian mummies
  3 red devils (WizLab)
  2 merfolk (shapeshifter)
  A komodo dragon (shapeshifter) (Vaults:5)
  3 polar bears
  2 death drake zombies (Swamp:4)
  11 trolls
  15 meliai
  A queen bee (Lair:2)
  20 hornets
  2 bloated husks
  A tengu simulacrum (Zig:5)
  7 glass eyes
  14 tyrant leeches
  35 tarantellas
  A death drake skeleton (Swamp:4)
  11 blink frogs
  3 alligator simulacra
  A glass eye (shapeshifter) (Vaults:3)
  A snapping turtle (shapeshifter) (D:14)
  4 dream sheep (Lair:5)
  27 jumping spiders
  5 air elementals
  143 slime creatures
  10 flying skulls
  A shadow (D:12)
  Sigmund (Temple)
  7 water elementals
  7 ushabtiu (Zig:19)
  A ynoxinul (WizLab)
  25 yaks
  11 wyverns
  16 culicivoras
  A wraith (D:12)
  A vampire (D:9)
  10 golden eyes
  3 dire elephant simulacra (Elf:3)
  5 basilisks
  2 fire elementals (Elf:1)
  Grum (Lair:1)
  2 neqoxecs (WizLab)
  3 hogs
  A steam dragon (D:7)
  43 redbacks
  4 minotaur simulacra (IceCv)
  3 vampire mosquitoes
  2 harpy simulacra (IceCv)
  9 swamp worms
  4 hydra simulacra (Swamp:4)
  20 water moccasins
  8 nagas
  A glowing shapeshifter zombie (Vaults:4)
  10 wargs
  4 acid dragons
  47 orc warriors
  A hornet zombie (D:7)
  9 swamp drakes
  2 black bears
  A glowing shapeshifter skeleton (Zig:19)
  4 ice beasts
  A sky beast (D:7)
  19 ogres
  9 wolves
  5 centaurs
  2 lemures (D:5)
  3 swamp dragon skeletons (Swamp:4)
  A phantom (D:5)
  13 bullfrogs
  4 deep troll simulacra
  2 gnoll sergeants
  6 scorpions
  A glowing shapeshifter simulacrum (Zig:18)
  2 necrophages (D:7)
  7 earth elementals
  A water moccasin zombie (D:7)
  11 wights
  32 killer bees
  A killer bee (shapeshifter) (Depths:3)
  2 lindwurm simulacra
  7 electric eels
  6 howler monkeys
  A human zombie (D:7)
  4 centaur zombies (D:7)
  A hound (D:6)
  4 jellies
  27 orc priests
  Crazy Yiuf (D:7)
  2 gnoll boudas
  An iguana (D:4)
  A sleepcap (D:6)
  36 orc wizards
  4 hell rats (Lair:4)
  2 killer bee zombies (D:7)
  34 mummies
  18 gnolls
  An adder (shapeshifter) (Vaults:5)
  6 adders
  6 river rats
  A shadow imp (D:8)
  A worm (D:4)
  3 dart slugs
  60 orcs
  6 endoplasms
  4 giant cockroaches
  8 goblins
  7 hobgoblins
  7 jackals (D:2)
  7 quokkas
  6 ball pythons
  4 bats (D:2)
  7 frilled lizards
  8 kobolds
  11 rats
  A fire vortex (WizLab)
2506 creatures vanquished.

Vanquished Creatures (collateral kills)
  A caustic shrike (Zig:14)
  An Ice Fiend (Zig:18)
  2 iron giants (Zig:14)
  2 acid blobs (Slime:5)
  An azure jelly (Slime:5)
  2 frost giants (Vaults:5)
  2 rockslimes (Slime:5)
  A nargun (Zig:18)
  A nagaraja (Zig:12)
  2 iron dragons (Zig:14)
  2 vault wardens
  A deep elf sorcerer (Zig:17)
  A war gargoyle (Zig:6)
  3 ironbound preservers
  A very ugly thing (Depths:3)
  3 stone giants
  A broodmother (Spider:4)
  A vampire knight (Depths:4)
  2 formless jellyfish (Slime:1)
  2 wendigos (Zig:18)
  A shambling mangrove (Swamp:4)
  A yaktaur captain (Vaults:3)
  2 vault guards (Vaults:4)
  3 salamander tyrants (Zig:11)
  An ice dragon (Depths:3)
  2 deep troll shamans (Depths:2)
  A boulder beetle (Zig:14)
  A naga warrior (Zig:13)
  An iron troll (Zig:16)
  A spriggan druid (Swamp:4)
  A deep troll (Vaults:3)
  8 slime creatures
  2 steelbarb worms (Spider:4)
  An iron dragon zombie (Zig:19)
  An ugly thing (Depths:1)
  A fire giant zombie (Depths:1)
  A cyclops (D:14)
  A moth of wrath (Spider:3)
  A fire giant skeleton (Depths:1)
  A salamander (Zig:11)
  A guardian serpent (Zig:13)
  A torpor snail (Zig:7)
  A gargoyle (Zig:14)
  A hydra skeleton (Swamp:4)
  2 tarantellas
  A water elemental (Depths:3)
  2 redbacks
  A wolf (Zig:7)
  A mummy (Zig:19)
  5 fire vortices
80 creatures vanquished.

Vanquished Creatures (others)
  A royal mummy (Zig:19)
  A nagaraja (Zig:12)
  A demonspawn blood saint (Zig:17)
  A wendigo (Zig:18)
  A spark wasp (shapeshifter) (D:14)
  A mana viper (Zig:8)
  An ugly thing (D:14)
  A flying skull (Zig:19)
  426 fire vortices
  455 fulminant prisms
889 creatures vanquished.

Grand Total: 3475 creatures vanquished

Notes
Turn   | Place    | Note
-------+----------+-------------------------------------------
     0 | D:1      | ritt the Deep Elf Conjurer began the quest for the Orb.
     0 | D:1      | Reached XP level 1. HP: 10/10 MP: 6/6
   206 | D:1      | Reached XP level 2. HP: 15/15 MP: 5/8
   238 | D:1      | Learned a level 2 spell: Searing Ray
   456 | D:1      | Found Nosm's Weapon Shop.
   862 | D:1      | Reached XP level 3. HP: 19/19 MP: 7/10
  1357 | D:2      | Reached XP level 4. HP: 24/24 MP: 9/12
  1362 | D:2      | Learned a level 4 spell: Fulminant Prism
  1367 | D:2      | Learned a level 4 spell: Iskenderun's Mystic Blast
  1966 | D:3      | Found Wetoy's Armour Emporium.
  1982 | D:3      | Noticed an ice beast
  2283 | D:3      | Found a sacrificial altar of Ru.
  2296 | D:3      | Found a glowing silver altar of Zin.
  2326 | D:3      | Found a shimmering altar of Xom.
  2555 | D:4      | Noticed an ogre
  2561 | D:4      | Found a white marble altar of Elyvilon.
  2638 | D:4      | Noticed an ogre
  2669 | D:4      | Killed an ogre
  2670 | D:4      | Reached XP level 5. HP: 28/28 MP: 6/14
  2970 | D:4      | Found a hide-covered altar of Uskayaw.
  3283 | D:5      | Entered Level 5 of the Dungeon
  3291 | D:4      | Reached XP level 6. HP: 31/32 MP: 8/15
  3488 | D:5      | Found a stormy altar of Qazlal.
  4610 | D:6      | Reached XP level 7. HP: 36/36 MP: 10/16
  4925 | D:6      | Found a staircase to the Ecumenical Temple.
  4925 | D:6      | Noticed Sigmund
  4928 | D:6      | Found the amulet of the Air {Inacc Air Fly rElec RMsl}
  4946 | Temple   | Entered the Ecumenical Temple
  4958 | Temple   | Became a worshipper of Sif Muna the Loreminder
  4961 | Temple   | Killed Sigmund
  5403 | D:5      | Noticed Pikel
  5420 | D:5      | Pikel changed into Pikel the hog
  5420 | D:5      | Noticed Pikel
  5438 | D:5      | Killed Pikel the hog
  5439 | D:5      | Reached XP level 8. HP: 32/41 MP: 8/17
  6460 | D:7      | Reached XP level 9. HP: 52/52 MP: 12/25
  6755 | D:7      | Noticed Joseph
  6778 | D:7      | Killed Joseph
  7184 | D:7      | Reached XP level 10. HP: 39/57 MP: 17/26
  7305 | D:7      | Reached * piety under Sif Muna
  7500 | D:7      | Found a basalt altar of Yredelemnul.
  7973 | D:7      | Found a runed translucent door.
  7974 | D:7      | Noticed Crazy Yiuf
  7981 | D:7      | Killed Crazy Yiuf
  8057 | D:8      | Reached skill level 11 in Spellcasting
  8626 | D:8      | Found a transporter.
  8661 | D:8      | Noticed ooops's ghost (novice OpCj)
  8678 | D:8      | Found a transporter.
  9039 | D:9      | Noticed a cyclops
  9049 | D:9      | Killed a cyclops
  9077 | D:9      | Reached skill level 11 in Conjurations
  9077 | D:9      | Reached skill level 11 in Hexes
  9121 | D:9      | Noticed a two-headed ogre
  9126 | D:9      | Killed a two-headed ogre
  9445 | D:9      | Found Capnum's Antique Weapon Boutique.
  9529 | D:9      | Found a sparkling altar of Nemelex Xobeh.
  9693 | D:9      | Reached ** piety under Sif Muna
  9843 | D:10     | Entered Level 10 of the Dungeon
  9850 | D:10     | Noticed a two-headed ogre
  9863 | D:10     | Killed a two-headed ogre
  9864 | D:10     | Reached XP level 11. HP: 36/63 MP: 16/28
  9908 | D:10     | Found a staircase to the Orcish Mines.
  9953 | D:10     | Found an iron altar of Okawaru.
  9994 | D:10     | Found a glowing golden altar of the Shining One.
 10252 | D:10     | Identified the ring "Niteoro" {rC+ rN+ Will+ Str+4}
 10446 | D:10     | Found a bloodstained altar of Trog.
 10737 | D:9      | Bought a faintly glowing rapier for 234 gold pieces
 10737 | D:9      | Identified the +11 rapier of Gozag's Benevolence {flame,
                  | Str-3 Int+4} (You bought it in a shop on level 9 of the
                  | Dungeon)
 10791 | D:11     | Noticed a cyan ugly thing
 10804 | D:11     | Killed a cyan ugly thing
 10991 | D:11     | Noticed Sonja
 10994 | D:11     | Killed Sonja
 11227 | D:11     | Reached *** piety under Sif Muna
 11229 | D:11     | Found a staircase to the Lair.
 11787 | D:8      | Killed ooops's ghost
 11934 | D:15     | Identified the "Mulu"
 11934 | Lair:1   | Entered Level 1 of the Lair of Beasts
 11937 | Lair:1   | Identified the +11 quarterstaff of Capital Punishment
                  | {heavy, Fly}
 12015 | Lair:1   | Noticed a seven-headed hydra
 12021 | Lair:1   | Killed a seven-headed hydra
 12192 | Lair:1   | Reached XP level 12. HP: 68/68 MP: 14/32
 12209 | Lair:1   | Noticed Grum
 12214 | Lair:1   | Killed Grum
 12216 | Lair:1   | Noticed a boulder beetle
 12231 | Lair:1   | Killed a boulder beetle
 12660 | Lair:1   | Reached skill level 15 in Spellcasting
 12950 | Lair:2   | Reached **** piety under Sif Muna
 13280 | Lair:2   | Learned a level 5 spell: Irradiate
 13313 | Lair:2   | Found a staircase to the Swamp.
 14222 | Lair:2   | Reached ***** piety under Sif Muna
 14510 | Lair:2   | Reached XP level 13. HP: 61/72 MP: 27/35
 14953 | Lair:3   | Found a hole to the Spider Nest.
 15147 | Lair:3   | Learned a level 5 spell: Iskenderun's Battlesphere
 15305 | Lair:3   | Identified the "Lunwineu" (Sif Muna gifted it to you on
                  | level 3 of the Lair of Beasts)
 15305 | Lair:3   | Received a gift from Sif Muna
 15330 | Lair:3   | Learned a level 2 spell: Blink
 16952 | Lair:5   | Entered Level 5 of the Lair of Beasts
 17020 | Lair:5   | Found a staircase to the Slime Pits.
 17669 | Lair:5   | Reached XP level 14. HP: 78/78 MP: 9/37
 17780 | Lair:5   | Reached skill level 15 in Conjurations
 17812 | Lair:5   | Found a viscous altar of Jiyva.
 18015 | Lair:5   | Found a runed translucent door.
 18619 | Lair:5   | Reached skill level 11 in Fire Magic
 19285 | Lair:5   | Identified the +9 ring mail "Kamiw" {*Slow rC+++ rCorr
                  | Str-4}
 19296 | Lair:5   | Found the +3 greatsling "Punk" {acid, rCorr}
 19513 | D:12     | Noticed Kirke
 19517 | D:12     | Killed Kirke
 20160 | D:12     | Found a runed translucent gate.
 20160 | D:12     | Found a runed translucent gate.
 20160 | D:12     | Found a runed translucent gate.
 20161 | D:12     | Noticed Kave's ghost (journeyman TrSh)
 20326 | D:13     | Found the +7 mace of Variability {chaos, chaos arc}
 20358 | D:13     | Identified the +0 robe "Kapaoph" {rCorr SInv}
 20447 | D:13     | Found a gate to the Vaults.
 20455 | D:13     | Noticed an ironbound preserver
 20465 | D:13     | Killed an ironbound preserver
 20467 | D:13     | Identified the "Moebaceick" (Sif Muna gifted it to you on
                  | level 13 of the Dungeon)
 20467 | D:13     | Received a gift from Sif Muna
 20490 | D:13     | Learned a level 5 spell: Fireball
 20498 | D:13     | Learned a level 7 spell: Orb of Destruction
 21636 | D:14     | Found Itsiefufe's Antique Armour Shoppe.
 21641 | D:14     | Bought a pair of warped boots for 408 gold pieces
 21641 | D:14     | Identified the +4 pair of boots "Lunlez" {rPois rF- Will+}
                  | (You bought it in a shop on level 14 of the Dungeon)
 21641 | D:14     | Bought a glowing helmet for 322 gold pieces
 21996 | D:14     | Found a runed translucent door.
 22639 | D:14     | Reached skill level 15 in Fire Magic
 22900 | D:14     | Found a runed translucent door.
 22905 | D:14     | Found a runed translucent door.
 22911 | D:14     | Reached XP level 15. HP: 82/82 MP: 25/38
 23047 | D:14     | Identified the +1 leather armour of Hairiness {rCorr Str+4}
 24028 | D:14     | Learned a level 8 spell: Ignition
 24029 | D:15     | Entered Level 15 of the Dungeon
 24121 | D:15     | Found a bloodstained altar of Trog.
 24131 | D:15     | Identified the +1 helmet of Elitism {Contam Rampage rF++
                  | rC-}
 24229 | D:15     | Reached skill level 18 in Spellcasting
 24492 | D:15     | Found a stormy altar of Qazlal.
 24929 | D:15     | Found a staircase to the Depths.
 25212 | D:12     | Killed Kave's ghost
 25461 | Orc:1    | Entered Level 1 of the Orcish Mines
 25550 | Orc:2    | Entered Level 2 of the Orcish Mines
 25550 | Orc:2    | Noticed Donald
 25551 | Orc:2    | Received a gift from Sif Muna
 25555 | Orc:2    | Found Zirghudy's Distillery.
 25555 | Orc:2    | Found a staircase to the Elven Halls.
 25561 | Orc:2    | Bought a potion of cancellation for 80 gold pieces
 25952 | Orc:2    | Reached skill level 22 in Spellcasting
 26355 | Orc:2    | Killed Donald
 26420 | Orc:2    | Identified the "Otuos" (Sif Muna gifted it to you on level
                  | 2 of the Orcish Mines)
 26420 | Orc:2    | Received a gift from Sif Muna
 26704 | Orc:2    | Found Xewaiwk's Distillery.
 26704 | Orc:2    | Found Xuwy's Magic Scroll Emporium.
 26705 | Orc:2    | Found Lierurr's Weapon Emporium.
 26709 | Orc:2    | Found Oxzookh's Armour Shoppe.
 26712 | Orc:2    | Bought a potion of magic for 112 gold pieces
 26713 | Orc:2    | Bought a scroll of revelation for 97 gold pieces
 26715 | Orc:2    | Bought a +1 pair of boots of stealth for 181 gold pieces
 26874 | Orc:1    | Noticed Urug
 26879 | Orc:1    | Killed Urug
 27039 | Orc:1    | Noticed Harold
 27210 | Orc:1    | Killed Harold
 27526 | Orc:1    | Noticed Jorgrun
 27529 | Orc:1    | Killed Jorgrun
 27720 | WizLab   | Identified the "Jotoimeg"
 27720 | WizLab   | Identified the "Ubaresed"
 27720 | Vaults:4 | Identified the of Umoar
 27720 | Vaults:5 | Identified the "Buhoc"
 27720 | Vaults:5 | Identified the of Rivopter
 27720 | Depths:2 | Identified the of Kuogikoiv
 27720 | Depths:2 | Identified the "Hed Udgh"
 27720 | Depths:3 | Identified the "Zureirir"
 27720 | Elf:1    | Identified the "Fuydikue"
 27720 | Elf:1    | Entered Level 1 of the Elven Halls
 27873 | Elf:1    | Reached XP level 16. HP: 87/87 MP: 18/44
 28141 | Elf:1    | Found Xapnot Gemuk's Jewellery Shoppe.
 29027 | Elf:1    | Reached skill level 11 in Invocations
 29392 | Elf:1    | Found Sasew's Assorted Antiques.
 29398 | Elf:1    | Bought a blackened amethyst amulet for 165 gold pieces
 29665 | Elf:2    | Received a gift from Sif Muna
 29680 | Elf:1    | Learned a level 5 spell: Yara's Violent Unravelling
 29841 | Elf:2    | Found Utiwnoc's Jewellery Shoppe.
 29844 | Elf:2    | Found Imeteh Foi's Antique Armour Shoppe.
 29844 | Elf:2    | Found Vurer's Weapon Emporium.
 29847 | Elf:2    | Found Ecerek's Jewellery Emporium.
 30184 | Elf:2    | Found an ancient bone altar of Kikubaaqudgha.
 30347 | Elf:2    | Found a huge runed translucent gate.
 30347 | Elf:2    | Found a huge runed translucent gate.
 30347 | Elf:2    | Found a huge runed translucent gate.
 30348 | Elf:2    | Found a huge runed translucent gate.
 30350 | Elf:2    | Found a huge runed translucent gate.
 30425 | Elf:3    | Identified the "Quec"
 30425 | Elf:3    | Entered Level 3 of the Elven Halls
 30545 | Elf:3    | Found Vopriunn's Armour Boutique.
 30789 | Elf:3    | Reached XP level 17. HP: 92/92 MP: 29/45
 30789 | Elf:3    | Noticed a deep elf blademaster
 30884 | Elf:3    | Killed a deep elf blademaster
 30917 | Elf:3    | Found a frozen archway.
 30942 | IceCv    | Entered an ice cave
 30974 | IceCv    | Identified the "Ifaxt" (Sif Muna gifted it to you in an
                  | ice cave)
 30974 | IceCv    | Received a gift from Sif Muna
 31495 | IceCv    | Noticed an Ice Fiend
 31497 | IceCv    | Killed an Ice Fiend
 31604 | IceCv    | Noticed an Ice Fiend
 31608 | IceCv    | Killed an Ice Fiend
 31994 | Elf:3    | Reached skill level 11 in Dodging
 32349 | Elf:3    | Noticed a deep elf master archer
 32374 | Elf:3    | Killed a deep elf master archer
 32723 | Elf:3    | Identified the ring "Aramash" {+Blink rElec rCorr MP+9
                  | Int+4}
 32730 | Elf:3    | Noticed a deep elf blademaster
 32733 | Elf:3    | Killed a deep elf blademaster
 32926 | Elf:3    | Identified the staff of Optimality {Str-3 Int+3 Conj}
 33013 | Elf:3    | Noticed a deep elf master archer
 33030 | Elf:3    | Killed a deep elf master archer
 33072 | Elf:3    | Identified the staff "Vatyrien" {rElec rPois rC+ Dex+3 Air}
 33091 | Elf:3    | Identified the +4 quarterstaff "Ughar" {speed, rF- Str+7
                  | Int+5}
 33175 | Elf:3    | Identified the +9 great sword "Tashagga" {heavy, +Blink
                  | rPois Str+2}
 33262 | Elf:3    | Identified the staff "Soath" {rPois Dex+2 Stlth+ Poison}
 33305 | Elf:3    | Identified the "Por Xeci" (Sif Muna gifted it to you on
                  | level 3 of the Elven Halls)
 33305 | Elf:3    | Received a gift from Sif Muna
 33446 | Elf:3    | Identified the +7 falchion "Imat" {protect, Str+4 Int+4}
 33450 | Elf:3    | Noticed a Hell Sentinel
 33857 | Elf:2    | Bought a glowing hat for 140 gold pieces
 33858 | Elf:2    | Bought a jewelled hat for 180 gold pieces
 33858 | Elf:2    | Identified the +0 hat of the Quick Slug {Dex+3} (You bought
                  | it in a shop on level 2 of the Elven Halls)
 33933 | Elf:2    | Reached XP level 18. HP: 96/96 MP: 43/46
 33989 | Elf:2    | Reached skill level 18 in Fire Magic
 34341 | Elf:2    | Bought the ring "Jytyff" {Wiz rF+ rN+} for 915 gold pieces
 34353 | Elf:2    | Learned a level 9 spell: Fire Storm
 34685 | Lair:2   | Upgraded the game from 0.31-a0-953-geb88551 to
                  | 0.31-a0-956-g43d22bd
 34686 | Swamp:1  | Entered Level 1 of the Swamp
 34774 | Swamp:1  | Noticed Mlioglotl
 34777 | Swamp:1  | Killed Mlioglotl
 34881 | Swamp:1  | Noticed a tentacled monstrosity
 34902 | Swamp:1  | Killed a tentacled monstrosity
 34908 | Swamp:1  | Identified the +4 short sword of Peace {flame, Drain rN++
                  | Str+8 Int-4}
 34990 | Swamp:1  | Identified the "Acoidd" (Sif Muna gifted it to you on
                  | level 1 of the Swamp)
 34990 | Swamp:1  | Received a gift from Sif Muna
 35271 | Swamp:2  | Reached ****** piety under Sif Muna
 35395 | Swamp:2  | Reached skill level 18 in Conjurations
 36429 | Swamp:4  | Entered Level 4 of the Swamp
 36785 | Swamp:4  | Identified the +2 leather armour of Watchfulness {Slay+2}
 36846 | Swamp:4  | Identified the "Xoellil" (Sif Muna gifted it to you on
                  | level 4 of the Swamp)
 36846 | Swamp:4  | Received a gift from Sif Muna
 37227 | Swamp:4  | Reached XP level 19. HP: 100/100 MP: 46/47
 37239 | Swamp:4  | Found a blossoming altar of Fedhas.
 37266 | Swamp:4  | Got a decaying rune of Zot
 37283 | Swamp:4  | Found a basalt altar of Yredelemnul.
 37435 | Spider:1 | Entered Level 1 of the Spider Nest
 38060 | Spider:1 | Noticed Frances
 38062 | Spider:1 | Killed Frances
 38547 | Spider:2 | Identified the of Firitooma (Sif Muna gifted it to you on
                  | level 2 of the Spider Nest)
 38547 | Spider:2 | Received a gift from Sif Muna
 39614 | Spider:3 | Found the Hermit's Pendant {Faith Invo=14 Evo=0 MP+5}
 40115 | Spider:4 | Entered Level 4 of the Spider Nest
 40284 | Spider:4 | Identified the of Seocsou (Sif Muna gifted it to you on
                  | level 4 of the Spider Nest)
 40284 | Spider:4 | Identified the of Ekkainyja (Sif Muna gifted it to you on
                  | level 4 of the Spider Nest)
 40284 | Spider:4 | Received a gift from Sif Muna
 41090 | Spider:4 | Reached XP level 20. HP: 106/106 MP: 24/48
 41188 | Spider:4 | Got a gossamer rune of Zot
 41615 | Slime:1  | Entered Level 1 of the Pits of Slime
 41633 | Slime:1  | Identified the "Noniusch" (Sif Muna gifted it to you on
                  | level 1 of the Pits of Slime)
 41633 | Slime:1  | Received a gift from Sif Muna
 42527 | Slime:5  | Entered Level 5 of the Pits of Slime
 42578 | Slime:5  | Identified the "Myfiadd" (Sif Muna gifted it to you on
                  | level 5 of the Pits of Slime)
 42578 | Slime:5  | Identified the of Bobepeiw (Sif Muna gifted it to you on
                  | level 5 of the Pits of Slime)
 42578 | Slime:5  | Received a gift from Sif Muna
 42662 | Slime:5  | Reached skill level 22 in Conjurations
 42662 | Slime:5  | Reached skill level 22 in Fire Magic
 42667 | Slime:5  | Noticed the Royal Jelly
 42673 | Slime:5  | Killed the Royal Jelly
 42967 | Slime:5  | Identified the ring "Zypioff" {rPois rF+ Will++ Int+4}
 42973 | Slime:5  | Got a slimy rune of Zot
 43445 | Slime:5  | Identified the staff of an ice cave {Drain rN+ Str+3 Int+6
                  | Necro}
 43447 | Slime:5  | Identified the +7 flail of Faisiceg {holy, rElec Dex+2}
 43448 | Slime:5  | Identified the +5 chain mail "Plog" {rElec rPois rC+}
 43569 | Slime:3  | Identified the of Jahoahoa (Sif Muna gifted it to you on
                  | level 3 of the Pits of Slime)
 43569 | Slime:3  | Received a gift from Sif Muna
 43570 | Slime:3  | Reached XP level 21. HP: 34/110 MP: 10/49
 44110 | Orc:2    | Bought a potion of heal wounds for 50 gold pieces
 44110 | Orc:2    | Bought a potion of curing for 30 gold pieces
 44110 | Orc:2    | Bought a potion of haste for 100 gold pieces
 44131 | Orc:2    | Bought a potion of cancellation for 112 gold pieces
 44131 | Orc:2    | Bought a potion of curing for 42 gold pieces
 44131 | Orc:2    | Bought a potion of enlightenment for 70 gold pieces
 44131 | Orc:2    | Bought a potion of cancellation for 112 gold pieces
 44131 | Orc:2    | Bought a potion of curing for 42 gold pieces
 44131 | Orc:2    | Bought a potion of curing for 42 gold pieces
 44131 | Orc:2    | Bought a potion of enlightenment for 70 gold pieces
 44132 | Orc:2    | Bought a scroll of torment for 123 gold pieces
 44132 | Orc:2    | Bought a scroll of torment for 123 gold pieces
 44132 | Orc:2    | Bought a scroll of teleportation for 39 gold pieces
 44279 | Vaults:1 | Entered Level 1 of the Vaults
 44451 | Vaults:1 | Found Ucsoateeqi's Magic Scroll Emporium.
 44454 | Vaults:1 | Bought a scroll of amnesia for 80 gold pieces
 44490 | Vaults:1 | Found a portal to a secret trove of treasure.
 44538 | Vaults:1 | Found Hughiyl's Magic Scroll Emporium.
 44546 | Vaults:1 | Bought a scroll of immolation for 72 gold pieces
 44546 | Vaults:1 | Bought a scroll of immolation for 72 gold pieces
 44713 | Vaults:1 | Identified the +2 pair of gloves of Susegash {rCorr}
 45077 | Vaults:1 | Identified the of Godynn (Sif Muna gifted it to you on
                  | level 1 of the Vaults)
 45077 | Vaults:1 | Received a gift from Sif Muna
 45282 | Vaults:1 | Found Etapipta's Distillery.
 45387 | Vaults:1 | Found a gateway to a bazaar.
 45504 | Vaults:1 | Found Aczaalai's General Store.
 45851 | Bazaar   | Entered a bazaar
 45851 | Bazaar   | Found Irovuwn's Armour Emporium.
 45860 | Bazaar   | Found Xyosmots's General Store.
 45870 | Bazaar   | Bought a potion of curing for 33 gold pieces
 45899 | Bazaar   | Found Bialista's Armour Shoppe.
 45906 | Bazaar   | Found Gokent's Jewellery Shop.
 45936 | Bazaar   | Bought a +2 helmet of intelligence for 193 gold pieces
 45943 | Bazaar   | Bought a scroll of immolation for 44 gold pieces
 46062 | Vaults:2 | Found a magical portal.
 46089 | WizLab   | Entered The Hall of the Hellbinder
 46140 | WizLab   | Identified the "Ogruh" (Sif Muna gifted it to you in a
                  | wizard's laboratory)
 46140 | WizLab   | Identified the of Wesipn (Sif Muna gifted it to you in a
                  | wizard's laboratory)
 46140 | WizLab   | Identified the of Honwapty (Sif Muna gifted it to you in a
                  | wizard's laboratory)
 46140 | WizLab   | Identified the "Emibb" (Sif Muna gifted it to you in a
                  | wizard's laboratory)
 46140 | WizLab   | Received a gift from Sif Muna
 46311 | WizLab   | Reached skill level 11 in Air Magic
 46314 | WizLab   | Noticed Newifur
 46316 | WizLab   | Killed Newifur the Hellbinder
 46336 | WizLab   | Lost strength.
 46336 | WizLab   | Gained mutation: You are weak. (Str -2) [potion of
                  | mutation]
 46336 | WizLab   | Gained mutation: You sometimes lose your temper in combat.
                  | [potion of mutation]
 46336 | WizLab   | Gained mutation: You are resistant to electric shocks.
                  | (rElec) [potion of mutation]
 46339 | WizLab   | Lost mutation: You sometimes lose your temper in combat.
                  | [potion of mutation]
 46339 | WizLab   | Lost mutation: You are resistant to electric shocks.
                  | (rElec) [potion of mutation]
 46339 | WizLab   | Lost mutation: You are weak. (Str -2) [potion of mutation]
 46339 | WizLab   | Gained mutation: You occasionally shout uncontrollably at
                  | your foes. [potion of mutation]
 46339 | WizLab   | Gained mutation: Your muscles are strong. (Str +4, Int/Dex
                  | -1) [potion of mutation]
 46340 | WizLab   | Lost mutation: You occasionally shout uncontrollably at
                  | your foes. [potion of mutation]
 46340 | WizLab   | Lost mutation: Your muscles are strong. (Str +4, Int/Dex
                  | -1) [potion of mutation]
 46340 | WizLab   | Gained mutation: You have hidden genetic defects. [potion
                  | of mutation]
 46340 | WizLab   | Gained mutation: You have sharp toenails. [potion of
                  | mutation]
 46340 | WizLab   | Gained mutation: Your flesh is heat resistant. (rF+)
                  | [potion of mutation]
 46341 | WizLab   | Lost mutation: Your flesh is heat resistant. (rF+) [potion
                  | of mutation]
 46341 | WizLab   | Lost mutation: You have hidden genetic defects. [potion of
                  | mutation]
 46341 | WizLab   | Lost mutation: You have sharp toenails. [potion of
                  | mutation]
 46341 | WizLab   | Gained mutation: You do not regenerate when monsters are
                  | visible. [potion of mutation]
 46341 | WizLab   | Gained mutation: Your system is resistant to poisons.
                  | (rPois) [potion of mutation]
 46342 | WizLab   | Lost mutation: You do not regenerate when monsters are
                  | visible. [potion of mutation]
 46342 | WizLab   | Lost mutation: Your system is resistant to poisons. (rPois)
                  | [potion of mutation]
 46342 | WizLab   | Gained mutation: A frigid envelope surrounds you and
                  | freezes all who hurt you. [potion of mutation]
 46342 | WizLab   | Gained mutation: Your magical capacity is low. (-10% MP)
                  | [potion of mutation]
 46342 | WizLab   | Gained mutation: You have a pair of small horns on your
                  | head. [potion of mutation]
 46344 | WizLab   | Lost mutation: A frigid envelope surrounds you and freezes
                  | all who hurt you. [potion of mutation]
 46344 | WizLab   | Lost mutation: Your magical capacity is low. (-10% MP)
                  | [potion of mutation]
 46344 | WizLab   | Gained mutation: Armour fits poorly on your strangely
                  | shaped body. [potion of mutation]
 46344 | WizLab   | Gained mutation: You occasionally lose the ability to drink
                  | potions when taking damage. [potion of mutation]
 46344 | WizLab   | Gained mutation: Your mind is acute. (Int +4, Str/Dex -1)
                  | [potion of mutation]
 46345 | WizLab   | Lost mutation: Your mind is acute. (Int +4, Str/Dex -1)
                  | [potion of mutation]
 46345 | WizLab   | Lost mutation: You occasionally lose the ability to drink
                  | potions when taking damage. [potion of mutation]
 46345 | WizLab   | Gained mutation: You are frail. (-10% HP) [potion of
                  | mutation]
 46346 | WizLab   | Lost mutation: You are frail. (-10% HP) [potion of
                  | mutation]
 46346 | WizLab   | Lost mutation: Armour fits poorly on your strangely shaped
                  | body. [potion of mutation]
 46346 | WizLab   | Lost mutation: You have a pair of small horns on your head.
                  | [potion of mutation]
 46346 | WizLab   | Gained mutation: You have large cloven feet. [potion of
                  | mutation]
 46346 | WizLab   | Gained mutation: You possess an exceptional clarity of
                  | mind. [potion of mutation]
 46378 | WizLab   | Found a burning altar of Makhleb.
 46392 | WizLab   | Identified the ring of the Protecting Gods {rF++ AC+4
                  | Dex-2}
 46394 | WizLab   | Identified the ring "Xeupreem" {rPois Int+6 Dex+3 Slay+3}
 46425 | WizLab   | Identified the ring "Cidoaczat" {rPois Slay+4 SInv Stlth-}
 46540 | Vaults:2 | Learned a level 1 spell: Apportation
 46543 | Vaults:2 | Learned a level 2 spell: Sublimation of Blood
 46750 | Vaults:2 | Identified the "Beeriena" (Sif Muna gifted it to you on
                  | level 2 of the Vaults)
 46750 | Vaults:2 | Identified the "Lantofriu" (Sif Muna gifted it to you on
                  | level 2 of the Vaults)
 46750 | Vaults:2 | Received a gift from Sif Muna
 46787 | Vaults:2 | You fall into a shaft and drop 1 floor!
 46890 | Vaults:3 | Reached XP level 22. HP: 71/115 MP: 50/50
 46974 | Vaults:3 | Noticed Frederick
 46978 | Vaults:3 | Killed Frederick
 47283 | Vaults:3 | Found the +2 Maxwell's thermic engine {flame, freeze, rev}
 47772 | Vaults:3 | Found Cexzompem's Assorted Antiques.
 47778 | Vaults:3 | Bought a potion of haste for 470 gold pieces
 47832 | Vaults:2 | Received a gift from Sif Muna
 48057 | Vaults:2 | Found a staircase to the Crypt.
 48440 | Vaults:2 | Learned a level 9 spell: Chain Lightning
 48497 | Vaults:4 | Found Tynt's Antique Weapon Boutique.
 48648 | Vaults:4 | Reached skill level 15 in Air Magic
 48673 | Vaults:4 | Found Nuewk's Antique Weapon Shoppe.
 48690 | Vaults:4 | Bought a fine longbow for 540 gold pieces
 48690 | Vaults:4 | Identified the +4 longbow of Koqegaal {drain, rF+ Will+}
                  | (You bought it in a shop on level 4 of the Vaults)
 48778 | Vaults:4 | Identified the "Poekkeri" (Sif Muna gifted it to you on
                  | level 4 of the Vaults)
 48778 | Vaults:4 | Identified the "Cihix" (Sif Muna gifted it to you on level
                  | 4 of the Vaults)
 48778 | Vaults:4 | Received a gift from Sif Muna
 48841 | Vaults:4 | Found Zafutzebb's Magic Scroll Shoppe.
 48849 | Vaults:4 | Bought a scroll of fog for 64 gold pieces
 49362 | Vaults:4 | Found Simih's Armour Shop.
 49428 | Vaults:5 | Entered Level 5 of the Vaults
 49429 | Vaults:5 | Noticed an ancient lich
 49439 | Vaults:5 | Killed an ancient lich
 49440 | Vaults:5 | Reached XP level 23. HP: 120/120 MP: 35/51
 49442 | Vaults:5 | Noticed Mara
 49443 | Vaults:5 | Killed Mara
 49452 | Vaults:5 | Reached skill level 18 in Air Magic
 49458 | Vaults:5 | Identified the "Xinitu" (Sif Muna gifted it to you on
                  | level 5 of the Vaults)
 49458 | Vaults:5 | Received a gift from Sif Muna
 49465 | Vaults:5 | Noticed a dread lich
 49466 | Vaults:5 | Killed an ancient lich
 49467 | Vaults:5 | Killed a dread lich
 49482 | Vaults:5 | Identified the +8 dagger of Crawling {freeze, rElec Str+4}
                  | (You took it off a vault guard on level 5 of the Vaults)
 49491 | Vaults:5 | Identified the ring of Haamenk {Fly rF+}
 49606 | Vaults:5 | Noticed a dread lich
 49610 | Vaults:5 | Killed a dread lich
 49641 | Vaults:5 | Identified the +3 great sword of Royalism {heavy, rElec
                  | Will+++ MP-9 Dex+4}
 49747 | Vaults:5 | Found Wurekuc's Magic Scroll Shop.
 49752 | Vaults:5 | Bought a scroll of fog for 68 gold pieces
 49775 | Vaults:5 | Found Tekhurum's Weapon Shop.
 49817 | Vaults:5 | Identified the +6 orcbow of Disgust {drain, Fly rN++ Will-
                  | SInv}
 50258 | Vaults:5 | Identified the ring "Omaall" {rElec Will- Str+3 Dex+6}
 50289 | Vaults:5 | Identified the +1 plate armour "Zucap" {rC+ Will+}
 50318 | Vaults:5 | Identified the +5 shadow dragon scales "Wuinuh" {rC+ Will+
                  | rCorr Slay+3 Stlth++++}
 50366 | Vaults:5 | Got a silver rune of Zot
 50436 | Vaults:5 | Found Kouniet's Magic Scroll Shoppe.
 50440 | Vaults:5 | Bought a scroll of immolation for 80 gold pieces
 50440 | Vaults:5 | Bought a scroll of immolation for 80 gold pieces
 50511 | Vaults:5 | Found Keydizew's Magic Scroll Shoppe.
 50516 | Vaults:5 | Bought a scroll of fog for 84 gold pieces
 50516 | Vaults:5 | Bought a scroll of fog for 84 gold pieces
 50841 | Vaults:1 | Bought a potion of brilliance for 80 gold pieces
 50841 | Vaults:1 | Bought a potion of invisibility for 160 gold pieces
 50841 | Vaults:1 | Bought a potion of curing for 60 gold pieces
 50841 | Vaults:1 | Bought a potion of ambrosia for 160 gold pieces
 50841 | Vaults:1 | Bought a potion of enlightenment for 100 gold pieces
 50841 | Vaults:1 | Bought a potion of might for 80 gold pieces
 50841 | Vaults:1 | Bought a potion of curing for 60 gold pieces
 50841 | Vaults:1 | Bought a potion of magic for 160 gold pieces
 50841 | Vaults:1 | Bought a potion of heal wounds for 100 gold pieces
 51028 | Depths:1 | Entered Level 1 of the Depths
 51031 | Depths:1 | Noticed Aizul
 51034 | Depths:1 | Killed Aizul
 51098 | Depths:1 | Received a gift from Sif Muna
 51213 | Depths:1 | Reached XP level 24. HP: 68/124 MP: 15/51
 51303 | Depths:1 | Reached skill level 11 in Necromancy
 51513 | Depths:1 | Noticed Louise
 51514 | Depths:1 | Killed Louise
 51526 | Depths:1 | Found a one-way gate to the infinite horrors of the Abyss.
 51704 | Depths:1 | Received a gift from Sif Muna
 51867 | Depths:1 | Found a gateway to Hell.
 52243 | Depths:2 | Found Ovasarch's Assorted Antiques.
 52252 | Depths:2 | Bought a potion of mutation for 256 gold pieces
 52275 | Depths:2 | Found Hobaytah's Jewellery Shoppe.
 52276 | Depths:2 | Found Hapriun's Book Boutique.
 52277 | Depths:2 | Found Xufeqani's Jewellery Shoppe.
 52339 | Depths:2 | Received a gift from Sif Muna
 52340 | Depths:2 | Reached skill level 15 in Necromancy
 52577 | Depths:2 | Identified the +0 cloak of the Postmodern Seas {rC+ rN+
                  | Stlth+}
 52929 | Depths:2 | Found the +8 arc blade {discharge, rElec}
 52942 | Depths:2 | Identified the +1 robe "Aheumy" {-Cast rElec Will+ Stlth+}
 53405 | Depths:2 | Found a one-way gate leading to the halls of Pandemonium.
 53588 | Depths:3 | Noticed a juggernaut
 53592 | Depths:3 | Killed a juggernaut
 53604 | Depths:3 | Noticed Sojobo
 53606 | Depths:3 | Killed Sojobo
 53607 | Depths:3 | Reached skill level 18 in Necromancy
 53692 | Depths:3 | Identified the "Isuav" (Sif Muna gifted it to you on level
                  | 3 of the Depths)
 53692 | Depths:3 | Received a gift from Sif Muna
 53740 | Depths:3 | Identified the ring "Inalyr" {rF+ Will+ Int+3}
 54150 | Depths:3 | Reached XP level 25. HP: 128/128 MP: 21/51
 54309 | Depths:3 | Noticed Boris
 54311 | Depths:3 | Killed Boris
 54314 | Depths:3 | Noticed a juggernaut
 54318 | Depths:3 | Killed a juggernaut
 54585 | Depths:4 | Entered Level 4 of the Depths
 54665 | Depths:4 | Found a one-way gateway to a ziggurat.
 54797 | Depths:4 | Identified the "Ysol" (Sif Muna gifted it to you on level
                  | 4 of the Depths)
 54797 | Depths:4 | Received a gift from Sif Muna
 54928 | Depths:4 | Learned a level 4 spell: Passage of Golubria
 54938 | Depths:4 | Learned a level 9 spell: Death's Door
 54948 | Depths:4 | Learned a level 9 spell: Shatter
 54952 | Tar:7    | Identified the of Pepsuss
 54952 | Tar:7    | Identified the of Licvept
 54952 | Dis:7    | Identified the "Faokymad"
 54952 | Dis:7    | Identified the "Taven"
 54952 | Dis:7    | Identified the "Bamnaec"
 54952 | Zig:1    | Entered Level 1 of a ziggurat
 54970 | Zig:2    | Entered Level 2 of a ziggurat
 55002 | Zig:3    | Identified the "Ukaeluick"
 55002 | Zig:3    | Entered Level 3 of a ziggurat
 55022 | Zig:4    | Entered Level 4 of a ziggurat
 55028 | Zig:4    | Reached skill level 22 in Necromancy
 55040 | Zig:4    | Identified the +4 dagger "Qoepoh" {venom, Int+4 Stlth+}
 55043 | Zig:4    | Identified the +4 dagger "Nitout" {venom, rC+ rN+ Will-}
 55050 | Zig:5    | Entered Level 5 of a ziggurat
 55072 | Zig:5    | Identified the +5 shortbow of Havoc {freeze, Str+3 Int+5}
 55079 | Zig:6    | Identified the "Osude"
 55079 | Zig:6    | Entered Level 6 of a ziggurat
 55141 | Zig:6    | Identified the staff of Dishonesty {rElec rPois rN+ Int+6
                  | Dex-2 Air}
 55146 | Zig:7    | Identified the "Necit"
 55146 | Zig:7    | Entered Level 7 of a ziggurat
 55179 | Zig:8    | Entered Level 8 of a ziggurat
 55198 | Zig:8    | Identified the staff "Fotiepp" {rElec rC- Str+3 Int+3 Conj}
 55200 | Zig:8    | Identified the +8 arbalest of the Priest {flame, Stlth+}
 55214 | Zig:9    | Identified the "Piplotz"
 55214 | Zig:9    | Entered Level 9 of a ziggurat
 55222 | Zig:9    | Received a gift from Sif Muna
 55239 | Zig:9    | Identified the ring "Saniwir" {Ice Int+3}
 55251 | Zig:10   | Entered Level 10 of a ziggurat
 55257 | Zig:10   | Noticed a royal mummy
 55262 | Zig:10   | Killed a royal mummy
 55305 | Zig:10   | Reached XP level 26. HP: 77/134 MP: 51/51
 55309 | Zig:10   | Identified the +4 dagger of Waavash {heavy, rCorr Str+4}
 55317 | Zig:10   | Identified the ring of the Nine Hosts {+Blink rC+ rCorr
                  | Str-3 Stlth+}
 55323 | Zig:11   | Entered Level 11 of a ziggurat
 55336 | Zig:11   | Reached skill level 11 in Earth Magic
 55340 | Zig:11   | Found the +9 sword of Zonguldrok {reap}
 55343 | Zig:11   | Found the +11 plutonium sword {Contam Stlth-}
 55373 | Zig:12   | Entered Level 12 of a ziggurat
 55380 | Zig:12   | Found the +2 hat of the Bear Spirit {Spirit, Bear, *Rage
                  | Will++}
 55381 | Zig:12   | Received a gift from Sif Muna
 55388 | Zig:12   | Identified the +6 spear of the Feral God {protect, rN+}
 55389 | Zig:12   | Identified the +3 mace "Reuhahoi" {flame, Will+}
 55390 | Zig:12   | Identified the +0 scale mail of Byclyeno {Int+4}
 55405 | Zig:12   | Identified the +4 ring mail "Ceblon" {Contam rPois Str+3
                  | Int+7 Slay+3}
 55446 | Zig:12   | Reached XP level 27. HP: 70/138 MP: 51/51
 55448 | Zig:13   | Entered Level 13 of a ziggurat
 55468 | Zig:13   | Identified the ring of Piukyup {rC+ MP-9 Str+4}
 55471 | Zig:13   | Identified the +3 chain mail of Dramatic Exits {Harm
                  | Rampage rElec Dex-5}
 55472 | Zig:13   | Identified the ring of Doasoll {rCorr AC+4 Stlth+}
 55474 | Zig:13   | Identified the ring "Kuzatud" {rF++ AC+4}
 55479 | Zig:13   | Identified the ring of Heresy {rF- EV+5 Int-2 Dex+8}
 55569 | Zig:14   | Entered Level 14 of a ziggurat
 55582 | Zig:14   | Reached skill level 15 in Earth Magic
 55588 | Zig:14   | Identified the ring "Anyhoiju" {rPois rCorr Dex+3 Slay+5}
 55591 | Zig:14   | Identified the ring of Joid {Fly rPois rF++ rCorr Int-2}
 55594 | Zig:14   | Identified the +2 swamp dragon scales of the Equinox {Drain
                  | rElec rPois rF+ Will+}
 55600 | Zig:14   | Identified the +3 trident of the Rattlesnake {venom, rPois
                  | rC+}
 55612 | Zig:14   | Identified the +5 spear "Ythreym" {flame, Str+3 SInv
                  | Stlth+}
 55637 | Zig:15   | Entered Level 15 of a ziggurat
 55645 | Zig:15   | Noticed a dread lich
 55647 | Zig:15   | Identified the "Onaakk" (Sif Muna gifted it to you on
                  | level 15 of a ziggurat)
 55647 | Zig:15   | Identified the "Motyaly" (Sif Muna gifted it to you on
                  | level 15 of a ziggurat)
 55647 | Zig:15   | Identified the "Riwow" (Sif Muna gifted it to you on level
                  | 15 of a ziggurat)
 55647 | Zig:15   | Identified the "Xiwnuki" (Sif Muna gifted it to you on
                  | level 15 of a ziggurat)
 55647 | Zig:15   | Identified the "Muuxit" (Sif Muna gifted it to you on
                  | level 15 of a ziggurat)
 55647 | Zig:15   | Identified the "Plog" (Sif Muna gifted it to you on level
                  | 15 of a ziggurat)
 55647 | Zig:15   | Identified the "Moaj" (Sif Muna gifted it to you on level
                  | 15 of a ziggurat)
 55647 | Zig:15   | Identified the of Downofu (Sif Muna gifted it to you on
                  | level 15 of a ziggurat)
 55647 | Zig:15   | Identified the of Otzuzxed (Sif Muna gifted it to you on
                  | level 15 of a ziggurat)
 55647 | Zig:15   | Identified the of Furchungu (Sif Muna gifted it to you on
                  | level 15 of a ziggurat)
 55647 | Zig:15   | Identified the of Anlait Elle (Sif Muna gifted it to you
                  | on level 15 of a ziggurat)
 55647 | Zig:15   | Identified the "Lestip" (Sif Muna gifted it to you on
                  | level 15 of a ziggurat)
 55647 | Zig:15   | Identified the "Nihays" (Sif Muna gifted it to you on
                  | level 15 of a ziggurat)
 55647 | Zig:15   | Identified the "Gyrelezi" (Sif Muna gifted it to you on
                  | level 15 of a ziggurat)
 55647 | Zig:15   | Identified the "Joukoirch" (Sif Muna gifted it to you on
                  | level 15 of a ziggurat)
 55647 | Zig:15   | Identified the "Hodahuve" (Sif Muna gifted it to you on
                  | level 15 of a ziggurat)
 55647 | Zig:15   | Identified the "Yczext" (Sif Muna gifted it to you on
                  | level 15 of a ziggurat)
 55647 | Zig:15   | Identified the "Jaoblotti" (Sif Muna gifted it to you on
                  | level 15 of a ziggurat)
 55647 | Zig:15   | Identified the "Cel Qadd" (Sif Muna gifted it to you on
                  | level 15 of a ziggurat)
 55647 | Zig:15   | Identified the of Sargh (Sif Muna gifted it to you on
                  | level 15 of a ziggurat)
 55647 | Zig:15   | Identified the "Ikla" (Sif Muna gifted it to you on level
                  | 15 of a ziggurat)
 55647 | Zig:15   | Identified the "Dept" (Sif Muna gifted it to you on level
                  | 15 of a ziggurat)
 55647 | Zig:15   | Identified the of Koz Laap (Sif Muna gifted it to you on
                  | level 15 of a ziggurat)
 55647 | Zig:15   | Identified the "Xeruabuu" (Sif Muna gifted it to you on
                  | level 15 of a ziggurat)
 55647 | Zig:15   | Identified the "Maetun" (Sif Muna gifted it to you on
                  | level 15 of a ziggurat)
 55647 | Zig:15   | Identified the of Zenn (Sif Muna gifted it to you on level
                  | 15 of a ziggurat)
 55647 | Zig:15   | Identified the "Unets" (Sif Muna gifted it to you on level
                  | 15 of a ziggurat)
 55647 | Zig:15   | Identified the of Ycaihi Gutys (Sif Muna gifted it to you
                  | on level 15 of a ziggurat)
 55647 | Zig:15   | Identified the "Daarel" (Sif Muna gifted it to you on
                  | level 15 of a ziggurat)
 55647 | Zig:15   | Identified the "Omaimem" (Sif Muna gifted it to you on
                  | level 15 of a ziggurat)
 55647 | Zig:15   | Identified the of Weid (Sif Muna gifted it to you on level
                  | 15 of a ziggurat)
 55647 | Zig:15   | Identified the of Maraemiw (Sif Muna gifted it to you on
                  | level 15 of a ziggurat)
 55647 | Zig:15   | Identified the "Vakhaishu" (Sif Muna gifted it to you on
                  | level 15 of a ziggurat)
 55647 | Zig:15   | Identified the of Enazxuca (Sif Muna gifted it to you on
                  | level 15 of a ziggurat)
 55647 | Zig:15   | Identified the of Wuun (Sif Muna gifted it to you on level
                  | 15 of a ziggurat)
 55647 | Zig:15   | Identified the "Xaffe" (Sif Muna gifted it to you on level
                  | 15 of a ziggurat)
 55647 | Zig:15   | Identified the "Jexobof" (Sif Muna gifted it to you on
                  | level 15 of a ziggurat)
 55647 | Zig:15   | Identified the "Qequr" (Sif Muna gifted it to you on level
                  | 15 of a ziggurat)
 55647 | Zig:15   | Identified the of Govvanuy (Sif Muna gifted it to you on
                  | level 15 of a ziggurat)
 55647 | Zig:15   | Identified the "Kazigic" (Sif Muna gifted it to you on
                  | level 15 of a ziggurat)
 55648 | Zig:15   | Killed a dread lich
 55649 | Zig:15   | Identified the of Uluhaumor (Sif Muna gifted it to you on
                  | level 15 of a ziggurat)
 55649 | Zig:15   | Identified the "Duavetum" (Sif Muna gifted it to you on
                  | level 15 of a ziggurat)
 55649 | Zig:15   | Identified the "Wokh" (Sif Muna gifted it to you on level
                  | 15 of a ziggurat)
 55649 | Zig:15   | Identified the "Woivios" (Sif Muna gifted it to you on
                  | level 15 of a ziggurat)
 55649 | Zig:15   | Identified the of Boestrai (Sif Muna gifted it to you on
                  | level 15 of a ziggurat)
 55649 | Zig:15   | Identified the "Niebriu" (Sif Muna gifted it to you on
                  | level 15 of a ziggurat)
 55649 | Zig:15   | Identified the of Elupuf (Sif Muna gifted it to you on
                  | level 15 of a ziggurat)
 55649 | Zig:15   | Identified the of Nionalet (Sif Muna gifted it to you on
                  | level 15 of a ziggurat)
 55649 | Zig:15   | Identified the "Giegg" (Sif Muna gifted it to you on level
                  | 15 of a ziggurat)
 55649 | Zig:15   | Identified the "Besot" (Sif Muna gifted it to you on level
                  | 15 of a ziggurat)
 55649 | Zig:15   | Identified the "Iteaz" (Sif Muna gifted it to you on level
                  | 15 of a ziggurat)
 55649 | Zig:15   | Identified the of Bailaiba (Sif Muna gifted it to you on
                  | level 15 of a ziggurat)
 55649 | Zig:15   | Identified the "Rosh" (Sif Muna gifted it to you on level
                  | 15 of a ziggurat)
 55649 | Zig:15   | Identified the "Wuesom" (Sif Muna gifted it to you on
                  | level 15 of a ziggurat)
 55649 | Zig:15   | Identified the of Sopofefie (Sif Muna gifted it to you on
                  | level 15 of a ziggurat)
 55649 | Zig:15   | Identified the "Beuzivit" (Sif Muna gifted it to you on
                  | level 15 of a ziggurat)
 55649 | Zig:15   | Identified the "Mafawk" (Sif Muna gifted it to you on
                  | level 15 of a ziggurat)
 55649 | Zig:15   | Identified the "Dezeirr" (Sif Muna gifted it to you on
                  | level 15 of a ziggurat)
 55649 | Zig:15   | Identified the of Weugg (Sif Muna gifted it to you on
                  | level 15 of a ziggurat)
 55649 | Zig:15   | Identified the "Werudoy" (Sif Muna gifted it to you on
                  | level 15 of a ziggurat)
 55649 | Zig:15   | Identified the "Nobaugis" (Sif Muna gifted it to you on
                  | level 15 of a ziggurat)
 55649 | Zig:15   | Identified the of Fyqu (Sif Muna gifted it to you on level
                  | 15 of a ziggurat)
 55649 | Zig:15   | Identified the "Tuuvei" (Sif Muna gifted it to you on
                  | level 15 of a ziggurat)
 55649 | Zig:15   | Identified the "Sighopn" (Sif Muna gifted it to you on
                  | level 15 of a ziggurat)
 55649 | Zig:15   | Identified the of Keagyomm (Sif Muna gifted it to you on
                  | level 15 of a ziggurat)
 55649 | Zig:15   | Identified the "Yrghaaceo" (Sif Muna gifted it to you on
                  | level 15 of a ziggurat)
 55649 | Zig:15   | Identified the "Vyreujy" (Sif Muna gifted it to you on
                  | level 15 of a ziggurat)
 55649 | Zig:15   | Identified the of Kotaitent (Sif Muna gifted it to you on
                  | level 15 of a ziggurat)
 55649 | Zig:15   | Identified the "Soceklou" (Sif Muna gifted it to you on
                  | level 15 of a ziggurat)
 55649 | Zig:15   | Identified the "Koweof" (Sif Muna gifted it to you on
                  | level 15 of a ziggurat)
 55649 | Zig:15   | Identified the "Dauffaes" (Sif Muna gifted it to you on
                  | level 15 of a ziggurat)
 55649 | Zig:15   | Identified the "Xiskunipp" (Sif Muna gifted it to you on
                  | level 15 of a ziggurat)
 55649 | Zig:15   | Identified the "Qubeyruac" (Sif Muna gifted it to you on
                  | level 15 of a ziggurat)
 55649 | Zig:15   | Identified the "Gojaunk" (Sif Muna gifted it to you on
                  | level 15 of a ziggurat)
 55649 | Zig:15   | Identified the "Nischoeho" (Sif Muna gifted it to you on
                  | level 15 of a ziggurat)
 55649 | Zig:15   | Identified the of Elehawi (Sif Muna gifted it to you on
                  | level 15 of a ziggurat)
 55649 | Zig:15   | Identified the "Ommaefou" (Sif Muna gifted it to you on
                  | level 15 of a ziggurat)
 55649 | Zig:15   | Identified the of Xoet Jusua (Sif Muna gifted it to you on
                  | level 15 of a ziggurat)
 55649 | Zig:15   | Identified the "Leylav" (Sif Muna gifted it to you on
                  | level 15 of a ziggurat)
 55649 | Zig:15   | Identified the "Plog" (Sif Muna gifted it to you on level
                  | 15 of a ziggurat)
 55651 | Zig:15   | Found the +10 morningstar "Eos" {elec, Halo rElec}
 55663 | Zig:15   | Identified the +6 short sword "Catrasakh" {heavy, rC- rN+
                  | Dex+5}
 55763 | Zig:16   | Identified the of Anahouto
 55763 | Zig:16   | Entered Level 16 of a ziggurat
 55768 | Zig:16   | Found the +0 toga "Victory" {*Victory Clar}
 55769 | Zig:16   | Identified the "Gyogugim" (Sif Muna gifted it to you on
                  | level 16 of a ziggurat)
 55769 | Zig:16   | Identified the of Qiz Lenun (Sif Muna gifted it to you on
                  | level 16 of a ziggurat)
 55769 | Zig:16   | Identified the "Fainajir" (Sif Muna gifted it to you on
                  | level 16 of a ziggurat)
 55769 | Zig:16   | Identified the "Pufal" (Sif Muna gifted it to you on level
                  | 16 of a ziggurat)
 55769 | Zig:16   | Identified the of Xeklid (Sif Muna gifted it to you on
                  | level 16 of a ziggurat)
 55769 | Zig:16   | Identified the "Zopsuvue" (Sif Muna gifted it to you on
                  | level 16 of a ziggurat)
 55769 | Zig:16   | Identified the "Buucitz" (Sif Muna gifted it to you on
                  | level 16 of a ziggurat)
 55769 | Zig:16   | Identified the "Vonyoh" (Sif Muna gifted it to you on
                  | level 16 of a ziggurat)
 55769 | Zig:16   | Identified the "Ivyno" (Sif Muna gifted it to you on level
                  | 16 of a ziggurat)
 55769 | Zig:16   | Identified the "Icreviho" (Sif Muna gifted it to you on
                  | level 16 of a ziggurat)
 55769 | Zig:16   | Identified the "Vuit" (Sif Muna gifted it to you on level
                  | 16 of a ziggurat)
 55769 | Zig:16   | Identified the "Xirph" (Sif Muna gifted it to you on level
                  | 16 of a ziggurat)
 55769 | Zig:16   | Identified the "Lerido" (Sif Muna gifted it to you on
                  | level 16 of a ziggurat)
 55769 | Zig:16   | Identified the of Roru (Sif Muna gifted it to you on level
                  | 16 of a ziggurat)
 55769 | Zig:16   | Identified the of Giloog (Sif Muna gifted it to you on
                  | level 16 of a ziggurat)
 55769 | Zig:16   | Identified the "Gaililos" (Sif Muna gifted it to you on
                  | level 16 of a ziggurat)
 55769 | Zig:16   | Identified the of Maqaem (Sif Muna gifted it to you on
                  | level 16 of a ziggurat)
 55769 | Zig:16   | Identified the "Let Quni" (Sif Muna gifted it to you on
                  | level 16 of a ziggurat)
 55769 | Zig:16   | Identified the of Cuel (Sif Muna gifted it to you on level
                  | 16 of a ziggurat)
 55769 | Zig:16   | Identified the "Wyatu" (Sif Muna gifted it to you on level
                  | 16 of a ziggurat)
 55769 | Zig:16   | Identified the "Suet" (Sif Muna gifted it to you on level
                  | 16 of a ziggurat)
 55769 | Zig:16   | Identified the of Taukk (Sif Muna gifted it to you on
                  | level 16 of a ziggurat)
 55769 | Zig:16   | Identified the of Valink (Sif Muna gifted it to you on
                  | level 16 of a ziggurat)
 55769 | Zig:16   | Identified the of Qieqir (Sif Muna gifted it to you on
                  | level 16 of a ziggurat)
 55769 | Zig:16   | Identified the "Xicaz" (Sif Muna gifted it to you on level
                  | 16 of a ziggurat)
 55769 | Zig:16   | Identified the "Quowumanigi" (Sif Muna gifted it to you on
                  | level 16 of a ziggurat)
 55769 | Zig:16   | Identified the "Itainohi" (Sif Muna gifted it to you on
                  | level 16 of a ziggurat)
 55769 | Zig:16   | Identified the "Gusudak" (Sif Muna gifted it to you on
                  | level 16 of a ziggurat)
 55769 | Zig:16   | Identified the of Tozeybbi (Sif Muna gifted it to you on
                  | level 16 of a ziggurat)
 55769 | Zig:16   | Identified the "Pewa" (Sif Muna gifted it to you on level
                  | 16 of a ziggurat)
 55769 | Zig:16   | Identified the of Nueshof (Sif Muna gifted it to you on
                  | level 16 of a ziggurat)
 55769 | Zig:16   | Identified the "Boics" (Sif Muna gifted it to you on level
                  | 16 of a ziggurat)
 55769 | Zig:16   | Identified the of Bires (Sif Muna gifted it to you on
                  | level 16 of a ziggurat)
 55769 | Zig:16   | Identified the "Potwoca" (Sif Muna gifted it to you on
                  | level 16 of a ziggurat)
 55769 | Zig:16   | Identified the "Huad" (Sif Muna gifted it to you on level
                  | 16 of a ziggurat)
 55769 | Zig:16   | Identified the "Weaqinwa" (Sif Muna gifted it to you on
                  | level 16 of a ziggurat)
 55769 | Zig:16   | Identified the "Zupryr" (Sif Muna gifted it to you on
                  | level 16 of a ziggurat)
 55769 | Zig:16   | Identified the of Sietaepp (Sif Muna gifted it to you on
                  | level 16 of a ziggurat)
 55769 | Zig:16   | Identified the of Cure (Sif Muna gifted it to you on level
                  | 16 of a ziggurat)
 55769 | Zig:16   | Identified the of Puqio (Sif Muna gifted it to you on
                  | level 16 of a ziggurat)
 55769 | Zig:16   | Identified the of Qitecvu (Sif Muna gifted it to you on
                  | level 16 of a ziggurat)
 55769 | Zig:16   | Identified the "Xaxkecza" (Sif Muna gifted it to you on
                  | level 16 of a ziggurat)
 55769 | Zig:16   | Identified the "Imawaaptim" (Sif Muna gifted it to you on
                  | level 16 of a ziggurat)
 55769 | Zig:16   | Identified the "Veumaos" (Sif Muna gifted it to you on
                  | level 16 of a ziggurat)
 55769 | Zig:16   | Identified the "Pousul" (Sif Muna gifted it to you on
                  | level 16 of a ziggurat)
 55769 | Zig:16   | Identified the "Ciw Hiyf" (Sif Muna gifted it to you on
                  | level 16 of a ziggurat)
 55769 | Zig:16   | Identified the "Ywno" (Sif Muna gifted it to you on level
                  | 16 of a ziggurat)
 55769 | Zig:16   | Identified the "Elunuam" (Sif Muna gifted it to you on
                  | level 16 of a ziggurat)
 55769 | Zig:16   | Identified the of Pogipieh (Sif Muna gifted it to you on
                  | level 16 of a ziggurat)
 55769 | Zig:16   | Identified the "Munt" (Sif Muna gifted it to you on level
                  | 16 of a ziggurat)
 55769 | Zig:16   | Identified the "Pyrriklu" (Sif Muna gifted it to you on
                  | level 16 of a ziggurat)
 55769 | Zig:16   | Identified the of Retoa (Sif Muna gifted it to you on
                  | level 16 of a ziggurat)
 55769 | Zig:16   | Identified the "Venwek Tass" (Sif Muna gifted it to you on
                  | level 16 of a ziggurat)
 55769 | Zig:16   | Identified the "Daschuw" (Sif Muna gifted it to you on
                  | level 16 of a ziggurat)
 55769 | Zig:16   | Identified the "Weurog" (Sif Muna gifted it to you on
                  | level 16 of a ziggurat)
 55769 | Zig:16   | Identified the "Fuicw" (Sif Muna gifted it to you on level
                  | 16 of a ziggurat)
 55769 | Zig:16   | Identified the of Jucyz (Sif Muna gifted it to you on
                  | level 16 of a ziggurat)
 55769 | Zig:16   | Identified the "Ametudgh" (Sif Muna gifted it to you on
                  | level 16 of a ziggurat)
 55769 | Zig:16   | Identified the of Gehumimo (Sif Muna gifted it to you on
                  | level 16 of a ziggurat)
 55769 | Zig:16   | Identified the "Kugyp" (Sif Muna gifted it to you on level
                  | 16 of a ziggurat)
 55769 | Zig:16   | Identified the of Iboa (Sif Muna gifted it to you on level
                  | 16 of a ziggurat)
 55769 | Zig:16   | Identified the "Jumac" (Sif Muna gifted it to you on level
                  | 16 of a ziggurat)
 55769 | Zig:16   | Identified the "Toedo" (Sif Muna gifted it to you on level
                  | 16 of a ziggurat)
 55769 | Zig:16   | Identified the "Mixzas Oshri" (Sif Muna gifted it to you
                  | on level 16 of a ziggurat)
 55769 | Zig:16   | Identified the of Aremyude (Sif Muna gifted it to you on
                  | level 16 of a ziggurat)
 55769 | Zig:16   | Identified the "Ruuclah" (Sif Muna gifted it to you on
                  | level 16 of a ziggurat)
 55769 | Zig:16   | Identified the "Zooniesm" (Sif Muna gifted it to you on
                  | level 16 of a ziggurat)
 55769 | Zig:16   | Identified the "Zix Tini" (Sif Muna gifted it to you on
                  | level 16 of a ziggurat)
 55769 | Zig:16   | Identified the of Saesuif (Sif Muna gifted it to you on
                  | level 16 of a ziggurat)
 55769 | Zig:16   | Identified the "Humioz" (Sif Muna gifted it to you on
                  | level 16 of a ziggurat)
 55769 | Zig:16   | Identified the of Gaefren (Sif Muna gifted it to you on
                  | level 16 of a ziggurat)
 55769 | Zig:16   | Identified the of Bappiumos (Sif Muna gifted it to you on
                  | level 16 of a ziggurat)
 55769 | Zig:16   | Identified the "Vigyaxko" (Sif Muna gifted it to you on
                  | level 16 of a ziggurat)
 55769 | Zig:16   | Identified the "Ugoxkut" (Sif Muna gifted it to you on
                  | level 16 of a ziggurat)
 55769 | Zig:16   | Identified the of Siluim (Sif Muna gifted it to you on
                  | level 16 of a ziggurat)
 55769 | Zig:16   | Identified the "Opif" (Sif Muna gifted it to you on level
                  | 16 of a ziggurat)
 55769 | Zig:16   | Identified the "Wus Mirofi" (Sif Muna gifted it to you on
                  | level 16 of a ziggurat)
 55769 | Zig:16   | Identified the "Pace" (Sif Muna gifted it to you on level
                  | 16 of a ziggurat)
 55769 | Zig:16   | Identified the "Fedon" (Sif Muna gifted it to you on level
                  | 16 of a ziggurat)
 55769 | Zig:16   | Identified the "Jipaaps" (Sif Muna gifted it to you on
                  | level 16 of a ziggurat)
 55769 | Zig:16   | Identified the "Hagipsam" (Sif Muna gifted it to you on
                  | level 16 of a ziggurat)
 55769 | Zig:16   | Identified the "Suzuvvef" (Sif Muna gifted it to you on
                  | level 16 of a ziggurat)
 55769 | Zig:16   | Identified the "Beim" (Sif Muna gifted it to you on level
                  | 16 of a ziggurat)
 55769 | Zig:16   | Identified the "Masimus" (Sif Muna gifted it to you on
                  | level 16 of a ziggurat)
 55769 | Zig:16   | Identified the of Foplywna (Sif Muna gifted it to you on
                  | level 16 of a ziggurat)
 55769 | Zig:16   | Identified the "Quufycvu" (Sif Muna gifted it to you on
                  | level 16 of a ziggurat)
 55769 | Zig:16   | Identified the "Ziviocoe" (Sif Muna gifted it to you on
                  | level 16 of a ziggurat)
 55769 | Zig:16   | Identified the "Tothrippo" (Sif Muna gifted it to you on
                  | level 16 of a ziggurat)
 55769 | Zig:16   | Identified the "Kuipho" (Sif Muna gifted it to you on
                  | level 16 of a ziggurat)
 55769 | Zig:16   | Identified the "Eguofeg" (Sif Muna gifted it to you on
                  | level 16 of a ziggurat)
 55769 | Zig:16   | Identified the of Feamy (Sif Muna gifted it to you on
                  | level 16 of a ziggurat)
 55769 | Zig:16   | Identified the "Myni" (Sif Muna gifted it to you on level
                  | 16 of a ziggurat)
 55769 | Zig:16   | Identified the of Qucoetun (Sif Muna gifted it to you on
                  | level 16 of a ziggurat)
 55769 | Zig:16   | Identified the "Subuq" (Sif Muna gifted it to you on level
                  | 16 of a ziggurat)
 55769 | Zig:16   | Identified the "Fyzxent" (Sif Muna gifted it to you on
                  | level 16 of a ziggurat)
 55769 | Zig:16   | Identified the of Jeigifeokh (Sif Muna gifted it to you on
                  | level 16 of a ziggurat)
 55769 | Zig:16   | Identified the "Falustrev" (Sif Muna gifted it to you on
                  | level 16 of a ziggurat)
 55769 | Zig:16   | Identified the "Koseggoll" (Sif Muna gifted it to you on
                  | level 16 of a ziggurat)
 55769 | Zig:16   | Identified the "Odwyc" (Sif Muna gifted it to you on level
                  | 16 of a ziggurat)
 55769 | Zig:16   | Identified the "Puludghi" (Sif Muna gifted it to you on
                  | level 16 of a ziggurat)
 55769 | Zig:16   | Identified the "Ceufuoru" (Sif Muna gifted it to you on
                  | level 16 of a ziggurat)
 55769 | Zig:16   | Identified the of Iqotourgh (Sif Muna gifted it to you on
                  | level 16 of a ziggurat)
 55769 | Zig:16   | Identified the of Nibra (Sif Muna gifted it to you on
                  | level 16 of a ziggurat)
 55769 | Zig:16   | Identified the of Orrah (Sif Muna gifted it to you on
                  | level 16 of a ziggurat)
 55769 | Zig:16   | Identified the of Ziyduynonk (Sif Muna gifted it to you on
                  | level 16 of a ziggurat)
 55769 | Zig:16   | Identified the "Roddoy" (Sif Muna gifted it to you on
                  | level 16 of a ziggurat)
 55769 | Zig:16   | Identified the of Vemolopt (Sif Muna gifted it to you on
                  | level 16 of a ziggurat)
 55769 | Zig:16   | Identified the "Wuroag" (Sif Muna gifted it to you on
                  | level 16 of a ziggurat)
 55769 | Zig:16   | Identified the "Efisarunk" (Sif Muna gifted it to you on
                  | level 16 of a ziggurat)
 55769 | Zig:16   | Identified the "Dewoope" (Sif Muna gifted it to you on
                  | level 16 of a ziggurat)
 55769 | Zig:16   | Identified the "Vaarhifi" (Sif Muna gifted it to you on
                  | level 16 of a ziggurat)
 55769 | Zig:16   | Identified the "Ynown" (Sif Muna gifted it to you on level
                  | 16 of a ziggurat)
 55769 | Zig:16   | Identified the "Zorghi Niobu" (Sif Muna gifted it to you
                  | on level 16 of a ziggurat)
 55769 | Zig:16   | Identified the "Idoy" (Sif Muna gifted it to you on level
                  | 16 of a ziggurat)
 55769 | Zig:16   | Identified the "Ighoazao" (Sif Muna gifted it to you on
                  | level 16 of a ziggurat)
 55769 | Zig:16   | Identified the "Begyc" (Sif Muna gifted it to you on level
                  | 16 of a ziggurat)
 55769 | Zig:16   | Identified the "Teexef" (Sif Muna gifted it to you on
                  | level 16 of a ziggurat)
 55769 | Zig:16   | Identified the of Nextuggi (Sif Muna gifted it to you on
                  | level 16 of a ziggurat)
 55769 | Zig:16   | Identified the "Qaleip" (Sif Muna gifted it to you on
                  | level 16 of a ziggurat)
 55769 | Zig:16   | Identified the "Asseon" (Sif Muna gifted it to you on
                  | level 16 of a ziggurat)
 55769 | Zig:16   | Identified the "Koeti" (Sif Muna gifted it to you on level
                  | 16 of a ziggurat)
 55769 | Zig:16   | Identified the "Huykh" (Sif Muna gifted it to you on level
                  | 16 of a ziggurat)
 55769 | Zig:16   | Identified the "Ipliosch" (Sif Muna gifted it to you on
                  | level 16 of a ziggurat)
 55769 | Zig:16   | Identified the of Gisuof (Sif Muna gifted it to you on
                  | level 16 of a ziggurat)
 55769 | Zig:16   | Identified the "Buinyqah" (Sif Muna gifted it to you on
                  | level 16 of a ziggurat)
 55769 | Zig:16   | Identified the "Musujokk" (Sif Muna gifted it to you on
                  | level 16 of a ziggurat)
 55769 | Zig:16   | Identified the of Ecim (Sif Muna gifted it to you on level
                  | 16 of a ziggurat)
 55769 | Zig:16   | Identified the "Tipeimou" (Sif Muna gifted it to you on
                  | level 16 of a ziggurat)
 55769 | Zig:16   | Identified the of Ruptos (Sif Muna gifted it to you on
                  | level 16 of a ziggurat)
 55769 | Zig:16   | Identified the "Vaif" (Sif Muna gifted it to you on level
                  | 16 of a ziggurat)
 55769 | Zig:16   | Identified the "Udduadof" (Sif Muna gifted it to you on
                  | level 16 of a ziggurat)
 55769 | Zig:16   | Identified the "Neakk" (Sif Muna gifted it to you on level
                  | 16 of a ziggurat)
 55769 | Zig:16   | Identified the "Sylumili" (Sif Muna gifted it to you on
                  | level 16 of a ziggurat)
 55769 | Zig:16   | Identified the "Ryrurch" (Sif Muna gifted it to you on
                  | level 16 of a ziggurat)
 55769 | Zig:16   | Identified the of Cafawkuh (Sif Muna gifted it to you on
                  | level 16 of a ziggurat)
 55769 | Zig:16   | Identified the "Misexaib" (Sif Muna gifted it to you on
                  | level 16 of a ziggurat)
 55769 | Zig:16   | Identified the "Zeppoyhot" (Sif Muna gifted it to you on
                  | level 16 of a ziggurat)
 55769 | Zig:16   | Identified the "Runuy" (Sif Muna gifted it to you on level
                  | 16 of a ziggurat)
 55769 | Zig:16   | Identified the "Julo" (Sif Muna gifted it to you on level
                  | 16 of a ziggurat)
 55769 | Zig:16   | Identified the "Vaxkyon" (Sif Muna gifted it to you on
                  | level 16 of a ziggurat)
 55769 | Zig:16   | Identified the "Ofru" (Sif Muna gifted it to you on level
                  | 16 of a ziggurat)
 55769 | Zig:16   | Identified the "Qodefywn" (Sif Muna gifted it to you on
                  | level 16 of a ziggurat)
 55769 | Zig:16   | Identified the of Facwad (Sif Muna gifted it to you on
                  | level 16 of a ziggurat)
 55769 | Zig:16   | Identified the "Puug" (Sif Muna gifted it to you on level
                  | 16 of a ziggurat)
 55769 | Zig:16   | Identified the "Pet Akk" (Sif Muna gifted it to you on
                  | level 16 of a ziggurat)
 55769 | Zig:16   | Identified the "Goqaocku" (Sif Muna gifted it to you on
                  | level 16 of a ziggurat)
 55769 | Zig:16   | Identified the "Odegy" (Sif Muna gifted it to you on level
                  | 16 of a ziggurat)
 55769 | Zig:16   | Identified the of Zecemofi (Sif Muna gifted it to you on
                  | level 16 of a ziggurat)
 55769 | Zig:16   | Identified the "Ryligih" (Sif Muna gifted it to you on
                  | level 16 of a ziggurat)
 55769 | Zig:16   | Identified the "Ojipeewk" (Sif Muna gifted it to you on
                  | level 16 of a ziggurat)
 55769 | Zig:16   | Identified the "Risse" (Sif Muna gifted it to you on level
                  | 16 of a ziggurat)
 55769 | Zig:16   | Identified the of Nittent (Sif Muna gifted it to you on
                  | level 16 of a ziggurat)
 55769 | Zig:16   | Identified the "Ekleahy" (Sif Muna gifted it to you on
                  | level 16 of a ziggurat)
 55769 | Zig:16   | Identified the "Ykkelox" (Sif Muna gifted it to you on
                  | level 16 of a ziggurat)
 55769 | Zig:16   | Identified the "Aklibb" (Sif Muna gifted it to you on
                  | level 16 of a ziggurat)
 55769 | Zig:16   | Identified the of Ebesoikk (Sif Muna gifted it to you on
                  | level 16 of a ziggurat)
 55769 | Zig:16   | Identified the "Coroyle" (Sif Muna gifted it to you on
                  | level 16 of a ziggurat)
 55769 | Zig:16   | Identified the "Ucoseuxt" (Sif Muna gifted it to you on
                  | level 16 of a ziggurat)
 55769 | Zig:16   | Identified the "Woerotau" (Sif Muna gifted it to you on
                  | level 16 of a ziggurat)
 55769 | Zig:16   | Identified the "Xehor" (Sif Muna gifted it to you on level
                  | 16 of a ziggurat)
 55769 | Zig:16   | Identified the "Rileech" (Sif Muna gifted it to you on
                  | level 16 of a ziggurat)
 55769 | Zig:16   | Identified the of Zyisig (Sif Muna gifted it to you on
                  | level 16 of a ziggurat)
 55769 | Zig:16   | Identified the "Kinn" (Sif Muna gifted it to you on level
                  | 16 of a ziggurat)
 55769 | Zig:16   | Identified the "Lil Wewk" (Sif Muna gifted it to you on
                  | level 16 of a ziggurat)
 55769 | Zig:16   | Identified the of Dimafuhi (Sif Muna gifted it to you on
                  | level 16 of a ziggurat)
 55769 | Zig:16   | Identified the "Boalecus" (Sif Muna gifted it to you on
                  | level 16 of a ziggurat)
 55769 | Zig:16   | Identified the "Wiust" (Sif Muna gifted it to you on level
                  | 16 of a ziggurat)
 55769 | Zig:16   | Identified the "Jaeckil" (Sif Muna gifted it to you on
                  | level 16 of a ziggurat)
 55769 | Zig:16   | Identified the "Tanype" (Sif Muna gifted it to you on
                  | level 16 of a ziggurat)
 55769 | Zig:16   | Identified the of Kaludi (Sif Muna gifted it to you on
                  | level 16 of a ziggurat)
 55769 | Zig:16   | Identified the "Acyunaum" (Sif Muna gifted it to you on
                  | level 16 of a ziggurat)
 55769 | Zig:16   | Identified the "Kagal" (Sif Muna gifted it to you on level
                  | 16 of a ziggurat)
 55769 | Zig:16   | Identified the "Migaj" (Sif Muna gifted it to you on level
                  | 16 of a ziggurat)
 55769 | Zig:16   | Identified the "Beegetea" (Sif Muna gifted it to you on
                  | level 16 of a ziggurat)
 55769 | Zig:16   | Identified the "Zipyiw" (Sif Muna gifted it to you on
                  | level 16 of a ziggurat)
 55769 | Zig:16   | Identified the "Inatary" (Sif Muna gifted it to you on
                  | level 16 of a ziggurat)
 55769 | Zig:16   | Identified the "Jasuas" (Sif Muna gifted it to you on
                  | level 16 of a ziggurat)
 55769 | Zig:16   | Identified the "Zeckopiqu" (Sif Muna gifted it to you on
                  | level 16 of a ziggurat)
 55769 | Zig:16   | Identified the of Divvenai (Sif Muna gifted it to you on
                  | level 16 of a ziggurat)
 55769 | Zig:16   | Identified the "Boafo" (Sif Muna gifted it to you on level
                  | 16 of a ziggurat)
 55769 | Zig:16   | Identified the "Ejiureu" (Sif Muna gifted it to you on
                  | level 16 of a ziggurat)
 55769 | Zig:16   | Identified the "Deosee" (Sif Muna gifted it to you on
                  | level 16 of a ziggurat)
 55769 | Zig:16   | Identified the "Coff" (Sif Muna gifted it to you on level
                  | 16 of a ziggurat)
 55769 | Zig:16   | Identified the "Pajemuax" (Sif Muna gifted it to you on
                  | level 16 of a ziggurat)
 55769 | Zig:16   | Identified the "Roerad" (Sif Muna gifted it to you on
                  | level 16 of a ziggurat)
 55769 | Zig:16   | Identified the "Tyjaw" (Sif Muna gifted it to you on level
                  | 16 of a ziggurat)
 55769 | Zig:16   | Identified the "Fungotut" (Sif Muna gifted it to you on
                  | level 16 of a ziggurat)
 55769 | Zig:16   | Identified the "Dudi" (Sif Muna gifted it to you on level
                  | 16 of a ziggurat)
 55769 | Zig:16   | Identified the "Kausm" (Sif Muna gifted it to you on level
                  | 16 of a ziggurat)
 55769 | Zig:16   | Identified the of Aqeemn (Sif Muna gifted it to you on
                  | level 16 of a ziggurat)
 55769 | Zig:16   | Identified the "Hiluy" (Sif Muna gifted it to you on level
                  | 16 of a ziggurat)
 55769 | Zig:16   | Identified the "Liwkafiq" (Sif Muna gifted it to you on
                  | level 16 of a ziggurat)
 55769 | Zig:16   | Identified the of Mydolady (Sif Muna gifted it to you on
                  | level 16 of a ziggurat)
 55769 | Zig:16   | Identified the of Letucas (Sif Muna gifted it to you on
                  | level 16 of a ziggurat)
 55769 | Zig:16   | Identified the "Ywiejijang" (Sif Muna gifted it to you on
                  | level 16 of a ziggurat)
 55769 | Zig:16   | Identified the of Isucum (Sif Muna gifted it to you on
                  | level 16 of a ziggurat)
 55769 | Zig:16   | Identified the "Atum" (Sif Muna gifted it to you on level
                  | 16 of a ziggurat)
 55769 | Zig:16   | Identified the "Jatienwo" (Sif Muna gifted it to you on
                  | level 16 of a ziggurat)
 55769 | Zig:16   | Identified the "Oloc" (Sif Muna gifted it to you on level
                  | 16 of a ziggurat)
 55769 | Zig:16   | Identified the "Mug Erir" (Sif Muna gifted it to you on
                  | level 16 of a ziggurat)
 55769 | Zig:16   | Identified the "Ixun" (Sif Muna gifted it to you on level
                  | 16 of a ziggurat)
 55769 | Zig:16   | Identified the of Niexirha (Sif Muna gifted it to you on
                  | level 16 of a ziggurat)
 55769 | Zig:16   | Identified the "Istuneho" (Sif Muna gifted it to you on
                  | level 16 of a ziggurat)
 55769 | Zig:16   | Identified the "Ecwut" (Sif Muna gifted it to you on level
                  | 16 of a ziggurat)
 55769 | Zig:16   | Identified the of Daoweab (Sif Muna gifted it to you on
                  | level 16 of a ziggurat)
 55769 | Zig:16   | Identified the "Gafirr" (Sif Muna gifted it to you on
                  | level 16 of a ziggurat)
 55769 | Zig:16   | Identified the "Hyiwosuq" (Sif Muna gifted it to you on
                  | level 16 of a ziggurat)
 55769 | Zig:16   | Identified the "Onnues" (Sif Muna gifted it to you on
                  | level 16 of a ziggurat)
 55769 | Zig:16   | Identified the "Hoosogg" (Sif Muna gifted it to you on
                  | level 16 of a ziggurat)
 55769 | Zig:16   | Identified the "Nero" (Sif Muna gifted it to you on level
                  | 16 of a ziggurat)
 55769 | Zig:16   | Identified the "Kemneof" (Sif Muna gifted it to you on
                  | level 16 of a ziggurat)
 55769 | Zig:16   | Identified the of Ohassaogg (Sif Muna gifted it to you on
                  | level 16 of a ziggurat)
 55769 | Zig:16   | Identified the "Naeraife" (Sif Muna gifted it to you on
                  | level 16 of a ziggurat)
 55769 | Zig:16   | Identified the "Cyhoty Duqo" (Sif Muna gifted it to you on
                  | level 16 of a ziggurat)
 55769 | Zig:16   | Identified the "Yrebuqya" (Sif Muna gifted it to you on
                  | level 16 of a ziggurat)
 55769 | Zig:16   | Identified the of Forchousk (Sif Muna gifted it to you on
                  | level 16 of a ziggurat)
 55769 | Zig:16   | Identified the "Coagy" (Sif Muna gifted it to you on level
                  | 16 of a ziggurat)
 55769 | Zig:16   | Identified the "Ihuhekk" (Sif Muna gifted it to you on
                  | level 16 of a ziggurat)
 55769 | Zig:16   | Identified the of Kuuz (Sif Muna gifted it to you on level
                  | 16 of a ziggurat)
 55769 | Zig:16   | Identified the "Xephy" (Sif Muna gifted it to you on level
                  | 16 of a ziggurat)
 55769 | Zig:16   | Identified the of Apnuenk (Sif Muna gifted it to you on
                  | level 16 of a ziggurat)
 55769 | Zig:16   | Identified the "Dowagib" (Sif Muna gifted it to you on
                  | level 16 of a ziggurat)
 55769 | Zig:16   | Identified the "Qagaadgh" (Sif Muna gifted it to you on
                  | level 16 of a ziggurat)
 55769 | Zig:16   | Identified the "Joarejag" (Sif Muna gifted it to you on
                  | level 16 of a ziggurat)
 55769 | Zig:16   | Identified the of Vuziuli (Sif Muna gifted it to you on
                  | level 16 of a ziggurat)
 55769 | Zig:16   | Identified the "Ytzinid" (Sif Muna gifted it to you on
                  | level 16 of a ziggurat)
 55769 | Zig:16   | Identified the of Etukhujei (Sif Muna gifted it to you on
                  | level 16 of a ziggurat)
 55769 | Zig:16   | Identified the of Pauryu Atas (Sif Muna gifted it to you
                  | on level 16 of a ziggurat)
 55769 | Zig:16   | Identified the "Hiogh" (Sif Muna gifted it to you on level
                  | 16 of a ziggurat)
 55769 | Zig:16   | Identified the "Rakk" (Sif Muna gifted it to you on level
                  | 16 of a ziggurat)
 55769 | Zig:16   | Identified the "Maro Myi" (Sif Muna gifted it to you on
                  | level 16 of a ziggurat)
 55769 | Zig:16   | Identified the "Ruacvad" (Sif Muna gifted it to you on
                  | level 16 of a ziggurat)
 55769 | Zig:16   | Identified the "Somn" (Sif Muna gifted it to you on level
                  | 16 of a ziggurat)
 55769 | Zig:16   | Identified the "Bycukhlea" (Sif Muna gifted it to you on
                  | level 16 of a ziggurat)
 55769 | Zig:16   | Identified the "Pedobboiwk" (Sif Muna gifted it to you on
                  | level 16 of a ziggurat)
 55769 | Zig:16   | Identified the "Boeqi" (Sif Muna gifted it to you on level
                  | 16 of a ziggurat)
 55769 | Zig:16   | Identified the "Idghiple" (Sif Muna gifted it to you on
                  | level 16 of a ziggurat)
 55769 | Zig:16   | Identified the of Baling (Sif Muna gifted it to you on
                  | level 16 of a ziggurat)
 55769 | Zig:16   | Identified the of Tymely (Sif Muna gifted it to you on
                  | level 16 of a ziggurat)
 55769 | Zig:16   | Identified the "Toplicro" (Sif Muna gifted it to you on
                  | level 16 of a ziggurat)
 55800 | Zig:16   | Identified the amulet "Teupail" {Reflect rElec SH+5}
 55802 | Zig:16   | Identified the ring of Iwnex {rCorr EV+5}
 55846 | Zig:17   | Identified the of Sidunep
 55846 | Zig:17   | Entered Level 17 of a ziggurat
 55857 | Zig:17   | Identified the "Nalarr" (Sif Muna gifted it to you on
                  | level 17 of a ziggurat)
 55857 | Zig:17   | Identified the "Gociumm" (Sif Muna gifted it to you on
                  | level 17 of a ziggurat)
 55857 | Zig:17   | Identified the "Daileel" (Sif Muna gifted it to you on
                  | level 17 of a ziggurat)
 55857 | Zig:17   | Identified the "Seuvafec" (Sif Muna gifted it to you on
                  | level 17 of a ziggurat)
 55857 | Zig:17   | Identified the "Poxtasteq" (Sif Muna gifted it to you on
                  | level 17 of a ziggurat)
 55857 | Zig:17   | Identified the of Viggahaw (Sif Muna gifted it to you on
                  | level 17 of a ziggurat)
 55857 | Zig:17   | Identified the of Vunke (Sif Muna gifted it to you on
                  | level 17 of a ziggurat)
 55857 | Zig:17   | Identified the "Obroa" (Sif Muna gifted it to you on level
                  | 17 of a ziggurat)
 55857 | Zig:17   | Identified the of Lotech (Sif Muna gifted it to you on
                  | level 17 of a ziggurat)
 55857 | Zig:17   | Identified the "Hute" (Sif Muna gifted it to you on level
                  | 17 of a ziggurat)
 55857 | Zig:17   | Identified the of Aloexoes (Sif Muna gifted it to you on
                  | level 17 of a ziggurat)
 55857 | Zig:17   | Identified the "Kuyh" (Sif Muna gifted it to you on level
                  | 17 of a ziggurat)
 55857 | Zig:17   | Identified the "Reidweg" (Sif Muna gifted it to you on
                  | level 17 of a ziggurat)
 55857 | Zig:17   | Identified the "Osudghow" (Sif Muna gifted it to you on
                  | level 17 of a ziggurat)
 55857 | Zig:17   | Identified the of Agoupet (Sif Muna gifted it to you on
                  | level 17 of a ziggurat)
 55857 | Zig:17   | Identified the "Megyirhi" (Sif Muna gifted it to you on
                  | level 17 of a ziggurat)
 55857 | Zig:17   | Identified the "Goynt" (Sif Muna gifted it to you on level
                  | 17 of a ziggurat)
 55857 | Zig:17   | Identified the of Cext (Sif Muna gifted it to you on level
                  | 17 of a ziggurat)
 55857 | Zig:17   | Identified the of Fud Heih (Sif Muna gifted it to you on
                  | level 17 of a ziggurat)
 55857 | Zig:17   | Identified the "Aschill" (Sif Muna gifted it to you on
                  | level 17 of a ziggurat)
 55857 | Zig:17   | Identified the of Guaqiasith (Sif Muna gifted it to you on
                  | level 17 of a ziggurat)
 55857 | Zig:17   | Identified the "Koqoh" (Sif Muna gifted it to you on level
                  | 17 of a ziggurat)
 55857 | Zig:17   | Identified the "Rixtiun" (Sif Muna gifted it to you on
                  | level 17 of a ziggurat)
 55857 | Zig:17   | Identified the of Wihoyc (Sif Muna gifted it to you on
                  | level 17 of a ziggurat)
 55857 | Zig:17   | Identified the "Waqeil" (Sif Muna gifted it to you on
                  | level 17 of a ziggurat)
 55857 | Zig:17   | Identified the "Yzxos" (Sif Muna gifted it to you on level
                  | 17 of a ziggurat)
 55857 | Zig:17   | Identified the "Itarusch" (Sif Muna gifted it to you on
                  | level 17 of a ziggurat)
 55857 | Zig:17   | Identified the of Daruj (Sif Muna gifted it to you on
                  | level 17 of a ziggurat)
 55857 | Zig:17   | Identified the of Sithropeo (Sif Muna gifted it to you on
                  | level 17 of a ziggurat)
 55857 | Zig:17   | Identified the of Luceodec (Sif Muna gifted it to you on
                  | level 17 of a ziggurat)
 55857 | Zig:17   | Identified the "Luotenlu" (Sif Muna gifted it to you on
                  | level 17 of a ziggurat)
 55857 | Zig:17   | Identified the "Puypybruso" (Sif Muna gifted it to you on
                  | level 17 of a ziggurat)
 55857 | Zig:17   | Identified the of Soitt (Sif Muna gifted it to you on
                  | level 17 of a ziggurat)
 55857 | Zig:17   | Identified the "Owkom" (Sif Muna gifted it to you on level
                  | 17 of a ziggurat)
 55857 | Zig:17   | Identified the "Boosuxta" (Sif Muna gifted it to you on
                  | level 17 of a ziggurat)
 55857 | Zig:17   | Identified the of Otealaer (Sif Muna gifted it to you on
                  | level 17 of a ziggurat)
 55857 | Zig:17   | Identified the of Vuuklen (Sif Muna gifted it to you on
                  | level 17 of a ziggurat)
 55857 | Zig:17   | Identified the "Qaff" (Sif Muna gifted it to you on level
                  | 17 of a ziggurat)
 55857 | Zig:17   | Identified the of Qifel (Sif Muna gifted it to you on
                  | level 17 of a ziggurat)
 55857 | Zig:17   | Identified the "Fudip Wau" (Sif Muna gifted it to you on
                  | level 17 of a ziggurat)
 55857 | Zig:17   | Identified the "Tiarpheov" (Sif Muna gifted it to you on
                  | level 17 of a ziggurat)
 55857 | Zig:17   | Identified the "Tuonaaduo" (Sif Muna gifted it to you on
                  | level 17 of a ziggurat)
 55857 | Zig:17   | Identified the of Lojao (Sif Muna gifted it to you on
                  | level 17 of a ziggurat)
 55857 | Zig:17   | Identified the of Tobiar (Sif Muna gifted it to you on
                  | level 17 of a ziggurat)
 55857 | Zig:17   | Identified the of Riohul (Sif Muna gifted it to you on
                  | level 17 of a ziggurat)
 55857 | Zig:17   | Identified the "Getonovea" (Sif Muna gifted it to you on
                  | level 17 of a ziggurat)
 55857 | Zig:17   | Identified the "Gobby" (Sif Muna gifted it to you on level
                  | 17 of a ziggurat)
 55857 | Zig:17   | Identified the "Tyolun" (Sif Muna gifted it to you on
                  | level 17 of a ziggurat)
 55857 | Zig:17   | Identified the of Gammunt (Sif Muna gifted it to you on
                  | level 17 of a ziggurat)
 55857 | Zig:17   | Identified the of Raxekhl Ilei (Sif Muna gifted it to you
                  | on level 17 of a ziggurat)
 55857 | Zig:17   | Identified the "Moudeq" (Sif Muna gifted it to you on
                  | level 17 of a ziggurat)
 55857 | Zig:17   | Identified the "Hiqyabb" (Sif Muna gifted it to you on
                  | level 17 of a ziggurat)
 55857 | Zig:17   | Identified the "Moimomm" (Sif Muna gifted it to you on
                  | level 17 of a ziggurat)
 55857 | Zig:17   | Identified the "Ximmangi" (Sif Muna gifted it to you on
                  | level 17 of a ziggurat)
 55857 | Zig:17   | Identified the "Yfeod" (Sif Muna gifted it to you on level
                  | 17 of a ziggurat)
 55857 | Zig:17   | Identified the of Ifurghuar (Sif Muna gifted it to you on
                  | level 17 of a ziggurat)
 55857 | Zig:17   | Identified the "Lujaimuj" (Sif Muna gifted it to you on
                  | level 17 of a ziggurat)
 55857 | Zig:17   | Identified the of Menositt (Sif Muna gifted it to you on
                  | level 17 of a ziggurat)
 55857 | Zig:17   | Identified the "Fyoc" (Sif Muna gifted it to you on level
                  | 17 of a ziggurat)
 55857 | Zig:17   | Identified the "Wuomovus" (Sif Muna gifted it to you on
                  | level 17 of a ziggurat)
 55857 | Zig:17   | Identified the of Gisogeh (Sif Muna gifted it to you on
                  | level 17 of a ziggurat)
 55857 | Zig:17   | Identified the "Vaumamy" (Sif Muna gifted it to you on
                  | level 17 of a ziggurat)
 55857 | Zig:17   | Identified the "Ewneurr" (Sif Muna gifted it to you on
                  | level 17 of a ziggurat)
 55857 | Zig:17   | Identified the "Honoihoy" (Sif Muna gifted it to you on
                  | level 17 of a ziggurat)
 55857 | Zig:17   | Identified the of Carilowkach (Sif Muna gifted it to you
                  | on level 17 of a ziggurat)
 55857 | Zig:17   | Identified the of Boynoj (Sif Muna gifted it to you on
                  | level 17 of a ziggurat)
 55857 | Zig:17   | Identified the "Zath" (Sif Muna gifted it to you on level
                  | 17 of a ziggurat)
 55857 | Zig:17   | Identified the of Nuawus (Sif Muna gifted it to you on
                  | level 17 of a ziggurat)
 55857 | Zig:17   | Identified the of Yji Gau (Sif Muna gifted it to you on
                  | level 17 of a ziggurat)
 55857 | Zig:17   | Identified the "Carch" (Sif Muna gifted it to you on level
                  | 17 of a ziggurat)
 55857 | Zig:17   | Identified the "Arifuc" (Sif Muna gifted it to you on
                  | level 17 of a ziggurat)
 55857 | Zig:17   | Identified the "Linaaw" (Sif Muna gifted it to you on
                  | level 17 of a ziggurat)
 55857 | Zig:17   | Identified the of Faegon (Sif Muna gifted it to you on
                  | level 17 of a ziggurat)
 55857 | Zig:17   | Identified the "Fateuxtu" (Sif Muna gifted it to you on
                  | level 17 of a ziggurat)
 55857 | Zig:17   | Identified the "Wuec Nikerua" (Sif Muna gifted it to you
                  | on level 17 of a ziggurat)
 55857 | Zig:17   | Identified the "Asu Qyf" (Sif Muna gifted it to you on
                  | level 17 of a ziggurat)
 55857 | Zig:17   | Identified the "Xyblah" (Sif Muna gifted it to you on
                  | level 17 of a ziggurat)
 55857 | Zig:17   | Identified the "Tumeg" (Sif Muna gifted it to you on level
                  | 17 of a ziggurat)
 55857 | Zig:17   | Identified the "Nusoz" (Sif Muna gifted it to you on level
                  | 17 of a ziggurat)
 55857 | Zig:17   | Identified the "Igaysuxt" (Sif Muna gifted it to you on
                  | level 17 of a ziggurat)
 55857 | Zig:17   | Identified the "Dilagad" (Sif Muna gifted it to you on
                  | level 17 of a ziggurat)
 55857 | Zig:17   | Identified the "Lof Hat" (Sif Muna gifted it to you on
                  | level 17 of a ziggurat)
 55857 | Zig:17   | Identified the "Ofaz Xox" (Sif Muna gifted it to you on
                  | level 17 of a ziggurat)
 55857 | Zig:17   | Identified the "Rydet" (Sif Muna gifted it to you on level
                  | 17 of a ziggurat)
 55857 | Zig:17   | Identified the "Nemuanan" (Sif Muna gifted it to you on
                  | level 17 of a ziggurat)
 55857 | Zig:17   | Identified the "Wiehif" (Sif Muna gifted it to you on
                  | level 17 of a ziggurat)
 55857 | Zig:17   | Identified the "Nuawiyge" (Sif Muna gifted it to you on
                  | level 17 of a ziggurat)
 55857 | Zig:17   | Identified the "Durakh" (Sif Muna gifted it to you on
                  | level 17 of a ziggurat)
 55857 | Zig:17   | Identified the "Roivar" (Sif Muna gifted it to you on
                  | level 17 of a ziggurat)
 55857 | Zig:17   | Identified the "Reypty" (Sif Muna gifted it to you on
                  | level 17 of a ziggurat)
 55857 | Zig:17   | Identified the of Dewuiqa (Sif Muna gifted it to you on
                  | level 17 of a ziggurat)
 55857 | Zig:17   | Identified the of Donas (Sif Muna gifted it to you on
                  | level 17 of a ziggurat)
 55857 | Zig:17   | Identified the of Myf Eseu (Sif Muna gifted it to you on
                  | level 17 of a ziggurat)
 55857 | Zig:17   | Identified the "Odosoh" (Sif Muna gifted it to you on
                  | level 17 of a ziggurat)
 55857 | Zig:17   | Identified the "Poebob" (Sif Muna gifted it to you on
                  | level 17 of a ziggurat)
 55857 | Zig:17   | Identified the of Zirak (Sif Muna gifted it to you on
                  | level 17 of a ziggurat)
 55857 | Zig:17   | Identified the "Fexom" (Sif Muna gifted it to you on level
                  | 17 of a ziggurat)
 55857 | Zig:17   | Identified the of Jyj Vuah (Sif Muna gifted it to you on
                  | level 17 of a ziggurat)
 55857 | Zig:17   | Identified the "Turet" (Sif Muna gifted it to you on level
                  | 17 of a ziggurat)
 55857 | Zig:17   | Identified the "Hizex" (Sif Muna gifted it to you on level
                  | 17 of a ziggurat)
 55857 | Zig:17   | Identified the "Vitazai" (Sif Muna gifted it to you on
                  | level 17 of a ziggurat)
 55857 | Zig:17   | Identified the of Suoxuguv (Sif Muna gifted it to you on
                  | level 17 of a ziggurat)
 55857 | Zig:17   | Identified the "Sebi" (Sif Muna gifted it to you on level
                  | 17 of a ziggurat)
 55857 | Zig:17   | Identified the "Vastrel" (Sif Muna gifted it to you on
                  | level 17 of a ziggurat)
 55857 | Zig:17   | Identified the "Ofuduab" (Sif Muna gifted it to you on
                  | level 17 of a ziggurat)
 55857 | Zig:17   | Identified the "Keorufats" (Sif Muna gifted it to you on
                  | level 17 of a ziggurat)
 55857 | Zig:17   | Identified the "Simaw" (Sif Muna gifted it to you on level
                  | 17 of a ziggurat)
 55857 | Zig:17   | Identified the of Ivvus (Sif Muna gifted it to you on
                  | level 17 of a ziggurat)
 55857 | Zig:17   | Identified the of Hodghox (Sif Muna gifted it to you on
                  | level 17 of a ziggurat)
 55857 | Zig:17   | Identified the "Ucwiyt" (Sif Muna gifted it to you on
                  | level 17 of a ziggurat)
 55857 | Zig:17   | Identified the of Suolieg (Sif Muna gifted it to you on
                  | level 17 of a ziggurat)
 55857 | Zig:17   | Identified the "Xitaif" (Sif Muna gifted it to you on
                  | level 17 of a ziggurat)
 55857 | Zig:17   | Identified the of Vaaqeic (Sif Muna gifted it to you on
                  | level 17 of a ziggurat)
 55857 | Zig:17   | Identified the "Avvufut" (Sif Muna gifted it to you on
                  | level 17 of a ziggurat)
 55857 | Zig:17   | Identified the "Oluokof" (Sif Muna gifted it to you on
                  | level 17 of a ziggurat)
 55857 | Zig:17   | Identified the of Qaav Zio (Sif Muna gifted it to you on
                  | level 17 of a ziggurat)
 55857 | Zig:17   | Identified the of Obbinkut (Sif Muna gifted it to you on
                  | level 17 of a ziggurat)
 55857 | Zig:17   | Identified the "Muynoree" (Sif Muna gifted it to you on
                  | level 17 of a ziggurat)
 55857 | Zig:17   | Identified the "Meulipe" (Sif Muna gifted it to you on
                  | level 17 of a ziggurat)
 55857 | Zig:17   | Identified the "Xugry" (Sif Muna gifted it to you on level
                  | 17 of a ziggurat)
 55858 | Zig:17   | Reached skill level 18 in Earth Magic
 55858 | Zig:17   | Identified the of Pecuome (Sif Muna gifted it to you on
                  | level 17 of a ziggurat)
 55858 | Zig:17   | Identified the "Neqiuk" (Sif Muna gifted it to you on
                  | level 17 of a ziggurat)
 55858 | Zig:17   | Identified the of Paron (Sif Muna gifted it to you on
                  | level 17 of a ziggurat)
 55858 | Zig:17   | Identified the "Kutuut" (Sif Muna gifted it to you on
                  | level 17 of a ziggurat)
 55858 | Zig:17   | Identified the "Wubozyruupp" (Sif Muna gifted it to you on
                  | level 17 of a ziggurat)
 55858 | Zig:17   | Identified the of Rafesk (Sif Muna gifted it to you on
                  | level 17 of a ziggurat)
 55858 | Zig:17   | Identified the of Layto (Sif Muna gifted it to you on
                  | level 17 of a ziggurat)
 55858 | Zig:17   | Identified the "Lepsog" (Sif Muna gifted it to you on
                  | level 17 of a ziggurat)
 55858 | Zig:17   | Identified the "Mysawafyw" (Sif Muna gifted it to you on
                  | level 17 of a ziggurat)
 55858 | Zig:17   | Identified the of Lioceuqy (Sif Muna gifted it to you on
                  | level 17 of a ziggurat)
 55858 | Zig:17   | Identified the "Ublab" (Sif Muna gifted it to you on level
                  | 17 of a ziggurat)
 55858 | Zig:17   | Identified the of Diokhlea (Sif Muna gifted it to you on
                  | level 17 of a ziggurat)
 55858 | Zig:17   | Identified the of Tax Bannas (Sif Muna gifted it to you on
                  | level 17 of a ziggurat)
 55858 | Zig:17   | Identified the "Kiufuehu" (Sif Muna gifted it to you on
                  | level 17 of a ziggurat)
 55858 | Zig:17   | Identified the of Yvenas (Sif Muna gifted it to you on
                  | level 17 of a ziggurat)
 55858 | Zig:17   | Identified the "Cawiel" (Sif Muna gifted it to you on
                  | level 17 of a ziggurat)
 55858 | Zig:17   | Identified the "Qoepiox" (Sif Muna gifted it to you on
                  | level 17 of a ziggurat)
 55858 | Zig:17   | Identified the of Qis Heob (Sif Muna gifted it to you on
                  | level 17 of a ziggurat)
 55858 | Zig:17   | Identified the "Maasiech" (Sif Muna gifted it to you on
                  | level 17 of a ziggurat)
 55858 | Zig:17   | Identified the of Resaih (Sif Muna gifted it to you on
                  | level 17 of a ziggurat)
 55858 | Zig:17   | Identified the "Pokhei" (Sif Muna gifted it to you on
                  | level 17 of a ziggurat)
 55858 | Zig:17   | Identified the "Kirunweo" (Sif Muna gifted it to you on
                  | level 17 of a ziggurat)
 55858 | Zig:17   | Identified the "Hoat" (Sif Muna gifted it to you on level
                  | 17 of a ziggurat)
 55858 | Zig:17   | Identified the "Tiucwicu" (Sif Muna gifted it to you on
                  | level 17 of a ziggurat)
 55858 | Zig:17   | Identified the "Zexzin" (Sif Muna gifted it to you on
                  | level 17 of a ziggurat)
 55858 | Zig:17   | Identified the of Epuliupa (Sif Muna gifted it to you on
                  | level 17 of a ziggurat)
 55858 | Zig:17   | Identified the of Famoxzirph (Sif Muna gifted it to you on
                  | level 17 of a ziggurat)
 55858 | Zig:17   | Identified the of Onlyav (Sif Muna gifted it to you on
                  | level 17 of a ziggurat)
 55858 | Zig:17   | Identified the of Leot (Sif Muna gifted it to you on level
                  | 17 of a ziggurat)
 55858 | Zig:17   | Identified the "Nyto" (Sif Muna gifted it to you on level
                  | 17 of a ziggurat)
 55858 | Zig:17   | Identified the of Cyhurrae (Sif Muna gifted it to you on
                  | level 17 of a ziggurat)
 55858 | Zig:17   | Identified the "Uprul" (Sif Muna gifted it to you on level
                  | 17 of a ziggurat)
 55858 | Zig:17   | Identified the "Xotoj" (Sif Muna gifted it to you on level
                  | 17 of a ziggurat)
 55858 | Zig:17   | Identified the of Vewkoh (Sif Muna gifted it to you on
                  | level 17 of a ziggurat)
 55858 | Zig:17   | Identified the "Emafioci" (Sif Muna gifted it to you on
                  | level 17 of a ziggurat)
 55858 | Zig:17   | Identified the of Lyudei (Sif Muna gifted it to you on
                  | level 17 of a ziggurat)
 55858 | Zig:17   | Identified the of Ikohagargh (Sif Muna gifted it to you on
                  | level 17 of a ziggurat)
 55858 | Zig:17   | Identified the "Latyib" (Sif Muna gifted it to you on
                  | level 17 of a ziggurat)
 55858 | Zig:17   | Identified the of Byoph (Sif Muna gifted it to you on
                  | level 17 of a ziggurat)
 55858 | Zig:17   | Identified the "Ijiurem" (Sif Muna gifted it to you on
                  | level 17 of a ziggurat)
 55858 | Zig:17   | Identified the "Honluf" (Sif Muna gifted it to you on
                  | level 17 of a ziggurat)
 55858 | Zig:17   | Identified the "Cumem" (Sif Muna gifted it to you on level
                  | 17 of a ziggurat)
 55858 | Zig:17   | Identified the "Uwijuit" (Sif Muna gifted it to you on
                  | level 17 of a ziggurat)
 55858 | Zig:17   | Identified the "Carolaus" (Sif Muna gifted it to you on
                  | level 17 of a ziggurat)
 55858 | Zig:17   | Identified the "Ukhlojyl" (Sif Muna gifted it to you on
                  | level 17 of a ziggurat)
 55858 | Zig:17   | Identified the of Nipok (Sif Muna gifted it to you on
                  | level 17 of a ziggurat)
 55858 | Zig:17   | Identified the "Naibaek" (Sif Muna gifted it to you on
                  | level 17 of a ziggurat)
 55858 | Zig:17   | Identified the of Kaotatot (Sif Muna gifted it to you on
                  | level 17 of a ziggurat)
 55858 | Zig:17   | Identified the "Gitsit" (Sif Muna gifted it to you on
                  | level 17 of a ziggurat)
 55858 | Zig:17   | Identified the "Dooqooc" (Sif Muna gifted it to you on
                  | level 17 of a ziggurat)
 55858 | Zig:17   | Identified the "Kacofed" (Sif Muna gifted it to you on
                  | level 17 of a ziggurat)
 55858 | Zig:17   | Identified the "Joung" (Sif Muna gifted it to you on level
                  | 17 of a ziggurat)
 55858 | Zig:17   | Identified the "Zuruima" (Sif Muna gifted it to you on
                  | level 17 of a ziggurat)
 55858 | Zig:17   | Identified the "Vomepo" (Sif Muna gifted it to you on
                  | level 17 of a ziggurat)
 55858 | Zig:17   | Identified the "Jiyplene" (Sif Muna gifted it to you on
                  | level 17 of a ziggurat)
 55858 | Zig:17   | Identified the "Xaivoe" (Sif Muna gifted it to you on
                  | level 17 of a ziggurat)
 55858 | Zig:17   | Identified the "Naaxecac" (Sif Muna gifted it to you on
                  | level 17 of a ziggurat)
 55858 | Zig:17   | Identified the "Mekizoel" (Sif Muna gifted it to you on
                  | level 17 of a ziggurat)
 55858 | Zig:17   | Identified the of Xyijagof (Sif Muna gifted it to you on
                  | level 17 of a ziggurat)
 55858 | Zig:17   | Identified the "Siunay Jeoss" (Sif Muna gifted it to you
                  | on level 17 of a ziggurat)
 55858 | Zig:17   | Identified the "Ociabu" (Sif Muna gifted it to you on
                  | level 17 of a ziggurat)
 55858 | Zig:17   | Identified the of Aleishruff (Sif Muna gifted it to you on
                  | level 17 of a ziggurat)
 55858 | Zig:17   | Identified the "Rafi" (Sif Muna gifted it to you on level
                  | 17 of a ziggurat)
 55858 | Zig:17   | Identified the "Beptavex" (Sif Muna gifted it to you on
                  | level 17 of a ziggurat)
 55858 | Zig:17   | Identified the of Biat (Sif Muna gifted it to you on level
                  | 17 of a ziggurat)
 55858 | Zig:17   | Identified the of Suqane (Sif Muna gifted it to you on
                  | level 17 of a ziggurat)
 55858 | Zig:17   | Identified the "Woadua" (Sif Muna gifted it to you on
                  | level 17 of a ziggurat)
 55858 | Zig:17   | Identified the "Haexzis" (Sif Muna gifted it to you on
                  | level 17 of a ziggurat)
 55858 | Zig:17   | Identified the of Zonoro (Sif Muna gifted it to you on
                  | level 17 of a ziggurat)
 55858 | Zig:17   | Identified the of Bosheafytu (Sif Muna gifted it to you on
                  | level 17 of a ziggurat)
 55858 | Zig:17   | Identified the "Hiheulah" (Sif Muna gifted it to you on
                  | level 17 of a ziggurat)
 55858 | Zig:17   | Identified the "Wuxeveb" (Sif Muna gifted it to you on
                  | level 17 of a ziggurat)
 55858 | Zig:17   | Identified the "Dodghietz" (Sif Muna gifted it to you on
                  | level 17 of a ziggurat)
 55858 | Zig:17   | Identified the "Unlydiz" (Sif Muna gifted it to you on
                  | level 17 of a ziggurat)
 55858 | Zig:17   | Identified the of Zetois (Sif Muna gifted it to you on
                  | level 17 of a ziggurat)
 55858 | Zig:17   | Identified the "Lucvoitt" (Sif Muna gifted it to you on
                  | level 17 of a ziggurat)
 55858 | Zig:17   | Identified the of Kyilo (Sif Muna gifted it to you on
                  | level 17 of a ziggurat)
 55858 | Zig:17   | Identified the "Citajem" (Sif Muna gifted it to you on
                  | level 17 of a ziggurat)
 55858 | Zig:17   | Identified the "Faacijol" (Sif Muna gifted it to you on
                  | level 17 of a ziggurat)
 55858 | Zig:17   | Identified the of Hixymy (Sif Muna gifted it to you on
                  | level 17 of a ziggurat)
 55858 | Zig:17   | Identified the of Qodis (Sif Muna gifted it to you on
                  | level 17 of a ziggurat)
 55858 | Zig:17   | Identified the "Beitzui" (Sif Muna gifted it to you on
                  | level 17 of a ziggurat)
 55858 | Zig:17   | Identified the of Qemak (Sif Muna gifted it to you on
                  | level 17 of a ziggurat)
 55858 | Zig:17   | Identified the "Qomaetum" (Sif Muna gifted it to you on
                  | level 17 of a ziggurat)
 55858 | Zig:17   | Identified the of Pukkoamn (Sif Muna gifted it to you on
                  | level 17 of a ziggurat)
 55858 | Zig:17   | Identified the "Irphiy" (Sif Muna gifted it to you on
                  | level 17 of a ziggurat)
 55858 | Zig:17   | Identified the of Taonau (Sif Muna gifted it to you on
                  | level 17 of a ziggurat)
 55858 | Zig:17   | Identified the "Jasax" (Sif Muna gifted it to you on level
                  | 17 of a ziggurat)
 55858 | Zig:17   | Identified the of Pemiz (Sif Muna gifted it to you on
                  | level 17 of a ziggurat)
 55858 | Zig:17   | Identified the "Joamne Odei" (Sif Muna gifted it to you on
                  | level 17 of a ziggurat)
 55858 | Zig:17   | Identified the of Hoynierph (Sif Muna gifted it to you on
                  | level 17 of a ziggurat)
 55858 | Zig:17   | Identified the "Xunacray" (Sif Muna gifted it to you on
                  | level 17 of a ziggurat)
 55858 | Zig:17   | Identified the "Keureom" (Sif Muna gifted it to you on
                  | level 17 of a ziggurat)
 55858 | Zig:17   | Identified the of Cuewk (Sif Muna gifted it to you on
                  | level 17 of a ziggurat)
 55858 | Zig:17   | Identified the "Puosei" (Sif Muna gifted it to you on
                  | level 17 of a ziggurat)
 55858 | Zig:17   | Identified the of Wecej (Sif Muna gifted it to you on
                  | level 17 of a ziggurat)
 55858 | Zig:17   | Identified the "Dimaow" (Sif Muna gifted it to you on
                  | level 17 of a ziggurat)
 55858 | Zig:17   | Identified the "Ded Ytox" (Sif Muna gifted it to you on
                  | level 17 of a ziggurat)
 55858 | Zig:17   | Identified the of Upoesk (Sif Muna gifted it to you on
                  | level 17 of a ziggurat)
 55858 | Zig:17   | Identified the of Weole (Sif Muna gifted it to you on
                  | level 17 of a ziggurat)
 55858 | Zig:17   | Identified the of Hebipuing (Sif Muna gifted it to you on
                  | level 17 of a ziggurat)
 55858 | Zig:17   | Identified the "Ifak" (Sif Muna gifted it to you on level
                  | 17 of a ziggurat)
 55858 | Zig:17   | Identified the of Linottuavu (Sif Muna gifted it to you on
                  | level 17 of a ziggurat)
 55858 | Zig:17   | Identified the of Xeceurpha (Sif Muna gifted it to you on
                  | level 17 of a ziggurat)
 55858 | Zig:17   | Identified the of Meepute (Sif Muna gifted it to you on
                  | level 17 of a ziggurat)
 55858 | Zig:17   | Identified the "Ilavisk" (Sif Muna gifted it to you on
                  | level 17 of a ziggurat)
 55858 | Zig:17   | Identified the of Edumajae (Sif Muna gifted it to you on
                  | level 17 of a ziggurat)
 55858 | Zig:17   | Identified the "Fiowoheu" (Sif Muna gifted it to you on
                  | level 17 of a ziggurat)
 55858 | Zig:17   | Identified the of Kivamuid (Sif Muna gifted it to you on
                  | level 17 of a ziggurat)
 55858 | Zig:17   | Identified the of Ugafan (Sif Muna gifted it to you on
                  | level 17 of a ziggurat)
 55858 | Zig:17   | Identified the "Ataraz" (Sif Muna gifted it to you on
                  | level 17 of a ziggurat)
 55858 | Zig:17   | Identified the "Wucuf" (Sif Muna gifted it to you on level
                  | 17 of a ziggurat)
 55858 | Zig:17   | Identified the "Riohadi" (Sif Muna gifted it to you on
                  | level 17 of a ziggurat)
 55858 | Zig:17   | Identified the "Guaget" (Sif Muna gifted it to you on
                  | level 17 of a ziggurat)
 55858 | Zig:17   | Identified the "Lukhivu" (Sif Muna gifted it to you on
                  | level 17 of a ziggurat)
 55858 | Zig:17   | Identified the of Rismuz (Sif Muna gifted it to you on
                  | level 17 of a ziggurat)
 55858 | Zig:17   | Identified the "Neceod" (Sif Muna gifted it to you on
                  | level 17 of a ziggurat)
 55858 | Zig:17   | Identified the "Morapoiv" (Sif Muna gifted it to you on
                  | level 17 of a ziggurat)
 55858 | Zig:17   | Identified the "Nile" (Sif Muna gifted it to you on level
                  | 17 of a ziggurat)
 55858 | Zig:17   | Identified the "Xyoxoz" (Sif Muna gifted it to you on
                  | level 17 of a ziggurat)
 55858 | Zig:17   | Identified the "Petasaam" (Sif Muna gifted it to you on
                  | level 17 of a ziggurat)
 55858 | Zig:17   | Identified the of Qeugg (Sif Muna gifted it to you on
                  | level 17 of a ziggurat)
 55858 | Zig:17   | Identified the "Calaran" (Sif Muna gifted it to you on
                  | level 17 of a ziggurat)
 55858 | Zig:17   | Identified the of Menwem (Sif Muna gifted it to you on
                  | level 17 of a ziggurat)
 55858 | Zig:17   | Identified the "Lesoin" (Sif Muna gifted it to you on
                  | level 17 of a ziggurat)
 55858 | Zig:17   | Identified the "Viacw" (Sif Muna gifted it to you on level
                  | 17 of a ziggurat)
 55858 | Zig:17   | Identified the "Loqacerr" (Sif Muna gifted it to you on
                  | level 17 of a ziggurat)
 55858 | Zig:17   | Identified the "Decal" (Sif Muna gifted it to you on level
                  | 17 of a ziggurat)
 55858 | Zig:17   | Identified the of Apuest (Sif Muna gifted it to you on
                  | level 17 of a ziggurat)
 55858 | Zig:17   | Identified the of Weemaeti (Sif Muna gifted it to you on
                  | level 17 of a ziggurat)
 55858 | Zig:17   | Identified the of Tyes (Sif Muna gifted it to you on level
                  | 17 of a ziggurat)
 55858 | Zig:17   | Identified the "Gonas" (Sif Muna gifted it to you on level
                  | 17 of a ziggurat)
 55858 | Zig:17   | Identified the of Qoenelis (Sif Muna gifted it to you on
                  | level 17 of a ziggurat)
 55858 | Zig:17   | Identified the of Veafah (Sif Muna gifted it to you on
                  | level 17 of a ziggurat)
 55858 | Zig:17   | Identified the "Kisuwk" (Sif Muna gifted it to you on
                  | level 17 of a ziggurat)
 55858 | Zig:17   | Identified the of Zaishrygg (Sif Muna gifted it to you on
                  | level 17 of a ziggurat)
 55858 | Zig:17   | Identified the of Esatal (Sif Muna gifted it to you on
                  | level 17 of a ziggurat)
 55858 | Zig:17   | Identified the of Essyst (Sif Muna gifted it to you on
                  | level 17 of a ziggurat)
 55858 | Zig:17   | Identified the "Ylyrant" (Sif Muna gifted it to you on
                  | level 17 of a ziggurat)
 55858 | Zig:17   | Identified the "Ipiah" (Sif Muna gifted it to you on level
                  | 17 of a ziggurat)
 55858 | Zig:17   | Identified the of Ogil (Sif Muna gifted it to you on level
                  | 17 of a ziggurat)
 55858 | Zig:17   | Identified the of Daowooqe (Sif Muna gifted it to you on
                  | level 17 of a ziggurat)
 55858 | Zig:17   | Identified the "Guymeugu" (Sif Muna gifted it to you on
                  | level 17 of a ziggurat)
 55858 | Zig:17   | Identified the of Tariakh Luosh (Sif Muna gifted it to you
                  | on level 17 of a ziggurat)
 55858 | Zig:17   | Identified the "Iclo" (Sif Muna gifted it to you on level
                  | 17 of a ziggurat)
 55858 | Zig:17   | Identified the of Rotula (Sif Muna gifted it to you on
                  | level 17 of a ziggurat)
 55858 | Zig:17   | Identified the "Qelaer" (Sif Muna gifted it to you on
                  | level 17 of a ziggurat)
 55858 | Zig:17   | Identified the of Sieseist (Sif Muna gifted it to you on
                  | level 17 of a ziggurat)
 55858 | Zig:17   | Identified the "Renul" (Sif Muna gifted it to you on level
                  | 17 of a ziggurat)
 55858 | Zig:17   | Identified the of Ysi Qal (Sif Muna gifted it to you on
                  | level 17 of a ziggurat)
 55858 | Zig:17   | Identified the "Ewapheesa" (Sif Muna gifted it to you on
                  | level 17 of a ziggurat)
 55858 | Zig:17   | Identified the "Geranyt" (Sif Muna gifted it to you on
                  | level 17 of a ziggurat)
 55858 | Zig:17   | Identified the "Rygy" (Sif Muna gifted it to you on level
                  | 17 of a ziggurat)
 55858 | Zig:17   | Identified the "Aqec" (Sif Muna gifted it to you on level
                  | 17 of a ziggurat)
 55858 | Zig:17   | Identified the of Wiacviho (Sif Muna gifted it to you on
                  | level 17 of a ziggurat)
 55858 | Zig:17   | Identified the "Liorudopp" (Sif Muna gifted it to you on
                  | level 17 of a ziggurat)
 55858 | Zig:17   | Identified the "Eleirgh" (Sif Muna gifted it to you on
                  | level 17 of a ziggurat)
 55858 | Zig:17   | Identified the "Kaforile" (Sif Muna gifted it to you on
                  | level 17 of a ziggurat)
 55858 | Zig:17   | Identified the "Syix" (Sif Muna gifted it to you on level
                  | 17 of a ziggurat)
 55858 | Zig:17   | Identified the "Leuxzij" (Sif Muna gifted it to you on
                  | level 17 of a ziggurat)
 55861 | Zig:17   | Identified the "Dawet" (Sif Muna gifted it to you on level
                  | 17 of a ziggurat)
 55861 | Zig:17   | Identified the of Facu (Sif Muna gifted it to you on level
                  | 17 of a ziggurat)
 55861 | Zig:17   | Identified the "Histi" (Sif Muna gifted it to you on level
                  | 17 of a ziggurat)
 55861 | Zig:17   | Identified the of Baehe (Sif Muna gifted it to you on
                  | level 17 of a ziggurat)
 55861 | Zig:17   | Identified the "Jumarph" (Sif Muna gifted it to you on
                  | level 17 of a ziggurat)
 55861 | Zig:17   | Identified the "Qemeh" (Sif Muna gifted it to you on level
                  | 17 of a ziggurat)
 55861 | Zig:17   | Identified the "Paseymn" (Sif Muna gifted it to you on
                  | level 17 of a ziggurat)
 55861 | Zig:17   | Identified the "Beitetze" (Sif Muna gifted it to you on
                  | level 17 of a ziggurat)
 55861 | Zig:17   | Identified the "Poag Ofy" (Sif Muna gifted it to you on
                  | level 17 of a ziggurat)
 55861 | Zig:17   | Identified the "Suuckinoe" (Sif Muna gifted it to you on
                  | level 17 of a ziggurat)
 55861 | Zig:17   | Identified the of Neafi (Sif Muna gifted it to you on
                  | level 17 of a ziggurat)
 55861 | Zig:17   | Identified the "Joziloy" (Sif Muna gifted it to you on
                  | level 17 of a ziggurat)
 55861 | Zig:17   | Identified the "Demobe" (Sif Muna gifted it to you on
                  | level 17 of a ziggurat)
 55861 | Zig:17   | Identified the "Polef" (Sif Muna gifted it to you on level
                  | 17 of a ziggurat)
 55861 | Zig:17   | Identified the of Qemul (Sif Muna gifted it to you on
                  | level 17 of a ziggurat)
 55861 | Zig:17   | Identified the "Ollut" (Sif Muna gifted it to you on level
                  | 17 of a ziggurat)
 55861 | Zig:17   | Identified the "Toho Jem" (Sif Muna gifted it to you on
                  | level 17 of a ziggurat)
 55861 | Zig:17   | Identified the "Danaras" (Sif Muna gifted it to you on
                  | level 17 of a ziggurat)
 55861 | Zig:17   | Identified the "Ibemaaz" (Sif Muna gifted it to you on
                  | level 17 of a ziggurat)
 55861 | Zig:17   | Identified the "Jidaq" (Sif Muna gifted it to you on level
                  | 17 of a ziggurat)
 55861 | Zig:17   | Identified the "Lapem" (Sif Muna gifted it to you on level
                  | 17 of a ziggurat)
 55861 | Zig:17   | Identified the "Puupudo" (Sif Muna gifted it to you on
                  | level 17 of a ziggurat)
 55861 | Zig:17   | Identified the of Oryanuvi (Sif Muna gifted it to you on
                  | level 17 of a ziggurat)
 55861 | Zig:17   | Identified the "Cevemori" (Sif Muna gifted it to you on
                  | level 17 of a ziggurat)
 55861 | Zig:17   | Identified the of Ozuoqeic (Sif Muna gifted it to you on
                  | level 17 of a ziggurat)
 55861 | Zig:17   | Identified the "Atybues" (Sif Muna gifted it to you on
                  | level 17 of a ziggurat)
 55861 | Zig:17   | Identified the "Haesit" (Sif Muna gifted it to you on
                  | level 17 of a ziggurat)
 55861 | Zig:17   | Identified the "Adurhu" (Sif Muna gifted it to you on
                  | level 17 of a ziggurat)
 55861 | Zig:17   | Identified the "Olewiaxe" (Sif Muna gifted it to you on
                  | level 17 of a ziggurat)
 55861 | Zig:17   | Identified the of Fostreir (Sif Muna gifted it to you on
                  | level 17 of a ziggurat)
 55861 | Zig:17   | Identified the "Vuesuj" (Sif Muna gifted it to you on
                  | level 17 of a ziggurat)
 55861 | Zig:17   | Identified the "Rona" (Sif Muna gifted it to you on level
                  | 17 of a ziggurat)
 55861 | Zig:17   | Identified the of Vov Xemp (Sif Muna gifted it to you on
                  | level 17 of a ziggurat)
 55861 | Zig:17   | Identified the "Teth" (Sif Muna gifted it to you on level
                  | 17 of a ziggurat)
 55861 | Zig:17   | Identified the "Boecruc" (Sif Muna gifted it to you on
                  | level 17 of a ziggurat)
 55861 | Zig:17   | Identified the of Fulej (Sif Muna gifted it to you on
                  | level 17 of a ziggurat)
 55861 | Zig:17   | Identified the "Mivytadi" (Sif Muna gifted it to you on
                  | level 17 of a ziggurat)
 55861 | Zig:17   | Identified the "Jywen" (Sif Muna gifted it to you on level
                  | 17 of a ziggurat)
 55861 | Zig:17   | Identified the "Corul" (Sif Muna gifted it to you on level
                  | 17 of a ziggurat)
 55861 | Zig:17   | Identified the "Puemmaer" (Sif Muna gifted it to you on
                  | level 17 of a ziggurat)
 55862 | Zig:17   | Identified the "Saczec" (Sif Muna gifted it to you on
                  | level 17 of a ziggurat)
 55862 | Zig:17   | Identified the "Cutemn" (Sif Muna gifted it to you on
                  | level 17 of a ziggurat)
 55862 | Zig:17   | Identified the "Tyarud" (Sif Muna gifted it to you on
                  | level 17 of a ziggurat)
 55862 | Zig:17   | Identified the "Ylaiv" (Sif Muna gifted it to you on level
                  | 17 of a ziggurat)
 55862 | Zig:17   | Identified the of Qiebb (Sif Muna gifted it to you on
                  | level 17 of a ziggurat)
 55862 | Zig:17   | Identified the of Weitoh (Sif Muna gifted it to you on
                  | level 17 of a ziggurat)
 55862 | Zig:17   | Identified the "Segautih" (Sif Muna gifted it to you on
                  | level 17 of a ziggurat)
 55862 | Zig:17   | Identified the of Nypua (Sif Muna gifted it to you on
                  | level 17 of a ziggurat)
 55862 | Zig:17   | Identified the "Homu" (Sif Muna gifted it to you on level
                  | 17 of a ziggurat)
 55862 | Zig:17   | Identified the "Buva" (Sif Muna gifted it to you on level
                  | 17 of a ziggurat)
 55862 | Zig:17   | Identified the "Puoniveq" (Sif Muna gifted it to you on
                  | level 17 of a ziggurat)
 55862 | Zig:17   | Identified the of Veagrutucw (Sif Muna gifted it to you on
                  | level 17 of a ziggurat)
 55862 | Zig:17   | Identified the of Mufealuq (Sif Muna gifted it to you on
                  | level 17 of a ziggurat)
 55862 | Zig:17   | Identified the "Xotiniu" (Sif Muna gifted it to you on
                  | level 17 of a ziggurat)
 55862 | Zig:17   | Identified the "Zutotogi" (Sif Muna gifted it to you on
                  | level 17 of a ziggurat)
 55862 | Zig:17   | Identified the "Yplenioc" (Sif Muna gifted it to you on
                  | level 17 of a ziggurat)
 55862 | Zig:17   | Identified the "Erorybaf" (Sif Muna gifted it to you on
                  | level 17 of a ziggurat)
 55862 | Zig:17   | Identified the "Jacog" (Sif Muna gifted it to you on level
                  | 17 of a ziggurat)
 55862 | Zig:17   | Identified the "Cofig" (Sif Muna gifted it to you on level
                  | 17 of a ziggurat)
 55862 | Zig:17   | Identified the "Ynaxocu" (Sif Muna gifted it to you on
                  | level 17 of a ziggurat)
 55862 | Zig:17   | Identified the of Mele (Sif Muna gifted it to you on level
                  | 17 of a ziggurat)
 55862 | Zig:17   | Identified the of Dutot (Sif Muna gifted it to you on
                  | level 17 of a ziggurat)
 55862 | Zig:17   | Identified the "Xurowabb" (Sif Muna gifted it to you on
                  | level 17 of a ziggurat)
 55862 | Zig:17   | Identified the "Osaeq" (Sif Muna gifted it to you on level
                  | 17 of a ziggurat)
 55862 | Zig:17   | Identified the of Ataorhov (Sif Muna gifted it to you on
                  | level 17 of a ziggurat)
 55862 | Zig:17   | Identified the "Atoyrghus" (Sif Muna gifted it to you on
                  | level 17 of a ziggurat)
 55862 | Zig:17   | Identified the "Ystumiah" (Sif Muna gifted it to you on
                  | level 17 of a ziggurat)
 55862 | Zig:17   | Identified the "Vawo" (Sif Muna gifted it to you on level
                  | 17 of a ziggurat)
 55862 | Zig:17   | Identified the "Huiseat" (Sif Muna gifted it to you on
                  | level 17 of a ziggurat)
 55862 | Zig:17   | Identified the "Taghes" (Sif Muna gifted it to you on
                  | level 17 of a ziggurat)
 55862 | Zig:17   | Identified the of Maowuiz (Sif Muna gifted it to you on
                  | level 17 of a ziggurat)
 55862 | Zig:17   | Identified the "Wuashugo" (Sif Muna gifted it to you on
                  | level 17 of a ziggurat)
 55862 | Zig:17   | Identified the "Riukemp" (Sif Muna gifted it to you on
                  | level 17 of a ziggurat)
 55862 | Zig:17   | Identified the of Zogoajigg (Sif Muna gifted it to you on
                  | level 17 of a ziggurat)
 55862 | Zig:17   | Identified the "Wefola" (Sif Muna gifted it to you on
                  | level 17 of a ziggurat)
 55862 | Zig:17   | Identified the "Ydoningi" (Sif Muna gifted it to you on
                  | level 17 of a ziggurat)
 55862 | Zig:17   | Identified the "Ziemas" (Sif Muna gifted it to you on
                  | level 17 of a ziggurat)
 55862 | Zig:17   | Identified the "Pah Anoj" (Sif Muna gifted it to you on
                  | level 17 of a ziggurat)
 55862 | Zig:17   | Identified the of Ohezugi (Sif Muna gifted it to you on
                  | level 17 of a ziggurat)
 55862 | Zig:17   | Identified the "Dagrautz" (Sif Muna gifted it to you on
                  | level 17 of a ziggurat)
 55947 | Zig:18   | Identified the "Ixi Rato"
 55947 | Zig:18   | Entered Level 18 of a ziggurat
 55954 | Zig:18   | Identified the of Idghaxiu (Sif Muna gifted it to you on
                  | level 18 of a ziggurat)
 55954 | Zig:18   | Identified the "Bygam" (Sif Muna gifted it to you on level
                  | 18 of a ziggurat)
 55954 | Zig:18   | Identified the "Finivvut" (Sif Muna gifted it to you on
                  | level 18 of a ziggurat)
 55954 | Zig:18   | Identified the "Qocwotwu" (Sif Muna gifted it to you on
                  | level 18 of a ziggurat)
 55954 | Zig:18   | Identified the "Etuug" (Sif Muna gifted it to you on level
                  | 18 of a ziggurat)
 55954 | Zig:18   | Identified the "Wegeor" (Sif Muna gifted it to you on
                  | level 18 of a ziggurat)
 55954 | Zig:18   | Identified the "Cacuegal" (Sif Muna gifted it to you on
                  | level 18 of a ziggurat)
 55954 | Zig:18   | Identified the of Mir Syuv (Sif Muna gifted it to you on
                  | level 18 of a ziggurat)
 55954 | Zig:18   | Identified the of Gumnynt (Sif Muna gifted it to you on
                  | level 18 of a ziggurat)
 55954 | Zig:18   | Identified the "Fympuze" (Sif Muna gifted it to you on
                  | level 18 of a ziggurat)
 55954 | Zig:18   | Identified the of Iddy (Sif Muna gifted it to you on level
                  | 18 of a ziggurat)
 55954 | Zig:18   | Identified the "Teus" (Sif Muna gifted it to you on level
                  | 18 of a ziggurat)
 55954 | Zig:18   | Identified the "Igiorir" (Sif Muna gifted it to you on
                  | level 18 of a ziggurat)
 55954 | Zig:18   | Identified the "Xuredug" (Sif Muna gifted it to you on
                  | level 18 of a ziggurat)
 55954 | Zig:18   | Identified the of Jeeclu (Sif Muna gifted it to you on
                  | level 18 of a ziggurat)
 55954 | Zig:18   | Identified the "Qiulargh" (Sif Muna gifted it to you on
                  | level 18 of a ziggurat)
 55954 | Zig:18   | Identified the of Loz Xel (Sif Muna gifted it to you on
                  | level 18 of a ziggurat)
 55954 | Zig:18   | Identified the "Oplepn" (Sif Muna gifted it to you on
                  | level 18 of a ziggurat)
 55954 | Zig:18   | Identified the of Xepsodipn (Sif Muna gifted it to you on
                  | level 18 of a ziggurat)
 55954 | Zig:18   | Identified the "Gyk Ogeire" (Sif Muna gifted it to you on
                  | level 18 of a ziggurat)
 55954 | Zig:18   | Identified the "Uxefisto" (Sif Muna gifted it to you on
                  | level 18 of a ziggurat)
 55954 | Zig:18   | Identified the "Qipt" (Sif Muna gifted it to you on level
                  | 18 of a ziggurat)
 55954 | Zig:18   | Identified the "Ylex" (Sif Muna gifted it to you on level
                  | 18 of a ziggurat)
 55954 | Zig:18   | Identified the "Racomarcha" (Sif Muna gifted it to you on
                  | level 18 of a ziggurat)
 55954 | Zig:18   | Identified the of Peomupn (Sif Muna gifted it to you on
                  | level 18 of a ziggurat)
 55954 | Zig:18   | Identified the of Uteeshi (Sif Muna gifted it to you on
                  | level 18 of a ziggurat)
 55954 | Zig:18   | Identified the "Sixzifel" (Sif Muna gifted it to you on
                  | level 18 of a ziggurat)
 55954 | Zig:18   | Identified the "Jocvemac" (Sif Muna gifted it to you on
                  | level 18 of a ziggurat)
 55954 | Zig:18   | Identified the of Duwog (Sif Muna gifted it to you on
                  | level 18 of a ziggurat)
 55954 | Zig:18   | Identified the of Soxam (Sif Muna gifted it to you on
                  | level 18 of a ziggurat)
 55954 | Zig:18   | Identified the "Iwnuep" (Sif Muna gifted it to you on
                  | level 18 of a ziggurat)
 55954 | Zig:18   | Identified the "Disieffaewn" (Sif Muna gifted it to you on
                  | level 18 of a ziggurat)
 55954 | Zig:18   | Identified the of Yteph (Sif Muna gifted it to you on
                  | level 18 of a ziggurat)
 55954 | Zig:18   | Identified the of Wiassar (Sif Muna gifted it to you on
                  | level 18 of a ziggurat)
 55954 | Zig:18   | Identified the "Dib Ze Odd" (Sif Muna gifted it to you on
                  | level 18 of a ziggurat)
 55954 | Zig:18   | Identified the of Jalet (Sif Muna gifted it to you on
                  | level 18 of a ziggurat)
 55954 | Zig:18   | Identified the of Wozuur (Sif Muna gifted it to you on
                  | level 18 of a ziggurat)
 55954 | Zig:18   | Identified the "Kadduext" (Sif Muna gifted it to you on
                  | level 18 of a ziggurat)
 55954 | Zig:18   | Identified the "Tushrau" (Sif Muna gifted it to you on
                  | level 18 of a ziggurat)
 55954 | Zig:18   | Identified the of Relinues (Sif Muna gifted it to you on
                  | level 18 of a ziggurat)
 55954 | Zig:18   | Identified the of Anei (Sif Muna gifted it to you on level
                  | 18 of a ziggurat)
 55954 | Zig:18   | Identified the "Vegraep" (Sif Muna gifted it to you on
                  | level 18 of a ziggurat)
 55954 | Zig:18   | Identified the "Wiah" (Sif Muna gifted it to you on level
                  | 18 of a ziggurat)
 55954 | Zig:18   | Identified the of Lonoif (Sif Muna gifted it to you on
                  | level 18 of a ziggurat)
 55954 | Zig:18   | Identified the of Goir (Sif Muna gifted it to you on level
                  | 18 of a ziggurat)
 55954 | Zig:18   | Identified the "Iskaxa" (Sif Muna gifted it to you on
                  | level 18 of a ziggurat)
 55954 | Zig:18   | Identified the "Kutic" (Sif Muna gifted it to you on level
                  | 18 of a ziggurat)
 55954 | Zig:18   | Identified the "Neupn" (Sif Muna gifted it to you on level
                  | 18 of a ziggurat)
 55954 | Zig:18   | Identified the "Elegeq" (Sif Muna gifted it to you on
                  | level 18 of a ziggurat)
 55954 | Zig:18   | Identified the of Exad (Sif Muna gifted it to you on level
                  | 18 of a ziggurat)
 55954 | Zig:18   | Identified the of Cinosi (Sif Muna gifted it to you on
                  | level 18 of a ziggurat)
 55954 | Zig:18   | Identified the "Kounkopp" (Sif Muna gifted it to you on
                  | level 18 of a ziggurat)
 55954 | Zig:18   | Identified the "Vamif" (Sif Muna gifted it to you on level
                  | 18 of a ziggurat)
 55954 | Zig:18   | Identified the "Seradoda" (Sif Muna gifted it to you on
                  | level 18 of a ziggurat)
 55954 | Zig:18   | Identified the "Naod" (Sif Muna gifted it to you on level
                  | 18 of a ziggurat)
 55954 | Zig:18   | Identified the "Igaorchom" (Sif Muna gifted it to you on
                  | level 18 of a ziggurat)
 55954 | Zig:18   | Identified the "Urogho Duare" (Sif Muna gifted it to you
                  | on level 18 of a ziggurat)
 55954 | Zig:18   | Identified the "Anath" (Sif Muna gifted it to you on level
                  | 18 of a ziggurat)
 55954 | Zig:18   | Identified the "Kavuqodgh" (Sif Muna gifted it to you on
                  | level 18 of a ziggurat)
 55954 | Zig:18   | Identified the "Fuecag" (Sif Muna gifted it to you on
                  | level 18 of a ziggurat)
 55954 | Zig:18   | Identified the of Lonaed (Sif Muna gifted it to you on
                  | level 18 of a ziggurat)
 55954 | Zig:18   | Identified the of Xamm (Sif Muna gifted it to you on level
                  | 18 of a ziggurat)
 55954 | Zig:18   | Identified the "Buklir" (Sif Muna gifted it to you on
                  | level 18 of a ziggurat)
 55954 | Zig:18   | Identified the of Afokh (Sif Muna gifted it to you on
                  | level 18 of a ziggurat)
 55954 | Zig:18   | Identified the "Uriasije" (Sif Muna gifted it to you on
                  | level 18 of a ziggurat)
 55954 | Zig:18   | Identified the "Rady" (Sif Muna gifted it to you on level
                  | 18 of a ziggurat)
 55954 | Zig:18   | Identified the "Appuomov" (Sif Muna gifted it to you on
                  | level 18 of a ziggurat)
 55954 | Zig:18   | Identified the of Cowuiloq (Sif Muna gifted it to you on
                  | level 18 of a ziggurat)
 55954 | Zig:18   | Identified the "Hutung" (Sif Muna gifted it to you on
                  | level 18 of a ziggurat)
 55954 | Zig:18   | Identified the "Anwiggad" (Sif Muna gifted it to you on
                  | level 18 of a ziggurat)
 55954 | Zig:18   | Identified the "Uzucvol" (Sif Muna gifted it to you on
                  | level 18 of a ziggurat)
 55954 | Zig:18   | Identified the "Qeurr" (Sif Muna gifted it to you on level
                  | 18 of a ziggurat)
 55954 | Zig:18   | Identified the "Leopneig" (Sif Muna gifted it to you on
                  | level 18 of a ziggurat)
 55954 | Zig:18   | Identified the "Genoisio" (Sif Muna gifted it to you on
                  | level 18 of a ziggurat)
 55954 | Zig:18   | Identified the of Ximiduiw (Sif Muna gifted it to you on
                  | level 18 of a ziggurat)
 55954 | Zig:18   | Identified the of Okisch (Sif Muna gifted it to you on
                  | level 18 of a ziggurat)
 55954 | Zig:18   | Identified the "Uroosu" (Sif Muna gifted it to you on
                  | level 18 of a ziggurat)
 55954 | Zig:18   | Identified the "Hitolusi" (Sif Muna gifted it to you on
                  | level 18 of a ziggurat)
 55954 | Zig:18   | Identified the "Satraix" (Sif Muna gifted it to you on
                  | level 18 of a ziggurat)
 55954 | Zig:18   | Identified the of Ycroc (Sif Muna gifted it to you on
                  | level 18 of a ziggurat)
 55955 | Zig:18   | Identified the "Aracwasch" (Sif Muna gifted it to you on
                  | level 18 of a ziggurat)
 55955 | Zig:18   | Identified the "Bol Ytu" (Sif Muna gifted it to you on
                  | level 18 of a ziggurat)
 55955 | Zig:18   | Identified the "Fuogun" (Sif Muna gifted it to you on
                  | level 18 of a ziggurat)
 55955 | Zig:18   | Identified the of Yvuit (Sif Muna gifted it to you on
                  | level 18 of a ziggurat)
 55955 | Zig:18   | Identified the "Ulextu" (Sif Muna gifted it to you on
                  | level 18 of a ziggurat)
 55955 | Zig:18   | Identified the "Ushaummo" (Sif Muna gifted it to you on
                  | level 18 of a ziggurat)
 55955 | Zig:18   | Identified the "Ezohop" (Sif Muna gifted it to you on
                  | level 18 of a ziggurat)
 55955 | Zig:18   | Identified the of Quol Astri (Sif Muna gifted it to you on
                  | level 18 of a ziggurat)
 55955 | Zig:18   | Identified the "Vupinagh" (Sif Muna gifted it to you on
                  | level 18 of a ziggurat)
 55955 | Zig:18   | Identified the "Qungier" (Sif Muna gifted it to you on
                  | level 18 of a ziggurat)
 55955 | Zig:18   | Identified the of Guenwimi (Sif Muna gifted it to you on
                  | level 18 of a ziggurat)
 55955 | Zig:18   | Identified the "Yrhoim" (Sif Muna gifted it to you on
                  | level 18 of a ziggurat)
 55955 | Zig:18   | Identified the "Qajios" (Sif Muna gifted it to you on
                  | level 18 of a ziggurat)
 55955 | Zig:18   | Identified the "Mibadgh" (Sif Muna gifted it to you on
                  | level 18 of a ziggurat)
 55955 | Zig:18   | Identified the "Kaqoval" (Sif Muna gifted it to you on
                  | level 18 of a ziggurat)
 55955 | Zig:18   | Identified the "Cidd" (Sif Muna gifted it to you on level
                  | 18 of a ziggurat)
 55955 | Zig:18   | Identified the of Fozxaucor (Sif Muna gifted it to you on
                  | level 18 of a ziggurat)
 55955 | Zig:18   | Identified the "Xeubra" (Sif Muna gifted it to you on
                  | level 18 of a ziggurat)
 55955 | Zig:18   | Identified the of Kyaro (Sif Muna gifted it to you on
                  | level 18 of a ziggurat)
 55955 | Zig:18   | Identified the "Pivur" (Sif Muna gifted it to you on level
                  | 18 of a ziggurat)
 55955 | Zig:18   | Identified the of Rasuw (Sif Muna gifted it to you on
                  | level 18 of a ziggurat)
 55955 | Zig:18   | Identified the "Arum Reu" (Sif Muna gifted it to you on
                  | level 18 of a ziggurat)
 55955 | Zig:18   | Identified the "Ruv Cuu" (Sif Muna gifted it to you on
                  | level 18 of a ziggurat)
 55955 | Zig:18   | Identified the "Hoimn" (Sif Muna gifted it to you on level
                  | 18 of a ziggurat)
 55955 | Zig:18   | Identified the "Puod" (Sif Muna gifted it to you on level
                  | 18 of a ziggurat)
 55955 | Zig:18   | Identified the "Getekuh" (Sif Muna gifted it to you on
                  | level 18 of a ziggurat)
 55955 | Zig:18   | Identified the "Namemul" (Sif Muna gifted it to you on
                  | level 18 of a ziggurat)
 55955 | Zig:18   | Identified the "Hofycsu" (Sif Muna gifted it to you on
                  | level 18 of a ziggurat)
 55955 | Zig:18   | Identified the "Hoitoa" (Sif Muna gifted it to you on
                  | level 18 of a ziggurat)
 55955 | Zig:18   | Identified the of Pike Ludejuu (Sif Muna gifted it to you
                  | on level 18 of a ziggurat)
 55955 | Zig:18   | Identified the "Ubliotel" (Sif Muna gifted it to you on
                  | level 18 of a ziggurat)
 55955 | Zig:18   | Identified the of Muczon (Sif Muna gifted it to you on
                  | level 18 of a ziggurat)
 55955 | Zig:18   | Identified the "Ysunk" (Sif Muna gifted it to you on level
                  | 18 of a ziggurat)
 55955 | Zig:18   | Identified the "Wynwaic" (Sif Muna gifted it to you on
                  | level 18 of a ziggurat)
 55955 | Zig:18   | Identified the "Ruosoamp" (Sif Muna gifted it to you on
                  | level 18 of a ziggurat)
 55955 | Zig:18   | Identified the "Dab Kisu" (Sif Muna gifted it to you on
                  | level 18 of a ziggurat)
 55955 | Zig:18   | Identified the "Qooplej" (Sif Muna gifted it to you on
                  | level 18 of a ziggurat)
 55955 | Zig:18   | Identified the "Duimau" (Sif Muna gifted it to you on
                  | level 18 of a ziggurat)
 55955 | Zig:18   | Identified the of Voetulif (Sif Muna gifted it to you on
                  | level 18 of a ziggurat)
 55955 | Zig:18   | Identified the of Beneudeng (Sif Muna gifted it to you on
                  | level 18 of a ziggurat)
 55969 | Zig:18   | Identified the +1 robe "Ubua" {*Corrode rF++ Regen+ Int+4}
 55974 | Zig:18   | Identified the ring "Maosol" {rPois rF+ Str+2 Stlth-}
 55985 | Zig:18   | Identified the +11 hand axe of the Pyrrhic Victory {drain,
                  | rElec rCorr Str-4 Dex+4}
 56015 | Zig:19   | Identified the of Atica
 56015 | Zig:19   | Entered Level 19 of a ziggurat
 56019 | Zig:19   | Noticed a royal mummy
 56021 | Zig:19   | Identified the "Cocek" (Sif Muna gifted it to you on level
                  | 19 of a ziggurat)
 56021 | Zig:19   | Identified the of Dukeg (Sif Muna gifted it to you on
                  | level 19 of a ziggurat)
 56021 | Zig:19   | Identified the "Ugoher" (Sif Muna gifted it to you on
                  | level 19 of a ziggurat)
 56021 | Zig:19   | Identified the "Ekhlauhiy" (Sif Muna gifted it to you on
                  | level 19 of a ziggurat)
 56021 | Zig:19   | Identified the "Deuguss" (Sif Muna gifted it to you on
                  | level 19 of a ziggurat)
 56021 | Zig:19   | Identified the of Fourphy (Sif Muna gifted it to you on
                  | level 19 of a ziggurat)
 56021 | Zig:19   | Identified the "Hoapn" (Sif Muna gifted it to you on level
                  | 19 of a ziggurat)
 56021 | Zig:19   | Identified the "Ofooroh" (Sif Muna gifted it to you on
                  | level 19 of a ziggurat)
 56021 | Zig:19   | Identified the of Hiric (Sif Muna gifted it to you on
                  | level 19 of a ziggurat)
 56021 | Zig:19   | Identified the "Ruynynetof" (Sif Muna gifted it to you on
                  | level 19 of a ziggurat)
 56021 | Zig:19   | Identified the "Siocicol" (Sif Muna gifted it to you on
                  | level 19 of a ziggurat)
 56021 | Zig:19   | Identified the "Nuyc" (Sif Muna gifted it to you on level
                  | 19 of a ziggurat)
 56021 | Zig:19   | Identified the of Difuump (Sif Muna gifted it to you on
                  | level 19 of a ziggurat)
 56021 | Zig:19   | Identified the "Bowageicw" (Sif Muna gifted it to you on
                  | level 19 of a ziggurat)
 56021 | Zig:19   | Identified the "Moev Ror" (Sif Muna gifted it to you on
                  | level 19 of a ziggurat)
 56021 | Zig:19   | Identified the of Idoxkau (Sif Muna gifted it to you on
                  | level 19 of a ziggurat)
 56021 | Zig:19   | Identified the of Qukoumo (Sif Muna gifted it to you on
                  | level 19 of a ziggurat)
 56021 | Zig:19   | Identified the "Acinetiko" (Sif Muna gifted it to you on
                  | level 19 of a ziggurat)
 56021 | Zig:19   | Identified the of Bewkesi (Sif Muna gifted it to you on
                  | level 19 of a ziggurat)
 56021 | Zig:19   | Identified the of Kaukopra (Sif Muna gifted it to you on
                  | level 19 of a ziggurat)
 56021 | Zig:19   | Identified the of Vasiwn (Sif Muna gifted it to you on
                  | level 19 of a ziggurat)
 56021 | Zig:19   | Identified the "Piubuine" (Sif Muna gifted it to you on
                  | level 19 of a ziggurat)
 56021 | Zig:19   | Identified the of Ytethruh (Sif Muna gifted it to you on
                  | level 19 of a ziggurat)
 56021 | Zig:19   | Identified the "Ruhiqix" (Sif Muna gifted it to you on
                  | level 19 of a ziggurat)
 56021 | Zig:19   | Identified the of Tuutzupn (Sif Muna gifted it to you on
                  | level 19 of a ziggurat)
 56021 | Zig:19   | Identified the of Tieteugi (Sif Muna gifted it to you on
                  | level 19 of a ziggurat)
 56021 | Zig:19   | Identified the "Papiowk" (Sif Muna gifted it to you on
                  | level 19 of a ziggurat)
 56021 | Zig:19   | Identified the "Xeun" (Sif Muna gifted it to you on level
                  | 19 of a ziggurat)
 56021 | Zig:19   | Identified the "Ehyagaif" (Sif Muna gifted it to you on
                  | level 19 of a ziggurat)
 56021 | Zig:19   | Identified the of Gojan (Sif Muna gifted it to you on
                  | level 19 of a ziggurat)
 56021 | Zig:19   | Identified the "Nabben" (Sif Muna gifted it to you on
                  | level 19 of a ziggurat)
 56021 | Zig:19   | Identified the "Ecoogikhlitah" (Sif Muna gifted it to you
                  | on level 19 of a ziggurat)
 56021 | Zig:19   | Identified the of Utau (Sif Muna gifted it to you on level
                  | 19 of a ziggurat)
 56021 | Zig:19   | Identified the of Noloeseo (Sif Muna gifted it to you on
                  | level 19 of a ziggurat)
 56021 | Zig:19   | Identified the "Jooniexi" (Sif Muna gifted it to you on
                  | level 19 of a ziggurat)
 56021 | Zig:19   | Identified the of Ehiwk (Sif Muna gifted it to you on
                  | level 19 of a ziggurat)
 56021 | Zig:19   | Identified the "Sammar" (Sif Muna gifted it to you on
                  | level 19 of a ziggurat)
 56021 | Zig:19   | Identified the of Lewon (Sif Muna gifted it to you on
                  | level 19 of a ziggurat)
 56021 | Zig:19   | Identified the "Moefoebe" (Sif Muna gifted it to you on
                  | level 19 of a ziggurat)
 56021 | Zig:19   | Identified the "Ricoorph" (Sif Muna gifted it to you on
                  | level 19 of a ziggurat)
 56024 | Zig:19   | Noticed a royal mummy
 56024 | Zig:19   | Noticed a royal mummy
 56024 | Zig:19   | Noticed a royal mummy
 56025 | Zig:19   | Identified the "Katip" (Sif Muna gifted it to you on level
                  | 19 of a ziggurat)
 56025 | Zig:19   | Identified the of Nofytwev (Sif Muna gifted it to you on
                  | level 19 of a ziggurat)
 56025 | Zig:19   | Identified the of Xatolas (Sif Muna gifted it to you on
                  | level 19 of a ziggurat)
 56025 | Zig:19   | Identified the of Luankaj (Sif Muna gifted it to you on
                  | level 19 of a ziggurat)
 56025 | Zig:19   | Identified the "Vaerhuor" (Sif Muna gifted it to you on
                  | level 19 of a ziggurat)
 56025 | Zig:19   | Identified the "Foofenoyw" (Sif Muna gifted it to you on
                  | level 19 of a ziggurat)
 56025 | Zig:19   | Identified the "Goggecik" (Sif Muna gifted it to you on
                  | level 19 of a ziggurat)
 56025 | Zig:19   | Identified the "Xijupots" (Sif Muna gifted it to you on
                  | level 19 of a ziggurat)
 56025 | Zig:19   | Identified the "Laju" (Sif Muna gifted it to you on level
                  | 19 of a ziggurat)
 56025 | Zig:19   | Identified the "Fosocet" (Sif Muna gifted it to you on
                  | level 19 of a ziggurat)
 56025 | Zig:19   | Identified the of Fexkokh (Sif Muna gifted it to you on
                  | level 19 of a ziggurat)
 56025 | Zig:19   | Identified the of Kuychusy (Sif Muna gifted it to you on
                  | level 19 of a ziggurat)
 56025 | Zig:19   | Identified the of Yloolias (Sif Muna gifted it to you on
                  | level 19 of a ziggurat)
 56025 | Zig:19   | Identified the "Qeotwul" (Sif Muna gifted it to you on
                  | level 19 of a ziggurat)
 56025 | Zig:19   | Identified the "Dycynwae" (Sif Muna gifted it to you on
                  | level 19 of a ziggurat)
 56025 | Zig:19   | Identified the of Zouliasy (Sif Muna gifted it to you on
                  | level 19 of a ziggurat)
 56025 | Zig:19   | Identified the "Qugah" (Sif Muna gifted it to you on level
                  | 19 of a ziggurat)
 56025 | Zig:19   | Identified the "Assop" (Sif Muna gifted it to you on level
                  | 19 of a ziggurat)
 56025 | Zig:19   | Identified the "Goiteqiy" (Sif Muna gifted it to you on
                  | level 19 of a ziggurat)
 56025 | Zig:19   | Identified the "Ihecie" (Sif Muna gifted it to you on
                  | level 19 of a ziggurat)
 56025 | Zig:19   | Identified the "Korares" (Sif Muna gifted it to you on
                  | level 19 of a ziggurat)
 56025 | Zig:19   | Identified the of Melyr (Sif Muna gifted it to you on
                  | level 19 of a ziggurat)
 56025 | Zig:19   | Identified the of Okahor (Sif Muna gifted it to you on
                  | level 19 of a ziggurat)
 56025 | Zig:19   | Identified the of Zoheq (Sif Muna gifted it to you on
                  | level 19 of a ziggurat)
 56025 | Zig:19   | Identified the "Cial" (Sif Muna gifted it to you on level
                  | 19 of a ziggurat)
 56025 | Zig:19   | Identified the "Koem Cesm" (Sif Muna gifted it to you on
                  | level 19 of a ziggurat)
 56025 | Zig:19   | Identified the "Ges Yph" (Sif Muna gifted it to you on
                  | level 19 of a ziggurat)
 56025 | Zig:19   | Identified the "Giugunal" (Sif Muna gifted it to you on
                  | level 19 of a ziggurat)
 56025 | Zig:19   | Identified the "Remum" (Sif Muna gifted it to you on level
                  | 19 of a ziggurat)
 56025 | Zig:19   | Identified the "Hasem" (Sif Muna gifted it to you on level
                  | 19 of a ziggurat)
 56025 | Zig:19   | Identified the of Ygehun (Sif Muna gifted it to you on
                  | level 19 of a ziggurat)
 56025 | Zig:19   | Identified the of Quskunn (Sif Muna gifted it to you on
                  | level 19 of a ziggurat)
 56025 | Zig:19   | Identified the "Xyigh" (Sif Muna gifted it to you on level
                  | 19 of a ziggurat)
 56025 | Zig:19   | Identified the of Anlethrou (Sif Muna gifted it to you on
                  | level 19 of a ziggurat)
 56025 | Zig:19   | Identified the of Vobrirod (Sif Muna gifted it to you on
                  | level 19 of a ziggurat)
 56025 | Zig:19   | Identified the of Rioxatseb (Sif Muna gifted it to you on
                  | level 19 of a ziggurat)
 56025 | Zig:19   | Identified the "Ubliapli" (Sif Muna gifted it to you on
                  | level 19 of a ziggurat)
 56025 | Zig:19   | Identified the "Ywoy" (Sif Muna gifted it to you on level
                  | 19 of a ziggurat)
 56025 | Zig:19   | Identified the of Xusu Sotz (Sif Muna gifted it to you on
                  | level 19 of a ziggurat)
 56025 | Zig:19   | Identified the "Ehud Ceb" (Sif Muna gifted it to you on
                  | level 19 of a ziggurat)
 56025 | Zig:19   | Identified the of Maggueto (Sif Muna gifted it to you on
                  | level 19 of a ziggurat)
 56025 | Zig:19   | Identified the "Sazeygixuy" (Sif Muna gifted it to you on
                  | level 19 of a ziggurat)
 56025 | Zig:19   | Identified the "Cehuim" (Sif Muna gifted it to you on
                  | level 19 of a ziggurat)
 56025 | Zig:19   | Identified the "Sarib" (Sif Muna gifted it to you on level
                  | 19 of a ziggurat)
 56025 | Zig:19   | Identified the "Xeipteru" (Sif Muna gifted it to you on
                  | level 19 of a ziggurat)
 56025 | Zig:19   | Identified the of Nisirch (Sif Muna gifted it to you on
                  | level 19 of a ziggurat)
 56025 | Zig:19   | Identified the "Dinlua" (Sif Muna gifted it to you on
                  | level 19 of a ziggurat)
 56025 | Zig:19   | Identified the "Ruagumo" (Sif Muna gifted it to you on
                  | level 19 of a ziggurat)
 56025 | Zig:19   | Identified the of Uvijipt (Sif Muna gifted it to you on
                  | level 19 of a ziggurat)
 56025 | Zig:19   | Identified the "Pirr" (Sif Muna gifted it to you on level
                  | 19 of a ziggurat)
 56025 | Zig:19   | Identified the of Vunti (Sif Muna gifted it to you on
                  | level 19 of a ziggurat)
 56025 | Zig:19   | Identified the "Lipruahuig" (Sif Muna gifted it to you on
                  | level 19 of a ziggurat)
 56025 | Zig:19   | Identified the "Uchon" (Sif Muna gifted it to you on level
                  | 19 of a ziggurat)
 56025 | Zig:19   | Identified the of Etwoscha (Sif Muna gifted it to you on
                  | level 19 of a ziggurat)
 56025 | Zig:19   | Identified the "Coasot" (Sif Muna gifted it to you on
                  | level 19 of a ziggurat)
 56025 | Zig:19   | Identified the of Moucu (Sif Muna gifted it to you on
                  | level 19 of a ziggurat)
 56025 | Zig:19   | Identified the "Gighuboop" (Sif Muna gifted it to you on
                  | level 19 of a ziggurat)
 56025 | Zig:19   | Identified the "Beph" (Sif Muna gifted it to you on level
                  | 19 of a ziggurat)
 56025 | Zig:19   | Identified the "Gazool" (Sif Muna gifted it to you on
                  | level 19 of a ziggurat)
 56025 | Zig:19   | Identified the of Pougg (Sif Muna gifted it to you on
                  | level 19 of a ziggurat)
 56025 | Zig:19   | Identified the "Goqaaz" (Sif Muna gifted it to you on
                  | level 19 of a ziggurat)
 56025 | Zig:19   | Identified the "Kihaf" (Sif Muna gifted it to you on level
                  | 19 of a ziggurat)
 56025 | Zig:19   | Identified the "Qekloun" (Sif Muna gifted it to you on
                  | level 19 of a ziggurat)
 56025 | Zig:19   | Identified the of Bogevikk (Sif Muna gifted it to you on
                  | level 19 of a ziggurat)
 56025 | Zig:19   | Identified the "Tatzat" (Sif Muna gifted it to you on
                  | level 19 of a ziggurat)
 56025 | Zig:19   | Identified the of Amoujib (Sif Muna gifted it to you on
                  | level 19 of a ziggurat)
 56025 | Zig:19   | Identified the of Ukleg (Sif Muna gifted it to you on
                  | level 19 of a ziggurat)
 56025 | Zig:19   | Identified the "Tiotutoi" (Sif Muna gifted it to you on
                  | level 19 of a ziggurat)
 56025 | Zig:19   | Identified the "Tunwevu" (Sif Muna gifted it to you on
                  | level 19 of a ziggurat)
 56025 | Zig:19   | Identified the of Wuno (Sif Muna gifted it to you on level
                  | 19 of a ziggurat)
 56025 | Zig:19   | Identified the of Waer (Sif Muna gifted it to you on level
                  | 19 of a ziggurat)
 56025 | Zig:19   | Identified the "Ederi" (Sif Muna gifted it to you on level
                  | 19 of a ziggurat)
 56025 | Zig:19   | Identified the "Ampyt" (Sif Muna gifted it to you on level
                  | 19 of a ziggurat)
 56025 | Zig:19   | Identified the of Februn (Sif Muna gifted it to you on
                  | level 19 of a ziggurat)
 56025 | Zig:19   | Identified the "Irous" (Sif Muna gifted it to you on level
                  | 19 of a ziggurat)
 56025 | Zig:19   | Identified the "Vagisir" (Sif Muna gifted it to you on
                  | level 19 of a ziggurat)
 56025 | Zig:19   | Identified the "Apra Una" (Sif Muna gifted it to you on
                  | level 19 of a ziggurat)
 56025 | Zig:19   | Identified the "Touxzoyr" (Sif Muna gifted it to you on
                  | level 19 of a ziggurat)
 56025 | Zig:19   | Identified the of Kiuckon (Sif Muna gifted it to you on
                  | level 19 of a ziggurat)
 56025 | Zig:19   | Identified the of Fejuc (Sif Muna gifted it to you on
                  | level 19 of a ziggurat)
 56025 | Zig:19   | Identified the of Gadimoc (Sif Muna gifted it to you on
                  | level 19 of a ziggurat)
 56025 | Zig:19   | Identified the of Mota (Sif Muna gifted it to you on level
                  | 19 of a ziggurat)
 56025 | Zig:19   | Identified the of Acrirota (Sif Muna gifted it to you on
                  | level 19 of a ziggurat)
 56025 | Zig:19   | Identified the of Booro (Sif Muna gifted it to you on
                  | level 19 of a ziggurat)
 56025 | Zig:19   | Identified the "Osust" (Sif Muna gifted it to you on level
                  | 19 of a ziggurat)
 56025 | Zig:19   | Identified the of Zeydghuc (Sif Muna gifted it to you on
                  | level 19 of a ziggurat)
 56025 | Zig:19   | Identified the of Xuckodil (Sif Muna gifted it to you on
                  | level 19 of a ziggurat)
 56025 | Zig:19   | Identified the "Deicsuir" (Sif Muna gifted it to you on
                  | level 19 of a ziggurat)
 56025 | Zig:19   | Identified the "Vucsamey" (Sif Muna gifted it to you on
                  | level 19 of a ziggurat)
 56025 | Zig:19   | Identified the "Getoviba" (Sif Muna gifted it to you on
                  | level 19 of a ziggurat)
 56025 | Zig:19   | Identified the of Zoicsyeg (Sif Muna gifted it to you on
                  | level 19 of a ziggurat)
 56025 | Zig:19   | Identified the "Etwa" (Sif Muna gifted it to you on level
                  | 19 of a ziggurat)
 56025 | Zig:19   | Identified the "Zunuug" (Sif Muna gifted it to you on
                  | level 19 of a ziggurat)
 56025 | Zig:19   | Identified the "Mueto" (Sif Muna gifted it to you on level
                  | 19 of a ziggurat)
 56025 | Zig:19   | Identified the of Doinu (Sif Muna gifted it to you on
                  | level 19 of a ziggurat)
 56025 | Zig:19   | Identified the "Keuty" (Sif Muna gifted it to you on level
                  | 19 of a ziggurat)
 56025 | Zig:19   | Identified the "Ytuehath" (Sif Muna gifted it to you on
                  | level 19 of a ziggurat)
 56025 | Zig:19   | Identified the of Pyck (Sif Muna gifted it to you on level
                  | 19 of a ziggurat)
 56025 | Zig:19   | Identified the "Quev" (Sif Muna gifted it to you on level
                  | 19 of a ziggurat)
 56025 | Zig:19   | Identified the "Ucrewe Yruo" (Sif Muna gifted it to you on
                  | level 19 of a ziggurat)
 56025 | Zig:19   | Identified the "Ziodeb" (Sif Muna gifted it to you on
                  | level 19 of a ziggurat)
 56025 | Zig:19   | Identified the of Xuraereb (Sif Muna gifted it to you on
                  | level 19 of a ziggurat)
 56025 | Zig:19   | Identified the of Istrocsosif (Sif Muna gifted it to you
                  | on level 19 of a ziggurat)
 56025 | Zig:19   | Identified the "Ypiur" (Sif Muna gifted it to you on level
                  | 19 of a ziggurat)
 56025 | Zig:19   | Identified the "Pasmar" (Sif Muna gifted it to you on
                  | level 19 of a ziggurat)
 56025 | Zig:19   | Identified the "Giowokyt" (Sif Muna gifted it to you on
                  | level 19 of a ziggurat)
 56025 | Zig:19   | Identified the "Golenib" (Sif Muna gifted it to you on
                  | level 19 of a ziggurat)
 56025 | Zig:19   | Identified the of Lumytid (Sif Muna gifted it to you on
                  | level 19 of a ziggurat)
 56025 | Zig:19   | Identified the "Xioschips" (Sif Muna gifted it to you on
                  | level 19 of a ziggurat)
 56025 | Zig:19   | Identified the "Myv Nom" (Sif Muna gifted it to you on
                  | level 19 of a ziggurat)
 56025 | Zig:19   | Identified the "Roni" (Sif Muna gifted it to you on level
                  | 19 of a ziggurat)
 56025 | Zig:19   | Identified the "Oclir" (Sif Muna gifted it to you on level
                  | 19 of a ziggurat)
 56025 | Zig:19   | Identified the "Banoh" (Sif Muna gifted it to you on level
                  | 19 of a ziggurat)
 56025 | Zig:19   | Identified the "Kecuf" (Sif Muna gifted it to you on level
                  | 19 of a ziggurat)
 56025 | Zig:19   | Identified the "Logekeeq" (Sif Muna gifted it to you on
                  | level 19 of a ziggurat)
 56025 | Zig:19   | Identified the of Seygueh (Sif Muna gifted it to you on
                  | level 19 of a ziggurat)
 56025 | Zig:19   | Identified the of Zephe (Sif Muna gifted it to you on
                  | level 19 of a ziggurat)
 56025 | Zig:19   | Identified the "Behaos Hiam" (Sif Muna gifted it to you on
                  | level 19 of a ziggurat)
 56025 | Zig:19   | Identified the "Qoysecw" (Sif Muna gifted it to you on
                  | level 19 of a ziggurat)
 56025 | Zig:19   | Identified the "Akhocepn" (Sif Muna gifted it to you on
                  | level 19 of a ziggurat)
 56025 | Zig:19   | Identified the "Xuafimim" (Sif Muna gifted it to you on
                  | level 19 of a ziggurat)
 56025 | Zig:19   | Identified the "Tasairux" (Sif Muna gifted it to you on
                  | level 19 of a ziggurat)
 56025 | Zig:19   | Identified the "Pizxy" (Sif Muna gifted it to you on level
                  | 19 of a ziggurat)
 56025 | Zig:19   | Identified the "Tapsiy" (Sif Muna gifted it to you on
                  | level 19 of a ziggurat)
 56025 | Zig:19   | Identified the of Ybiodeu (Sif Muna gifted it to you on
                  | level 19 of a ziggurat)
 56025 | Zig:19   | Identified the of Duddadet (Sif Muna gifted it to you on
                  | level 19 of a ziggurat)
 56025 | Zig:19   | Identified the "Aratueng" (Sif Muna gifted it to you on
                  | level 19 of a ziggurat)
 56025 | Zig:19   | Identified the "Gupaawio" (Sif Muna gifted it to you on
                  | level 19 of a ziggurat)
 56025 | Zig:19   | Identified the "Wazicinet" (Sif Muna gifted it to you on
                  | level 19 of a ziggurat)
 56025 | Zig:19   | Identified the of Sehih (Sif Muna gifted it to you on
                  | level 19 of a ziggurat)
 56025 | Zig:19   | Identified the "Beucar" (Sif Muna gifted it to you on
                  | level 19 of a ziggurat)
 56025 | Zig:19   | Identified the "Mixeesh" (Sif Muna gifted it to you on
                  | level 19 of a ziggurat)
 56025 | Zig:19   | Identified the "Akezuoh" (Sif Muna gifted it to you on
                  | level 19 of a ziggurat)
 56025 | Zig:19   | Identified the "Vophilum" (Sif Muna gifted it to you on
                  | level 19 of a ziggurat)
 56025 | Zig:19   | Identified the of Icwumm (Sif Muna gifted it to you on
                  | level 19 of a ziggurat)
 56025 | Zig:19   | Identified the "Tatahat" (Sif Muna gifted it to you on
                  | level 19 of a ziggurat)
 56025 | Zig:19   | Identified the of Ruomuvud (Sif Muna gifted it to you on
                  | level 19 of a ziggurat)
 56025 | Zig:19   | Identified the "Fumaynam" (Sif Muna gifted it to you on
                  | level 19 of a ziggurat)
 56025 | Zig:19   | Identified the "Mihumuulan" (Sif Muna gifted it to you on
                  | level 19 of a ziggurat)
 56025 | Zig:19   | Identified the "Japn" (Sif Muna gifted it to you on level
                  | 19 of a ziggurat)
 56025 | Zig:19   | Identified the of Adisuiwn (Sif Muna gifted it to you on
                  | level 19 of a ziggurat)
 56025 | Zig:19   | Identified the "Viriabe" (Sif Muna gifted it to you on
                  | level 19 of a ziggurat)
 56025 | Zig:19   | Identified the "Ucasuq" (Sif Muna gifted it to you on
                  | level 19 of a ziggurat)
 56025 | Zig:19   | Identified the of Uman (Sif Muna gifted it to you on level
                  | 19 of a ziggurat)
 56025 | Zig:19   | Identified the "Xibla" (Sif Muna gifted it to you on level
                  | 19 of a ziggurat)
 56025 | Zig:19   | Identified the "Damiac" (Sif Muna gifted it to you on
                  | level 19 of a ziggurat)
 56025 | Zig:19   | Identified the "Qaewn" (Sif Muna gifted it to you on level
                  | 19 of a ziggurat)
 56025 | Zig:19   | Identified the "Istem" (Sif Muna gifted it to you on level
                  | 19 of a ziggurat)
 56025 | Zig:19   | Identified the "Jogeen" (Sif Muna gifted it to you on
                  | level 19 of a ziggurat)
 56025 | Zig:19   | Identified the "Kidulun" (Sif Muna gifted it to you on
                  | level 19 of a ziggurat)
 56025 | Zig:19   | Identified the "Merohaki" (Sif Muna gifted it to you on
                  | level 19 of a ziggurat)
 56025 | Zig:19   | Identified the "Cateolog" (Sif Muna gifted it to you on
                  | level 19 of a ziggurat)
 56025 | Zig:19   | Identified the "Eptip" (Sif Muna gifted it to you on level
                  | 19 of a ziggurat)
 56025 | Zig:19   | Identified the "Zequd" (Sif Muna gifted it to you on level
                  | 19 of a ziggurat)
 56025 | Zig:19   | Identified the of Kateotiz (Sif Muna gifted it to you on
                  | level 19 of a ziggurat)
 56025 | Zig:19   | Identified the "Osonicet" (Sif Muna gifted it to you on
                  | level 19 of a ziggurat)
 56025 | Zig:19   | Identified the of Obbouph (Sif Muna gifted it to you on
                  | level 19 of a ziggurat)
 56025 | Zig:19   | Identified the "Hagh" (Sif Muna gifted it to you on level
                  | 19 of a ziggurat)
 56025 | Zig:19   | Identified the of Rucidd (Sif Muna gifted it to you on
                  | level 19 of a ziggurat)
 56025 | Zig:19   | Identified the "Cuadwuga" (Sif Muna gifted it to you on
                  | level 19 of a ziggurat)
 56025 | Zig:19   | Killed a royal mummy
 56025 | Zig:19   | Killed a royal mummy
 56027 | Zig:19   | Identified the "Ivuaf" (Sif Muna gifted it to you on level
                  | 19 of a ziggurat)
 56027 | Zig:19   | Identified the of Micsuts (Sif Muna gifted it to you on
                  | level 19 of a ziggurat)
 56027 | Zig:19   | Identified the of Dakh (Sif Muna gifted it to you on level
                  | 19 of a ziggurat)
 56027 | Zig:19   | Identified the of Xesim (Sif Muna gifted it to you on
                  | level 19 of a ziggurat)
 56027 | Zig:19   | Identified the "Fuz Veam" (Sif Muna gifted it to you on
                  | level 19 of a ziggurat)
 56027 | Zig:19   | Identified the "Caclamusk" (Sif Muna gifted it to you on
                  | level 19 of a ziggurat)
 56027 | Zig:19   | Identified the "Hunois" (Sif Muna gifted it to you on
                  | level 19 of a ziggurat)
 56027 | Zig:19   | Identified the "Yrouneif" (Sif Muna gifted it to you on
                  | level 19 of a ziggurat)
 56027 | Zig:19   | Identified the "Roffimn" (Sif Muna gifted it to you on
                  | level 19 of a ziggurat)
 56027 | Zig:19   | Identified the "Lyli" (Sif Muna gifted it to you on level
                  | 19 of a ziggurat)
 56027 | Zig:19   | Identified the "Wicex" (Sif Muna gifted it to you on level
                  | 19 of a ziggurat)
 56027 | Zig:19   | Identified the "Hausk" (Sif Muna gifted it to you on level
                  | 19 of a ziggurat)
 56027 | Zig:19   | Identified the "Harud" (Sif Muna gifted it to you on level
                  | 19 of a ziggurat)
 56027 | Zig:19   | Identified the "Jelugrog" (Sif Muna gifted it to you on
                  | level 19 of a ziggurat)
 56027 | Zig:19   | Identified the "Montonn" (Sif Muna gifted it to you on
                  | level 19 of a ziggurat)
 56027 | Zig:19   | Identified the "Cymalud" (Sif Muna gifted it to you on
                  | level 19 of a ziggurat)
 56027 | Zig:19   | Identified the "Qusenagu" (Sif Muna gifted it to you on
                  | level 19 of a ziggurat)
 56027 | Zig:19   | Identified the of Nephyan (Sif Muna gifted it to you on
                  | level 19 of a ziggurat)
 56027 | Zig:19   | Identified the "Rila" (Sif Muna gifted it to you on level
                  | 19 of a ziggurat)
 56027 | Zig:19   | Identified the "Gothrida" (Sif Muna gifted it to you on
                  | level 19 of a ziggurat)
 56027 | Zig:19   | Identified the "Xoyrphur" (Sif Muna gifted it to you on
                  | level 19 of a ziggurat)
 56027 | Zig:19   | Identified the "Inexost" (Sif Muna gifted it to you on
                  | level 19 of a ziggurat)
 56027 | Zig:19   | Identified the of Fommeff (Sif Muna gifted it to you on
                  | level 19 of a ziggurat)
 56027 | Zig:19   | Identified the "Vitowet" (Sif Muna gifted it to you on
                  | level 19 of a ziggurat)
 56027 | Zig:19   | Identified the "Eviahien" (Sif Muna gifted it to you on
                  | level 19 of a ziggurat)
 56027 | Zig:19   | Identified the of Govap (Sif Muna gifted it to you on
                  | level 19 of a ziggurat)
 56027 | Zig:19   | Identified the "Denithrai" (Sif Muna gifted it to you on
                  | level 19 of a ziggurat)
 56027 | Zig:19   | Identified the "Teggeceen" (Sif Muna gifted it to you on
                  | level 19 of a ziggurat)
 56027 | Zig:19   | Identified the "Piricka" (Sif Muna gifted it to you on
                  | level 19 of a ziggurat)
 56027 | Zig:19   | Identified the "Colatul" (Sif Muna gifted it to you on
                  | level 19 of a ziggurat)
 56027 | Zig:19   | Identified the "Ycsiasy" (Sif Muna gifted it to you on
                  | level 19 of a ziggurat)
 56027 | Zig:19   | Identified the "Ygob" (Sif Muna gifted it to you on level
                  | 19 of a ziggurat)
 56027 | Zig:19   | Identified the of Ceobep (Sif Muna gifted it to you on
                  | level 19 of a ziggurat)
 56027 | Zig:19   | Identified the "Duemekka" (Sif Muna gifted it to you on
                  | level 19 of a ziggurat)
 56027 | Zig:19   | Identified the "Lilithrec" (Sif Muna gifted it to you on
                  | level 19 of a ziggurat)
 56027 | Zig:19   | Identified the of Miulleire (Sif Muna gifted it to you on
                  | level 19 of a ziggurat)
 56027 | Zig:19   | Identified the "Xoajut" (Sif Muna gifted it to you on
                  | level 19 of a ziggurat)
 56027 | Zig:19   | Identified the of Wiaps (Sif Muna gifted it to you on
                  | level 19 of a ziggurat)
 56027 | Zig:19   | Identified the of Zokaagaa (Sif Muna gifted it to you on
                  | level 19 of a ziggurat)
 56027 | Zig:19   | Identified the "Ceqoxzox" (Sif Muna gifted it to you on
                  | level 19 of a ziggurat)
 56027 | Zig:19   | Identified the of Jinireot (Sif Muna gifted it to you on
                  | level 19 of a ziggurat)
 56027 | Zig:19   | Identified the "Vaxzy" (Sif Muna gifted it to you on level
                  | 19 of a ziggurat)
 56027 | Zig:19   | Identified the "Aggodgh" (Sif Muna gifted it to you on
                  | level 19 of a ziggurat)
 56027 | Zig:19   | Identified the "Jany" (Sif Muna gifted it to you on level
                  | 19 of a ziggurat)
 56027 | Zig:19   | Identified the of Loudax (Sif Muna gifted it to you on
                  | level 19 of a ziggurat)
 56027 | Zig:19   | Identified the "Suim" (Sif Muna gifted it to you on level
                  | 19 of a ziggurat)
 56027 | Zig:19   | Identified the "Ipirph" (Sif Muna gifted it to you on
                  | level 19 of a ziggurat)
 56027 | Zig:19   | Identified the "Luwatta" (Sif Muna gifted it to you on
                  | level 19 of a ziggurat)
 56027 | Zig:19   | Identified the "Fuamuj" (Sif Muna gifted it to you on
                  | level 19 of a ziggurat)
 56027 | Zig:19   | Identified the of Didaetir (Sif Muna gifted it to you on
                  | level 19 of a ziggurat)
 56027 | Zig:19   | Identified the "Afuimiurch" (Sif Muna gifted it to you on
                  | level 19 of a ziggurat)
 56027 | Zig:19   | Identified the of Doahyb (Sif Muna gifted it to you on
                  | level 19 of a ziggurat)
 56027 | Zig:19   | Identified the "Xumadoom" (Sif Muna gifted it to you on
                  | level 19 of a ziggurat)
 56027 | Zig:19   | Identified the "Umilimne" (Sif Muna gifted it to you on
                  | level 19 of a ziggurat)
 56027 | Zig:19   | Identified the of Izegogge (Sif Muna gifted it to you on
                  | level 19 of a ziggurat)
 56027 | Zig:19   | Identified the "Xohiajo" (Sif Muna gifted it to you on
                  | level 19 of a ziggurat)
 56027 | Zig:19   | Identified the of Puffydar (Sif Muna gifted it to you on
                  | level 19 of a ziggurat)
 56027 | Zig:19   | Identified the "Wyaf Kuz" (Sif Muna gifted it to you on
                  | level 19 of a ziggurat)
 56027 | Zig:19   | Identified the "Qemoerph" (Sif Muna gifted it to you on
                  | level 19 of a ziggurat)
 56027 | Zig:19   | Identified the of Cioniefrie (Sif Muna gifted it to you on
                  | level 19 of a ziggurat)
 56027 | Zig:19   | Identified the "Newemm" (Sif Muna gifted it to you on
                  | level 19 of a ziggurat)
 56027 | Zig:19   | Identified the "Tuxay" (Sif Muna gifted it to you on level
                  | 19 of a ziggurat)
 56027 | Zig:19   | Identified the "Imunajo" (Sif Muna gifted it to you on
                  | level 19 of a ziggurat)
 56027 | Zig:19   | Identified the of Ajiqed (Sif Muna gifted it to you on
                  | level 19 of a ziggurat)
 56027 | Zig:19   | Identified the "Umna" (Sif Muna gifted it to you on level
                  | 19 of a ziggurat)
 56027 | Zig:19   | Identified the "Otaytu" (Sif Muna gifted it to you on
                  | level 19 of a ziggurat)
 56027 | Zig:19   | Identified the "Cur Kyrr" (Sif Muna gifted it to you on
                  | level 19 of a ziggurat)
 56027 | Zig:19   | Identified the of Fycoih (Sif Muna gifted it to you on
                  | level 19 of a ziggurat)
 56027 | Zig:19   | Identified the "Usurud" (Sif Muna gifted it to you on
                  | level 19 of a ziggurat)
 56027 | Zig:19   | Identified the "Hemoem" (Sif Muna gifted it to you on
                  | level 19 of a ziggurat)
 56027 | Zig:19   | Identified the "Fayrrola" (Sif Muna gifted it to you on
                  | level 19 of a ziggurat)
 56027 | Zig:19   | Identified the of Keido (Sif Muna gifted it to you on
                  | level 19 of a ziggurat)
 56027 | Zig:19   | Identified the "Mikis" (Sif Muna gifted it to you on level
                  | 19 of a ziggurat)
 56027 | Zig:19   | Identified the of Idetuug (Sif Muna gifted it to you on
                  | level 19 of a ziggurat)
 56027 | Zig:19   | Identified the "Kohyreo" (Sif Muna gifted it to you on
                  | level 19 of a ziggurat)
 56027 | Zig:19   | Identified the of Iluakh (Sif Muna gifted it to you on
                  | level 19 of a ziggurat)
 56027 | Zig:19   | Identified the "Ygu Soos" (Sif Muna gifted it to you on
                  | level 19 of a ziggurat)
 56027 | Zig:19   | Identified the of Nolud (Sif Muna gifted it to you on
                  | level 19 of a ziggurat)
 56027 | Zig:19   | Identified the of Sunkios (Sif Muna gifted it to you on
                  | level 19 of a ziggurat)
 56027 | Zig:19   | Identified the "Kohokez" (Sif Muna gifted it to you on
                  | level 19 of a ziggurat)
 56027 | Zig:19   | Identified the "Etifi" (Sif Muna gifted it to you on level
                  | 19 of a ziggurat)
 56027 | Zig:19   | Identified the "Ysetoel" (Sif Muna gifted it to you on
                  | level 19 of a ziggurat)
 56027 | Zig:19   | Identified the "Plog" (Sif Muna gifted it to you on level
                  | 19 of a ziggurat)
 56027 | Zig:19   | Identified the "Kyefymef" (Sif Muna gifted it to you on
                  | level 19 of a ziggurat)
 56027 | Zig:19   | Identified the of Papsan (Sif Muna gifted it to you on
                  | level 19 of a ziggurat)
 56027 | Zig:19   | Identified the "Jusel" (Sif Muna gifted it to you on level
                  | 19 of a ziggurat)
 56027 | Zig:19   | Identified the "Detsoco" (Sif Muna gifted it to you on
                  | level 19 of a ziggurat)
 56027 | Zig:19   | Identified the of Fedorghet (Sif Muna gifted it to you on
                  | level 19 of a ziggurat)
 56027 | Zig:19   | Identified the "Cauling" (Sif Muna gifted it to you on
                  | level 19 of a ziggurat)
 56027 | Zig:19   | Identified the "Reotraku" (Sif Muna gifted it to you on
                  | level 19 of a ziggurat)
 56027 | Zig:19   | Identified the "Peteryuk" (Sif Muna gifted it to you on
                  | level 19 of a ziggurat)
 56027 | Zig:19   | Identified the "Wiskis" (Sif Muna gifted it to you on
                  | level 19 of a ziggurat)
 56027 | Zig:19   | Identified the of Ewkeacyk (Sif Muna gifted it to you on
                  | level 19 of a ziggurat)
 56027 | Zig:19   | Identified the "Jibbautz" (Sif Muna gifted it to you on
                  | level 19 of a ziggurat)
 56027 | Zig:19   | Identified the "Qoosoff" (Sif Muna gifted it to you on
                  | level 19 of a ziggurat)
 56027 | Zig:19   | Identified the "Wodah" (Sif Muna gifted it to you on level
                  | 19 of a ziggurat)
 56027 | Zig:19   | Identified the of Xaokki (Sif Muna gifted it to you on
                  | level 19 of a ziggurat)
 56027 | Zig:19   | Identified the "Anuthico" (Sif Muna gifted it to you on
                  | level 19 of a ziggurat)
 56027 | Zig:19   | Identified the of Bostu (Sif Muna gifted it to you on
                  | level 19 of a ziggurat)
 56027 | Zig:19   | Identified the of Faid (Sif Muna gifted it to you on level
                  | 19 of a ziggurat)
 56027 | Zig:19   | Identified the "Iclummum" (Sif Muna gifted it to you on
                  | level 19 of a ziggurat)
 56027 | Zig:19   | Identified the "Cawem" (Sif Muna gifted it to you on level
                  | 19 of a ziggurat)
 56027 | Zig:19   | Identified the "Waqaivys" (Sif Muna gifted it to you on
                  | level 19 of a ziggurat)
 56027 | Zig:19   | Identified the of Waexuv (Sif Muna gifted it to you on
                  | level 19 of a ziggurat)
 56027 | Zig:19   | Identified the of Qiar (Sif Muna gifted it to you on level
                  | 19 of a ziggurat)
 56027 | Zig:19   | Identified the of Keuceila (Sif Muna gifted it to you on
                  | level 19 of a ziggurat)
 56027 | Zig:19   | Identified the of Buestroa (Sif Muna gifted it to you on
                  | level 19 of a ziggurat)
 56027 | Zig:19   | Identified the "Usojisa" (Sif Muna gifted it to you on
                  | level 19 of a ziggurat)
 56027 | Zig:19   | Identified the of Pojus (Sif Muna gifted it to you on
                  | level 19 of a ziggurat)
 56027 | Zig:19   | Identified the "Qidose" (Sif Muna gifted it to you on
                  | level 19 of a ziggurat)
 56027 | Zig:19   | Identified the "Laxoac" (Sif Muna gifted it to you on
                  | level 19 of a ziggurat)
 56027 | Zig:19   | Identified the "Jil Piby" (Sif Muna gifted it to you on
                  | level 19 of a ziggurat)
 56027 | Zig:19   | Identified the of Suntil (Sif Muna gifted it to you on
                  | level 19 of a ziggurat)
 56027 | Zig:19   | Identified the of Talado (Sif Muna gifted it to you on
                  | level 19 of a ziggurat)
 56027 | Zig:19   | Identified the "Usiom" (Sif Muna gifted it to you on level
                  | 19 of a ziggurat)
 56027 | Zig:19   | Identified the "Aroxt" (Sif Muna gifted it to you on level
                  | 19 of a ziggurat)
 56027 | Zig:19   | Identified the "Apikh" (Sif Muna gifted it to you on level
                  | 19 of a ziggurat)
 56027 | Zig:19   | Identified the "Zyor" (Sif Muna gifted it to you on level
                  | 19 of a ziggurat)
 56027 | Zig:19   | Identified the "Leesm" (Sif Muna gifted it to you on level
                  | 19 of a ziggurat)
 56027 | Zig:19   | Identified the of Okedgh (Sif Muna gifted it to you on
                  | level 19 of a ziggurat)
 56028 | Zig:19   | Killed a royal mummy
 56028 | Zig:19   | Killed a royal mummy
 56034 | Zig:19   | HP: 4/138 [arc of chain lightning (11)]
 56034 | Zig:19   | Killed by a guardian mummy's death curse

Illustrated notes

Levels and vault maps discovered:
D:1:      psy_arrival_basics, layout_basic, serial_shops,
          nicolae_shop_rolling_square
D:2:      layout_loops_ring
D:3:      layout_rooms, nicolae_ru_the_path_less_chosen, zin_academy,
          xom_teletrap_fun, serial_curves, eino_curves_04, eino_curves_02,
          serial_shops, nicolae_shop_tiny_glass
D:4:      layout_basic, kennysheep_mini_moat,
          mainiacjoe_overflow_surrounded_room, hex_intersection
D:5:      layout_gridville, lemuel_crystal_altar, kennysheep_doodads, uniq_pikel
D:6:      layout_gridville, temple_statues, uniq_sigmund
D:7:      layout_loops_corners, lemuel_mausoleum_altar_yredelemnul,
          nicolae_kite_square_tiling_tiny, uniq_joseph, uniq_crazy_yiuf_cottage
D:8:      layout_loops_corners, gammafunk_ghost_arena, minmay_misc_feat_plants,
          kennysheep_generic_room_11
D:9:      layout_small_grid, nemelex_xobeh_ov_fountains_minmay, serial_shops,
          nicolae_take_the_stairs, minmay_sticks_and_stones
D:10:     layout_gridville, old_standard_altar, mainiacjoe_overflow_24_doors,
          nicolae_overflow_hidden_temple, dk_vineyard_3,
          chequers_serial_rivers_micro_d
D:11:     layout_loops_cross, due_lair_maze_entry_diamond, uniq_sonja
D:12:     layout_cross, gammafunk_ghost_spectres, minmay_bent, uniq_kirke
D:13:     layout_irregular_city, hellmonk_vaults_order_and_chaos
D:14:     minmay_the_grid_triangle_9x9_recursive_3
          [minmay_the_grid_triangle_9x9_corrupted_corridor,
          minmay_the_grid_triangle_9x9_shrine,
          minmay_the_grid_triangle_9x9_tough_junction,
          minmay_the_grid_triangle_9x9_prize_top_heavy,
          minmay_the_grid_triangle_9x9_semitri,
          minmay_the_grid_triangle_9x9_negative_grid,
          minmay_the_grid_triangle_9x9_from_above,
          minmay_the_grid_triangle_9x9_pentomino_pain,
          minmay_the_grid_triangle_9x9_subtriangle], layout_loops_ring,
          serial_shops, nicolae_shop_tiny_waterfront
D:15:     grunt_enter_depths_snipers, layout_rooms, trog_three_pillars_becter,
          nicolae_qazlal_eye_of_the_storm
Temple:   chequers_temple_sunken
Lair:1:   layout_big_grid, infiniplex_staircase_pool, grunt_megastairs_4,
          uniq_grum
Lair:2:   regret_index_combs_of_tragedy, layout_regular_city, swamp_mist_pool,
          serial_bayou_shore_a
Lair:3:   layout_layer_cave, nicolae_spider_entry_lesser_pyramids,
          serial_bayou_shore_b, infiniplex_staircase_pool_2,
          lemuel_fruit_fields, grunt_megastairs_3
Lair:4:   layout_cellular_growth, kennysheep_abandoned_house
Lair:5:   wormcave, layout_small_grid, minmay_slime_entry_pillars,
          grunt_megastairs_5
Swamp:1:  cheibrodos_swamp_monstrosity, layout_falls_marsh,
          evilmike_swamp_ruin_house_2, swamp_pool1, uniq_mlioglotl
Swamp:2:  layout_basic_swamp, evilmike_swamp_ruin_rubble_1
Swamp:3:  layout_falls_marsh, serial_swamp_ruin, hangedman_swamp_ruin_hall,
          evilmike_swamp_ruin_house_3
Swamp:4:  byrel_swamp_growth_death_and_undeath, layout_basic_swamp
Spider:1: layout_spider_delve, hangedman_spider_tarantella_strand, uniq_frances
Spider:2: layout_chambers
Spider:3: layout_spider_delve, nicolae_spider_orb_run
Spider:4: hellmonk_spider_rune_endless_swarm, nicolae_spider_bzzzt
Slime:1:  layout_caves
Slime:2:  cheibrodos_slime_lost_civilization_3, layout_caves,
          nicolae_slime_crime_time
Slime:3:  layout_caves
Slime:4:  layout_caves, nicolae_slime_round_cave
Slime:5:  slime_pit_nicolae_inversion
Orc:1:    layout_diamond_mine, uniq_harold, uniq_jorgrun, uniq_urug
Orc:2:    st_orc_mages, layout_caves, serial_shops, shop, abandoned_shop,
          uniq_donald
Elf:1:    minmay_elf_arrival_summoners, layout_geoelf_grid, serial_shops,
          shop_statue, nicolae_shop_window_shopping, evilmike_minifort
Elf:2:    elven_hall_of_blades_hangedman_alternative
          [nicolae_blade_entry_crossed_weapons], layout_geoelf_diagonals,
          basic_altar, minmay_shoptagon
Elf:3:    grunt_elf_hall_branching, layout_loops_ring, serial_shops,
          nicolae_shop_hallway_plus, portal_ice_cave_entry_ice_simulacra
Vaults:1: vaults_room_pool, vaults_dpeg_diagonal, vaults_room_fancy_cross,
          v_rooms_2, ontoclasm_vaults_decontamination, vaults_standard_mumra_x,
          nicolae_vaults_tetromino_Z_2, nicolae_vaults_what_the_h,
          nicolae_vaults_diamond_2, nicolae_vaults_surprise_closet,
          nicolae_vaults_storage_closets_2, vaults_room_pool,
          ontoclasm_vaults_shout, layout_vaults_quadrants, serial_shops,
          bzr_entry_safe, shop, nicolae_diamond_shop,
          nicolae_shop_just_a_little_nook, nicolae_shop_rolled_up, enter_trove_5
Vaults:2: lightli_enter_wizlab_magi_temple, vaults_dpeg_emergency_exit,
          ontoclasm_vaults_fault, hangedman_vaults_variations,
          nicolae_vaults_six-pack, ontoclasm_vaults_misaligned,
          minmay_crypt_entry_simple_walls, nicolae_vaults_closet_pinwheel_1,
          ontoclasm_vaults_spin, hangedman_vaults_nails,
          vaults_room_stairs_pillars, v_misc_3, layout_vaults_omnicross
Vaults:3: nicolae_vaults_little_squares_1, dpeg_vaults_hating_casters,
          nicolae_vaults_storage_closets_1, v_misc_2, nicolae_vaults_alarming,
          ontoclasm_vaults_ligature, nicolae_vaults_windows_and_doors_thing,
          ontoclasm_vaults_bender, nicolae_vaults_oval_intersection,
          nicolae_vaults_six-pack, layout_vaults_ring, serial_shops,
          nicolae_shop_peninsula, uniq_frederick
Vaults:4: nicolae_vaults_library_corner, ontoclasm_vaults_pinch,
          nicolae_vaults_network_periphery, v_misc_3, v_misc_1,
          nicolae_vaults_apartment_2, v_misc_19, nicolae_vaults_circle_grid_a,
          nicolae_vaults_closet_pinwheel_3, v_misc_15,
          nicolae_vaults_yaktaur_gun_rack, vaults_room_fours,
          layout_vaults_maze, serial_shops, shop, shop, shop,
          nicolae_lakefront_shop
Vaults:5: uniq_mara
Depths:1: layout_gridlike, hellmouth_1, nicolae_abyss_entry_one_way_or_another,
          moated_statue, ice2_lemuel, uniq_aizul
Depths:2: little_maze_vault, layout_cave_shapes, serial_shops, shop,
          minmay_crystal_water, rand_demon_pan_entry_4, hell_entry,
          minivault_14, minmay_shop_grove, minmay_staircase_statues
Depths:3: minmay_four_inscribed_fans, layout_gridlike, abyss_entry,
          grunt_pan_entry_in_and_out, hell_entry, moated_statue, uniq_boris,
          uniq_sojobo
Depths:4: grunt_zot_entry_hairpin, layout_gridlike, enter_ziggurat_e,
          hell_entry, rand_demon_pan_entry_7, nicolae_figureground_sparkle
Zig:19

Skill      XL: |  1  2  3  4  5  6  7  8  9 10 11 12 13 14 15 16 17 18 19 20 21 22 23 24 25 26 27 |
---------------+----------------------------------------------------------------------------------+-----
Spellcasting   | 4 5 10 11 14 16 17 22 | 22.2
Conjurations   | 5 6 7 8 10 11 13 14 15 19 20 22 | 22.7
Hexes          | 2 3 5 6 9 10 11 | 11.4
Translocations | 1 3 4 7 |  7.5
Fighting       | 3 4 5 |  5.0
Evocations     | 4 5 8 9 |  9.0
Fire Magic     | 3 7 10 15 16 17 19 20 22 | 22.7
Invocations    | 6 13 | 13.5
Dodging        | 6 13 | 13.0
Air Magic      | 2 11 17 21 | 21.0
Necromancy     | 8 10 19 22 | 22.0
Earth Magic    | 10 13 20 | 20.8
Stealth        | |  2.4

Action                     |  1- 3 |  4- 6 |  7- 9 | 10-12 | 13-15 | 16-18 | 19-21 | 22-24 | 25-27 || total
---------------------------+-------+-------+-------+-------+-------+-------+-------+-------+-------++-------
  Melee: Unarmed           |       |       |    17 |       |       |       |       |       |       ||    17
  Throw: Dart              |       |       |       |     1 |     8 |       |       |       |       ||     9
   Cast: Magic Dart        |    70 |    93 |    23 |     5 |   152 |     5 |       |       |       ||   348
         Searing Ray       |     1 |    11 |     8 |    19 |     5 |       |       |       |       ||    44
         Fulminant Prism   |       |     2 |    35 |   168 |   173 |    67 |    10 |       |       ||   455
         Iskenderun's Myst |       |       |     3 |    24 |    67 |    28 |    25 |    11 |       ||   158
         Iskenderun's Batt |       |       |       |       |    40 |       |     1 |       |       ||    41
         Fireball          |       |       |       |       |   151 |   333 |   124 |    27 |       ||   635
         Orb of Destructio |       |       |       |       |    21 |    96 |    45 |    21 |    10 ||   193
         Ignition          |       |       |       |       |     6 |     8 |    15 |     6 |    11 ||    46
         Irradiate         |       |       |       |       |     2 |     2 |     1 |     1 |       ||     6
         Blink             |       |       |       |       |     1 |     1 |     1 |       |     1 ||     4
         Yara's Violent Un |       |       |       |       |       |     6 |       |       |       ||     6
         Fire Storm        |       |       |       |       |       |     2 |   208 |   261 |    47 ||   518
         Sublimation of Bl |       |       |       |       |       |       |     5 |    86 |    41 ||   132
         Apportation       |       |       |       |       |       |       |       |    30 |       ||    30
         Chain Lightning   |       |       |       |       |       |       |       |    28 |    28 ||    56
         Death's Door      |       |       |       |       |       |       |       |       |    10 ||    10
         Shatter           |       |       |       |       |       |       |       |       |     8 ||     8
         Passage of Golubr |       |       |       |       |       |       |       |       |    12 ||    12
 Invoke: Channel Magic     |       |       |       |       |       |     6 |     5 |     3 |     3 ||    17
         Divine Exegesis   |       |       |       |       |       |       |       |       |     2 ||     2
  Evoke: Wand              |       |       |     7 |    39 |    53 |    16 |    40 |     3 |       ||   158
         Lightning rod     |       |       |       |       |       |       |       |     1 |     2 ||     3
    Use: Scroll            |       |     1 |    11 |     2 |    17 |     7 |     3 |     3 |     8 ||    52
         Potion            |       |       |     2 |       |     5 |       |    11 |     7 |     2 ||    27
 Armour: Robe              |     1 |    10 |    12 |    34 |    42 |    30 |    26 |    44 |    53 ||   252
         Skin              |       |       |     7 |       |     4 |       |       |       |       ||    11
  Dodge: Dodged            |       |     4 |    23 |    26 |    48 |    19 |    14 |     7 |    14 ||   155
         Repelled          |       |       |     2 |       |     4 |     3 |       |       |       ||     9

Table legend: (Time is in decaauts)
 A = Elapsed time spent in this place.
 B = Non-inter-level travel time spent in this place.
 C = Inter-level travel time spent in this place.
 D = Time resting spent in this place.
 E = Time spent auto-exploring this place.
 F = Levels seen in this place.
 G = Mean time per level.
                   A        B        C        D        E       F      G
               +--------+--------+--------+--------+--------+-----+--------+
         Total |  56352 |  46063 |  10289 |  13620 |  21284 |  70 |  805.0 |
       Dungeon |  18341 |  13953 |   4388 |   4105 |   7313 |  15 | 1222.7 |
        Temple |     30 |     28 |      2 |      0 |      0 |   1 |   30.0 |
          Lair |   8063 |   5848 |   2215 |   2153 |   2299 |   5 | 1612.6 |
         Swamp |   2924 |   2628 |    296 |    518 |   1522 |   4 |  731.0 |
   Spider Nest |   4010 |   3761 |    249 |    748 |   2328 |   4 | 1002.5 |
    Slime Pits |   2143 |   1038 |   1105 |    376 |      0 |   5 |  428.6 |
  Orcish Mines |   2442 |   2190 |    252 |   1152 |    665 |   2 | 1221.0 |
   Elven Halls |   5816 |   4684 |   1132 |   2365 |   1076 |   3 | 1938.7 |
        Vaults |   6162 |   5598 |    564 |    626 |   3760 |   5 | 1232.4 |
        Depths |   3924 |   3843 |     81 |    568 |   2229 |   4 |  981.0 |
      Ziggurat |   1094 |   1094 |      0 |    357 |      4 |  19 |   57.6 |
        Bazaar |    104 |    104 |      0 |      0 |     54 |   1 |  104.0 |
      Ice Cave |    891 |    891 |      0 |    569 |     33 |   1 |  891.0 |
        Wizlab |    402 |    402 |      0 |     83 |      0 |   1 |  402.0 |
               +--------+--------+--------+--------+--------+-----+--------+

Top non-repeatable levels by time:
    D:14: 2914 daAuts
   Elf:3: 2615 daAuts
  Lair:5: 2557 daAuts
  Lair:2: 2063 daAuts
   Elf:1: 1999 daAuts
Vaults:1: 1736 daAuts
   Orc:2: 1684 daAuts
     D:7: 1643 daAuts
Depths:2: 1392 daAuts
     D:4: 1346 daAuts
Vaults:5: 1329 daAuts
  Lair:3: 1279 daAuts
Spider:4: 1253 daAuts
    D:10: 1243 daAuts
   Elf:2: 1201 daAuts
